Workbook
Name A: 'IMPORTADO DRN'!#REF!

Sheet ERO DISTRIBUCIONES SRL
A10: LISTAS DE PRECIOS
G12: NUEVO INGRESO
G13: BUJIAS DENSO
C14: TIPO DE CAMBIO | F14: 1420

Sheet PEDIDO-LISTAS COMPLETAS 
A5: CODIGO | B5: DESCRIPCION | C5: PRECIO | E5: PEDIDO DE LAS LISTAS
A6: VOLVER INDICE | B6: PRF | H6: INDICE
A7: P-00001-0 | B7: TABLERO BANDERA NARANJA NUMERO BLA | C7: =+VLOOKUP(A7,'LISTA NACIONAL'!A:B,2,0) -> 3154.201 | D7: PESOS | E7: =+VLOOKUP(A7,PRF!B:C,2,0) -> #N/A | H7: PRF
A8: P-00002-0 | B8: TABLERO BANDERA ROJA NUMERO AZUL | C8: =+VLOOKUP(A8,'LISTA NACIONAL'!A:B,2,0) -> 3154.201 | D8: PESOS | E8: =+VLOOKUP(A8,PRF!B:C,2,0) -> #N/A | H8: ACCESORIOS R-MOTOPARTES
A9: P-00003-0 | B9: TABLERO BANDERA BLANCA NUMERO AMAR | C9: =+VLOOKUP(A9,'LISTA NACIONAL'!A:B,2,0) -> 3154.201 | D9: PESOS | E9: =+VLOOKUP(A9,PRF!B:C,2,0) -> #N/A | H9: BUJIAS
A10: P-00004-0 | B10: TABLERO BANDERA BLANCA NUMERO VERD | C10: =+VLOOKUP(A10,'LISTA NACIONAL'!A:B,2,0) -> 870.59 | D10: PESOS | E10: =+VLOOKUP(A10,PRF!B:C,2,0) -> #N/A | H10: CADENAS
A11: P-00005-0 | B11: TABLERO BANDERA BLANCA NUMERO ROJ | C11: =+VLOOKUP(A11,'LISTA NACIONAL'!A:B,2,0) -> 870.59 | D11: PESOS | E11: =+VLOOKUP(A11,PRF!B:C,2,0) -> #N/A | H11: ESCAPES-DEFENSAS
A12: P-00007-0 | B12: BLISTER CINTA DECORATIVA x 4 UNID. | C12: =+VLOOKUP(A12,'LISTA NACIONAL'!A:B,2,0) -> 1852.761 | D12: PESOS | E12: =+VLOOKUP(A12,PRF!B:C,2,0) -> #N/A | H12: CURVA ESCAPE
A13: P-00008-0 | B13: BLISTER LAMINA FLAPPER PRF | C13: =+VLOOKUP(A13,'LISTA NACIONAL'!A:B,2,0) -> 7209.857 | D13: PESOS | E13: =+VLOOKUP(A13,PRF!B:C,2,0) -> 0 | H13: GOMAS-PEDALES-POSAPIES-PORTA CORONAS-MAZAS
A14: P-00009-0 | B14: BLISTER LAMINA FLAPPER PRF CARBONO | C14: =+VLOOKUP(A14,'LISTA NACIONAL'!A:B,2,0) -> 14781.088 | D14: PESOS | E14: =+VLOOKUP(A14,PRF!B:C,2,0) -> 0 | H14: BUJES
A15: P-00010-0 | B15: TABLERO LLAMA ROJA FONDO NEGRO | C15: =+VLOOKUP(A15,'LISTA NACIONAL'!A:B,2,0) -> 60081.408 | D15: PESOS | E15: =+VLOOKUP(A15,PRF!B:C,2,0) -> #N/A | H15: MANGUERAS
A16: P-00011-0 | B16: TABLERO LLAMA AZUL FONDO NEGRO | C16: =+VLOOKUP(A16,'LISTA NACIONAL'!A:B,2,0) -> 870.59 | D16: PESOS | E16: =+VLOOKUP(A16,PRF!B:C,2,0) -> #N/A | H16: CARBURACION
A17: P-00012-0 | B17: TABLERO LLAMA AZUL FONDO BLANCO | C17: =+VLOOKUP(A17,'LISTA NACIONAL'!A:B,2,0) -> 870.59 | D17: PESOS | E17: =+VLOOKUP(A17,PRF!B:C,2,0) -> #N/A | H17: JUNTA ESCAPE
A18: P-00015-0 | B18: TABLERO G.DL LLAMA | C18: =+VLOOKUP(A18,'LISTA NACIONAL'!A:B,2,0) -> 58187.52 | D18: PESOS | E18: =+VLOOKUP(A18,PRF!B:C,2,0) -> #N/A | H18: FICHAS Y CONEXIONES
... A32: P-00032-0 | B32: TACOMETRO FONDO ROJO | C32: =+VLOOKUP(A32,'LISTA NACIONAL'!A:B,2,0) -> 42745.307 | D32: PESOS | E32: =+VLOOKUP(A32,PRF!B:C,2,0) -> #N/A | H32: BOBINAS
A33: P-00033-0 | B33: TACOMETRO FONDO AZUL | C33: =+VLOOKUP(A33,'LISTA NACIONAL'!A:B,2,0) -> 42745.307 | D33: PESOS | E33: =+VLOOKUP(A33,PRF!B:C,2,0) -> #N/A
A34: P-00035-0 | B34: MINI REFLECTORES AZULES | C34: =+VLOOKUP(A34,'LISTA NACIONAL'!A:B,2,0) -> 1728.934 | D34: PESOS | E34: =+VLOOKUP(A34,PRF!B:C,2,0) -> 0
A35: P-00036-0 | B35: MINI REFLECTORES ROJO | C35: =+VLOOKUP(A35,'LISTA NACIONAL'!A:B,2,0) -> 1728.934 | D35: PESOS | E35: =+VLOOKUP(A35,PRF!B:C,2,0) -> 0
A36: P-00037-0 | B36: MINI REFLECTORES BLANCOS | C36: =+VLOOKUP(A36,'LISTA NACIONAL'!A:B,2,0) -> 1728.934 | D36: PESOS | E36: =+VLOOKUP(A36,PRF!B:C,2,0) -> 0
A37: P-00038-0 | B37: MINI REFLECTORES VERDES | C37: =+VLOOKUP(A37,'LISTA NACIONAL'!A:B,2,0) -> 1728.934 | D37: PESOS | E37: =+VLOOKUP(A37,PRF!B:C,2,0) -> 0
A38: P-00040-0 | B38: TAPA VAL. AIRE TUNING (X 7 JGOS) VARIAS | C38: =+VLOOKUP(A38,'LISTA NACIONAL'!A:B,2,0) -> 19669.913 | D38: PESOS | E38: =+VLOOKUP(A38,PRF!B:C,2,0) -> 0
A39: P-00040-1 | B39: TAPA VAL. AIRE TUNING HONDA (X 7 JGOS) | C39: =+VLOOKUP(A39,'LISTA NACIONAL'!A:B,2,0) -> 19669.913 | D39: PESOS | E39: =+VLOOKUP(A39,PRF!B:C,2,0) -> #N/A
A40: P-00040-2 | B40: TAPA VAL. AIRE TUNING YAMAHA (X 7 JGOS) | C40: =+VLOOKUP(A40,'LISTA NACIONAL'!A:B,2,0) -> 19669.913 | D40: PESOS | E40: =+VLOOKUP(A40,PRF!B:C,2,0) -> #N/A
A41: P-00041-0 | B41: JGO. TAPON AGUJERO ESPEJOS CROMADO | C41: =+VLOOKUP(A41,'LISTA NACIONAL'!A:B,2,0) -> 1309.798 | D41: PESOS | E41: =+VLOOKUP(A41,PRF!B:C,2,0) -> #N/A
A42: P-00042-0 | B42: JGO. TAPON AGUJERO ESPEJOS NEGRO | C42: =+VLOOKUP(A42,'LISTA NACIONAL'!A:B,2,0) -> 1309.798 | D42: PESOS | E42: =+VLOOKUP(A42,PRF!B:C,2,0) -> 0
A43: P-00045-0 | B43: VOLTIMETROS Y TEMPERATURA | C43: =+VLOOKUP(A43,'LISTA NACIONAL'!A:B,2,0) -> 42748.577 | D43: PESOS | E43: =+VLOOKUP(A43,PRF!B:C,2,0) -> 0
A44: P-00050-0 | B44: KIT POTENCIACION BIZ / WAVE 1/4 MILLA | C44: =+VLOOKUP(A44,'LISTA NACIONAL'!A:B,2,0) -> 84076.025 | D44: PESOS | E44: =+VLOOKUP(A44,PRF!B:C,2,0) -> 0
... A92: P-00093-0 | B92: PROTECTOR PALANCA DE CAMBIO UNIVERSAL FO | C92: =+VLOOKUP(A92,'LISTA NACIONAL'!A:B,2,0) -> 745.242 | D92: PESOS | E92: =+VLOOKUP(A92,PRF!B:C,2,0) -> 0
A93: P-00095-0 | B93: KIT POTENCIACION YAMAHA CRYPTON EXTREM | C93: =+VLOOKUP(A93,'LISTA NACIONAL'!A:B,2,0) -> 88431.106 | D93: PESOS
A94: P-00096-0 | B94: KIT POTENCIACION YAMAHA YBR 125 EXTREMO | C94: =+VLOOKUP(A94,'LISTA NACIONAL'!A:B,2,0) -> 104505.63 | D94: PESOS
A95: P-00097-0 | B95: KIT POTENCIACION HONDA CG150 EXTREMO | C95: =+VLOOKUP(A95,'LISTA NACIONAL'!A:B,2,0) -> 104505.63 | D95: PESOS | E95: =+VLOOKUP(A95,PRF!B:C,2,0) -> 0
A96: P-00098-0 | B96: KIT POTENCIACION SUZUKI 125 EXTREMO | C96: =+VLOOKUP(A96,'LISTA NACIONAL'!A:B,2,0) -> 114954.54 | D96: PESOS | E96: =+VLOOKUP(A96,PRF!B:C,2,0) -> 0
A97: P-00099-0 | B97: KIT POTENCIACION YAMAHA FZ 16 EXTREMO | C97: =+VLOOKUP(A97,'LISTA NACIONAL'!A:B,2,0) -> 133498.04 | D97: PESOS | E97: =+VLOOKUP(A97,PRF!B:C,2,0) -> 0
A98: P-00110-0 | B98: BIELAS CUCHILLAS CORTA 110 VS. | C98: =+VLOOKUP(A98,'LISTA NACIONAL'!A:B,2,0) -> 39889.943 | D98: PESOS | E98: =+VLOOKUP(A98,PRF!B:C,2,0) -> 0
A99: P-00111-0 | B99: BIELAS CUCHILLAS LARGA 110 VS. | C99: =+VLOOKUP(A99,'LISTA NACIONAL'!A:B,2,0) -> 39889.943 | D99: PESOS | E99: =+VLOOKUP(A99,PRF!B:C,2,0) -> 0
A100: P-00300-0 | B100: CARBURADOR CG 150 c/BOMBA | C100: =+VLOOKUP(A100,'LISTA NACIONAL'!A:B,2,0) -> 4344.006 | D100: PESOS | E100: =+VLOOKUP(A100,PRF!B:C,2,0) -> #N/A
A101: P-00301-0 | B101: CARBURADOR CG.150 S/BOMBA PIQUE | C101: =+VLOOKUP(A101,'LISTA NACIONAL'!A:B,2,0) -> 4344.006 | D101: PESOS | E101: =+VLOOKUP(A101,PRF!B:C,2,0) -> #N/A
A102: P-0088-0 | B102: FAROL TRASERO PRF MONSTER UNIVERSAL | C102: =+VLOOKUP(A102,'LISTA NACIONAL'!A:B,2,0) -> 18382.211 | D102: PESOS | E102: =+VLOOKUP(A102,PRF!B:C,2,0) -> #N/A
A103: P-01086-0 | B103: PORTA PATENTE UNIVERSAL P/ENDURO | C103: =+VLOOKUP(A103,'LISTA NACIONAL'!A:B,2,0) -> 8084.736 | D103: PESOS | E103: =+VLOOKUP(A103,PRF!B:C,2,0) -> #N/A
A104: P-01086-1 | B104: PORTA PATENTE P/ENDURO REBATIBLE | C104: =+VLOOKUP(A104,'LISTA NACIONAL'!A:B,2,0) -> 18121.44 | D104: PESOS | E104: =+VLOOKUP(A104,PRF!B:C,2,0) -> #N/A
A105: P-01087-0 | B105: FAROL TRASERO C/GUIÑO SIMPLE | C105: =+VLOOKUP(A105,'LISTA NACIONAL'!A:B,2,0) -> 14292.384 | D105: PESOS | E105: =+VLOOKUP(A105,PRF!B:C,2,0) -> 0
A106: P-01088-0 | B106: FAROL TRASERO UNIVERSAL C/GUIÑOS DOBLE | C106: =+VLOOKUP(A106,'LISTA NACIONAL'!A:B,2,0) -> 20159.88 | D106: PESOS | E106: =+VLOOKUP(A106,PRF!B:C,2,0) -> 0
... A108: P-R0088-1 | B108: FAROL TRASERO LED POSICION/STOP/GUIÑO BO | C108: =+VLOOKUP(A108,'LISTA NACIONAL'!A:B,2,0) -> 4779.385 | D108: PESOS | E108: =+VLOOKUP(A108,PRF!B:C,2,0) -> #N/A
C109: =+VLOOKUP(A109,'LISTA NACIONAL'!A:B,2,0) -> #N/A
B110: ACCESORIOS R-MOTOPARTES | C110: =+VLOOKUP(A110,'LISTA NACIONAL'!A:B,2,0) -> #N/A
A111: P-R0070-1 | B111: CORTE DE VUELTAS - R MOTO PARTES- | C111: =+VLOOKUP(A111,'LISTA NACIONAL'!A:B,2,0) -> #N/A | D111: PESOS | E111: =+VLOOKUP(A111,'R- MOTOPARTES'!A:B,2,0) -> #N/A
A112: P-R0074-0 | B112: FLASH PARA LUCES -R MOTO PARTES- | C112: =+VLOOKUP(A112,'LISTA NACIONAL'!A:B,2,0) -> #N/A | D112: PESOS | E112: =+VLOOKUP(A112,'R- MOTOPARTES'!A:B,2,0) -> #N/A
A113: P-R0083-0 | B113: GUIÑOS LED GOTA X JGO. R MOTO | C113: =+VLOOKUP(A113,'LISTA NACIONAL'!A:B,2,0) -> #N/A | D113: PESOS | E113: =+VLOOKUP(A113,'R- MOTOPARTES'!A:B,2,0) -> #N/A
A114: P-R0084-0 | B114: GUIÑO LED UNIVERSAL MINI NACIONAL X JGO | C114: =+VLOOKUP(A114,'LISTA NACIONAL'!A:B,2,0) -> #N/A | D114: PESOS | E114: =+VLOOKUP(A114,'R- MOTOPARTES'!A:B,2,0) -> #N/A
A115: P-R0085-0 | B115: GUIÑOS LED UNIVERSAL BLANCO XJGO. R MOTO | C115: =+VLOOKUP(A115,'LISTA NACIONAL'!A:B,2,0) -> #N/A | D115: PESOS | E115: =+VLOOKUP(A115,'R- MOTOPARTES'!A:B,2,0) -> #N/A
A116: P-R0085-1 | B116: GUIÑOS LED UNIVERSAL ROJO XJGO. R MOTO | C116: =+VLOOKUP(A116,'LISTA NACIONAL'!A:B,2,0) -> #N/A | D116: PESOS | E116: =+VLOOKUP(A116,'R- MOTOPARTES'!A:B,2,0) -> #N/A
A117: P-R0086-0 | B117: FAROL DELANTERO LED - R MOTO PARTES- | C117: =+VLOOKUP(A117,'LISTA NACIONAL'!A:B,2,0) -> #N/A | D117: PESOS | E117: =+VLOOKUP(A117,'R- MOTOPARTES'!A:B,2,0) -> #N/A
A118: P-R0088-0 | B118: FAROL TRASERO LED POSICION/STOP/GUIÑO | C118: =+VLOOKUP(A118,'LISTA NACIONAL'!A:B,2,0) -> #N/A | D118: PESOS | E118: =+VLOOKUP(A118,'R- MOTOPARTES'!A:B,2,0) -> #N/A
A119: P-R0089-0 | B119: FAROL TRASERO LED POSICION/STOP -R MOTO | C119: =+VLOOKUP(A119,'LISTA NACIONAL'!A:B,2,0) -> #N/A | D119: PESOS | E119: =+VLOOKUP(A119,'R- MOTOPARTES'!A:B,2,0) -> #N/A
C120: =+VLOOKUP(A120,'LISTA NACIONAL'!A:B,2,0) -> #N/A | E120: =+VLOOKUP(A120,'R- MOTOPARTES'!A:B,2,0) -> #N/A
A121: VOVLER INDICE | B121: BUJIAS | C121: =+VLOOKUP(A121,'LISTA NACIONAL'!A:B,2,0) -> #N/A
A122: K-D2284-E | B122: ZANELLA RX 125 - 200 / MONDIAL 50 / BMW R80 | C122: =+VLOOKUP(A122,'LISTA NACIONAL'!A:B,2,0) -> #N/A | D122: DOLAR | E122: =+VLOOKUP(A122,#REF!,2,0) -> #REF!
A123: K-D2285-E | B123: BIZ / C 90 / CH 80 / FB 100 / FD - FX 110 / G.50 - G90 / DAY / TRIP / FLASH / FU 110 | C123: =+VLOOKUP(A123,'LISTA NACIONAL'!A:B,2,0) -> #N/A | D123: DOLAR | E123: =+VLOOKUP(A123,#REF!,2,0) -> #REF!
A124: K-D2286-E | B124: Y.CRYPTON, YBR125, XTZ125/ Z.PATAGONIA 250, ZB110/ H.BIZ,WAVE/ G.SMASH/ BAJAJ ROUSER 135 | C124: =+VLOOKUP(A124,'LISTA NACIONAL'!A:B,2,0) -> #N/A | D124: DOLAR | E124: =+VLOOKUP(A124,#REF!,2,0) -> #REF!
A125: K-D2287-E | B125: CG 125 /CB 500-650 / LTF 250 / BMW K100 LT - RT -RS | C125: =+VLOOKUP(A125,'LISTA NACIONAL'!A:B,2,0) -> #N/A | D125: DOLAR | E125: =+VLOOKUP(A125,#REF!,2,0) -> #REF!
A126: K-D2288-E | B126: Z.RX150/ H.CG125, NXR125 BROS, NX400 FALCON/ S.250/ CUATRI/Y.YBR250, XTZ 250 | C126: =+VLOOKUP(A126,'LISTA NACIONAL'!A:B,2,0) -> #N/A | D126: DOLAR | E126: =+VLOOKUP(A126,#REF!,2,0) -> #REF!
A127: K-D2283-E | B127: Z.DUE, NEW FIRE, JAWA 350 | C127: =+VLOOKUP(A127,'LISTA NACIONAL'!A:B,2,0) -> #N/A | D127: DOLAR | E127: =+VLOOKUP(A127,#REF!,2,0) -> #REF!
A128: K-D2283-H | B128: CICLOMOTOR, RX135 VIEJO, RX100, AX100 | C128: =+VLOOKUP(A128,'LISTA NACIONAL'!A:B,2,0) -> #N/A | D128: DOLAR | E128: =+VLOOKUP(A128,#REF!,2,0) -> #REF!
B129: BUJIAS RESISTIVAS | C129: =+VLOOKUP(A129,'LISTA NACIONAL'!A:B,2,0) -> #N/A
A130: K-D2289-R | B130: H.CB1 125, TITAN CG150/ B.ROUSER 180-220, NS200/ Y.FZ16/ S.EN125 | C130: =+VLOOKUP(A130,'LISTA NACIONAL'!A:B,2,0) -> #N/A | D130: DOLAR | E130: =+VLOOKUP(A130,#REF!,2,0) -> #REF!
A131: K-D2290-R | B131: NINJA 600 - 750 -1000 - 1100 / GSXR 250 - 600 -1100 / YZF / R6 (98-01) / R1 (98-01) | C131: =+VLOOKUP(A131,'LISTA NACIONAL'!A:B,2,0) -> #N/A | D131: DOLAR | E131: =+VLOOKUP(A131,#REF!,2,0) -> #REF!
A132: K-D2293-R | B132: BMW F 650 GS / HARLEY DAVIDSON / KTM / DUCATI / CAM-AM 400 | C132: =+VLOOKUP(A132,'LISTA NACIONAL'!A:B,2,0) -> #N/A | D132: DOLAR | E132: =+VLOOKUP(A132,#REF!,2,0) -> #REF!
A133: K-D2271-R | B133: VIRAGO 535 / ZN 1300 / GENERADOR HONDA | C133: =+VLOOKUP(A133,'LISTA NACIONAL'!A:B,2,0) -> #N/A | D133: DOLAR | E133: =+VLOOKUP(A133,#REF!,2,0) -> #REF!
B134: BUJIAS PARA GENERADORES | C134: =+VLOOKUP(A134,'LISTA NACIONAL'!A:B,2,0) -> #N/A
A135: K-D2270-R | B135: GENERADORES HONDA | C135: =+VLOOKUP(A135,'LISTA NACIONAL'!A:B,2,0) -> #N/A | D135: DOLAR | E135: =+VLOOKUP(A135,#REF!,2,0) -> #REF!
A136: K-D2271-R | B136: VIRAGO 535 / ZN 1300 / GENERADOR HONDA | C136: =+VLOOKUP(A136,'LISTA NACIONAL'!A:B,2,0) -> #N/A | D136: DOLAR | E136: =+VLOOKUP(A136,#REF!,2,0) -> #REF!
B137: BUJIAS PARA MOTOSIERRAS | C137: =+VLOOKUP(A137,'LISTA NACIONAL'!A:B,2,0) -> #N/A
A138: K-D2272-E | B138: MOTO SIERRA | C138: =+VLOOKUP(A138,'LISTA NACIONAL'!A:B,2,0) -> #N/A | D138: DOLAR | E138: =+VLOOKUP(A138,#REF!,2,0) -> #REF!
A139: K-D2273-E | B139: MOTO SIERRA | C139: =+VLOOKUP(A139,'LISTA NACIONAL'!A:B,2,0) -> #N/A | D139: DOLAR | E139: =+VLOOKUP(A139,#REF!,2,0) -> #REF!
A140: VOLVER INDICE | B140: CADENAS
A141: T-23515-C | B141: CORONA Y PIÑON TRIP DRN T3 Z15 PASO 420 | C141: =+VLOOKUP(A141,'LISTA IMPORTADO'!A:B,2,0) -> 7.13 | D141: DOLAR | E141: =+VLOOKUP(A141,CADENAS!A:G,2,0) -> #N/A
A142: T-23515-P | B142: CORONA Y PIÑON TRIP DRN T35 Z15 PASO 420 | C142: =+VLOOKUP(A142,'LISTA IMPORTADO'!A:B,2,0) -> #N/A | D142: DOLAR | E142: =+VLOOKUP(A142,CADENAS!A:G,2,0) -> #N/A
A143: T-23714-C | B143: CORONA Y PIÑON HONDA NEW WAVE PASO 420 | C143: =+VLOOKUP(A143,'LISTA IMPORTADO'!A:B,2,0) -> 6.5 | D143: DOLAR | E143: =+VLOOKUP(A143,CADENAS!A:G,2,0) -> #N/A
A144: T-73515-C | B144: CORONA Y PIÑON SMASH / WAVE DRN Z35 T15 | C144: =+VLOOKUP(A144,'LISTA IMPORTADO'!A:B,2,0) -> 6.379 | D144: DOLAR | E144: =+VLOOKUP(A144,CADENAS!A:G,2,0) -> #N/A
A145: T-73614-C | B145: CORONA Y PIÑON SMASH / WAVE DRN Z36-T14 | C145: =+VLOOKUP(A145,'LISTA IMPORTADO'!A:B,2,0) -> 4.8 | D145: DOLAR | E145: =+VLOOKUP(A145,CADENAS!A:G,2,0) -> #N/A
A146: T-73715-C | B146: CORONA Y PIÑON YAMAHA CRYPTON DRN | C146: =+VLOOKUP(A146,'LISTA IMPORTADO'!A:B,2,0) -> 9.566 | D146: DOLAR | E146: =+VLOOKUP(A146,CADENAS!A:G,2,0) -> #N/A
A147: T-73815-C | B147: CORONA Y PIÑON CG 125 / RX 150 Z 38 | C147: =+VLOOKUP(A147,'LISTA IMPORTADO'!A:B,2,0) -> 7.112 | D147: DOLAR | E147: =+VLOOKUP(A147,CADENAS!A:G,2,0) -> #N/A
A148: T-74314-C | B148: CORONA Y PIÑON YAMAHA YBR 125 DRN Z43 T1 | C148: =+VLOOKUP(A148,'LISTA IMPORTADO'!A:B,2,0) -> 6.97 | D148: DOLAR | E148: =+VLOOKUP(A148,CADENAS!A:G,2,0) -> #N/A
A149: T-74316-C | B149: CORONA Y PIÑON HONDA CG 150 | C149: =+VLOOKUP(A149,'LISTA IMPORTADO'!A:B,2,0) -> 7.64 | D149: DOLAR | E149: =+VLOOKUP(A149,CADENAS!A:G,2,0) -> #N/A
A150: T-74414-C | B150: CORONA Y PIÑON CG 125 FAN / TITAN | C150: =+VLOOKUP(A150,'LISTA IMPORTADO'!A:B,2,0) -> 11.552 | D150: DOLAR | E150: =+VLOOKUP(A150,CADENAS!A:G,2,0) -> #N/A
A151: T-BIZ01-C | B151: CORONA Y PIÑON HONDA BIZ DRN Z35 T15 | C151: =+VLOOKUP(A151,'LISTA IMPORTADO'!A:B,2,0) -> 8.551 | E151: =+VLOOKUP(A151,CADENAS!A:G,2,0) -> #N/A
A152: T-BIZ02-C | B152: CORONA Y PIÑON HONDA BIZ 125 DRN | C152: =+VLOOKUP(A152,'LISTA IMPORTADO'!A:B,2,0) -> 8.386 | E152: =+VLOOKUP(A152,CADENAS!A:G,2,0) -> #N/A
A153: T-C0001-0 | B153: CADENA TEC 415 H 1/2x3/16 102 | C153: =+VLOOKUP(A153,'LISTA IMPORTADO'!A:B,2,0) -> 6.61 | E153: =+VLOOKUP(A153,CADENAS!A:G,2,0) -> #N/A
A154: T-C0002-0 | B154: CADENA TEC 420 1/2x1/4 112 | C154: =+VLOOKUP(A154,'LISTA IMPORTADO'!A:B,2,0) -> 8.325 | E154: =+VLOOKUP(A154,CADENAS!A:G,2,0) -> #N/A
A155: T-C0002-C | B155: CADENA TRANSMISION 420 x 112L "ELC" | C155: =+VLOOKUP(A155,'LISTA IMPORTADO'!A:B,2,0) -> 5.013 | E155: =+VLOOKUP(A155,CADENAS!A:G,2,0) -> 0
A156: T-C0005-0 | B156: CADENA TEC 428 1/2x5/16 108 | C156: =+VLOOKUP(A156,'LISTA IMPORTADO'!A:B,2,0) -> 6.725 | E156: =+VLOOKUP(A156,CADENAS!A:G,2,0) -> #N/A
A157: T-C0005-C | B157: CADENA TRANSMISION 428 x 110L "ELC" | C157: =+VLOOKUP(A157,'LISTA IMPORTADO'!A:B,2,0) -> 4.29 | E157: =+VLOOKUP(A157,CADENAS!A:G,2,0) -> 0
A158: T-C0006-1 | B158: CADENA TEC 428H 1/2x5/16x110 | C158: =+VLOOKUP(A158,'LISTA IMPORTADO'!A:B,2,0) -> 8.926 | E158: =+VLOOKUP(A158,CADENAS!A:G,2,0) -> #N/A
A159: T-C0007-0 | B159: CADENA TRANSMISION 428 x 118L "TEC" | C159: =+VLOOKUP(A159,'LISTA IMPORTADO'!A:B,2,0) -> 5.346 | E159: =+VLOOKUP(A159,CADENAS!A:G,2,0) -> 0
A160: T-C0007-C | B160: CADENA TRANSMISION 428 x 118L "ELC" | C160: =+VLOOKUP(A160,'LISTA IMPORTADO'!A:B,2,0) -> 5.346 | E160: =+VLOOKUP(A160,CADENAS!A:G,2,0) -> 0
A161: T-C0009-0 | B161: CADENA TRANSMISION 428 x 130L "TEC" | C161: =+VLOOKUP(A161,'LISTA IMPORTADO'!A:B,2,0) -> 5.859 | E161: =+VLOOKUP(A161,CADENAS!A:G,2,0) -> 0
A162: T-C0011-0 | B162: CADENA TEC 428 1/2 x 5/16 136 | C162: =+VLOOKUP(A162,'LISTA IMPORTADO'!A:B,2,0) -> 11.054 | E162: =+VLOOKUP(A162,CADENAS!A:G,2,0) -> #N/A
... A182: T-SK001-C | B182: CORONA Y PIÑON SKUA 150 DRN Z46 T17 | C182: =+VLOOKUP(A182,'LISTA IMPORTADO'!A:B,2,0) -> 10.221 | E182: =+VLOOKUP(A182,CADENAS!A:G,2,0) -> #N/A
A183: T-00135-0 | B183: CORONA Z 35 CICLO | C183: =+VLOOKUP(A183,'LISTA NACIONAL'!A:B,2,0) -> #N/A | E183: =+VLOOKUP(A183,CADENAS!A:G,2,0) -> #N/A
A184: T-00236-0 | B184: CORONA Z 36 PASO 420 | C184: =+VLOOKUP(A184,'LISTA NACIONAL'!A:B,2,0) -> #N/A | E184: =+VLOOKUP(A184,CADENAS!A:G,2,0) -> #N/A
...

Sheet PRF
B5: CODIGO | C5: PEDIDO | D5: DESCRIPCION | E5: $ S/ IVA | F5: $ C/ IVA | G5: PEDIDO
A6: ADAPTADOR CARBURADOR 110 A 125 CC | B6: P-00075-0 | D6: ADAPTADOR CARBURADOR 110 A 125 cc. | E6: =+VLOOKUP(B6,'LISTA NACIONAL'!A:B,2,0) -> 19512.739 | F6: =+E6*1.21 -> 23610.414
B7: P-00075-1 | D7: ADAPTADOR P/ROTAR CODO ADMISION 110 A 125 cc. | E7: =+VLOOKUP(B7,'LISTA NACIONAL'!A:B,2,0) -> 10733.806 | F7: =+E7*1.21 -> 12987.905
B8: P-00075-E | D8: ADAPTADOR CARBURADOR 110 A 125 ECONOMICO | E8: =+VLOOKUP(B8,'LISTA NACIONAL'!A:B,2,0) -> 8643.713 | F8: =+E8*1.21 -> 10458.893
B9: P-00078-E | D9: ADAPTADOR CARBURADOR CORTINA PLANA 110 A | E9: =+VLOOKUP(B9,'LISTA NACIONAL'!A:B,2,0) -> 9325.527 | F9: =+E9*1.21 -> 11283.888
A10: BIELAS COMPETICION | B10: P-00110-0 | D10: BIELAS CUCHILLAS CORTA 110 vs | E10: =+VLOOKUP(B10,'LISTA NACIONAL'!A:B,2,0) -> 39889.943 | F10: =+E10*1.21 -> 48266.831
B11: P-00111-0 | D11: BIELAS CUCHILLAS LARGA 110 vs | E11: =+VLOOKUP(B11,'LISTA NACIONAL'!A:B,2,0) -> 39889.943 | F11: =+E11*1.21 -> 48266.831
A12: BOBINA COMPETICION | B12: P-00065-0 | D12: BOBINA COMPETICION UNIVERSAL 4 T | E12: =+VLOOKUP(B12,'LISTA NACIONAL'!A:B,2,0) -> 42486.62 | F12: =+E12*1.21 -> 51408.81
B13: P-00069-0 | D13: CABLE BUJIA COMPETICION UNIV. C/CAPUCHON DE BAQUELITA | E13: =+VLOOKUP(B13,'LISTA NACIONAL'!A:B,2,0) -> 6892.819 | F13: =+E13*1.21 -> 8340.311
A14: CARGADOR DE BATERIA INTELIGENTE | B14: P-00060-0 | D14: CARGADOR DE BATERIA INTELIGENTE | E14: =+VLOOKUP(B14,'LISTA NACIONAL'!A:B,2,0) -> 58050.309 | F14: =+E14*1.21 -> 70240.874
A15: EQUIPO LANZA LLAMAS | B15: P-00068-0 | D15: EQUIPO LANZA LLAMAS | E15: =+VLOOKUP(B15,'LISTA NACIONAL'!A:B,2,0) -> 21120.518 | F15: =+E15*1.21 -> 25555.827
A16: KIT COMPETICION | B16: P-00050-0 | D16: KIT DE POTENCIACION BIZ / WAVE 1/4 MILLA CORTO | E16: =+VLOOKUP(B16,'LISTA NACIONAL'!A:B,2,0) -> 84076.025 | F16: =+E16*1.21 -> 101731.99
B17: P-00050-1 | D17: KIT DE POTENCIACION BIZ / WAVE TOP SPEED CORTO | E17: =+VLOOKUP(B17,'LISTA NACIONAL'!A:B,2,0) -> 84076.025 | F17: =+E17*1.21 -> 101731.99
B18: P-00051-0 | D18: KIT DE POTENCIACION BIZ / WAVE TOP SPEED LARGO | E18: =+VLOOKUP(B18,'LISTA NACIONAL'!A:B,2,0) -> 84076.025 | F18: =+E18*1.21 -> 101731.99
B19: P-00052-0 | D19: KIT DE POTENCIACION SMASH CORTO 1/4 MILLA | E19: =+VLOOKUP(B19,'LISTA NACIONAL'!A:B,2,0) -> 73725.337 | F19: =+E19*1.21 -> 89207.658
B20: P-00052-1 | D20: KIT DE POTENCIACION SMASH CORTO TOP SPEED | E20: =+VLOOKUP(B20,'LISTA NACIONAL'!A:B,2,0) -> 73725.337 | F20: =+E20*1.21 -> 89207.658
B21: P-00053-0 | D21: KIT DE POTENCIACION SMASH LARGO 1/4 MILLA | E21: =+VLOOKUP(B21,'LISTA NACIONAL'!A:B,2,0) -> 73725.337 | F21: =+E21*1.21 -> 89207.658
B22: P-00053-1 | D22: KIT DE POTENCIACION SMASH LARGO TOP SPEED | E22: =+VLOOKUP(B22,'LISTA NACIONAL'!A:B,2,0) -> 73725.337 | F22: =+E22*1.21 -> 89207.658
A23: KIT POTENCIACION EXTREMO | B23: P-00055-0 | D23: KIT DE POTENCIACION BIZ / WAVE EXTREMO | E23: =+VLOOKUP(B23,'LISTA NACIONAL'!A:B,2,0) -> 72841.224 | F23: =+E23*1.21 -> 88137.881
B24: P-00056-0 | D24: KIT DE POTENCIACION SMASH CORTO EXTREMO | E24: =+VLOOKUP(B24,'LISTA NACIONAL'!A:B,2,0) -> 81092.96 | F24: =+E24*1.21 -> 98122.482
B25: P-00057-0 | D25: KIT DE POTENCIACION SMASH LARGO EXTREMO | E25: =+VLOOKUP(B25,'LISTA NACIONAL'!A:B,2,0) -> 84079.301 | F25: =+E25*1.21 -> 101735.95
B26: P-00095-0 | D26: KIT DE POTENCIACION YAMAHA CRYPTON EXTREMO | E26: =+VLOOKUP(B26,'LISTA NACIONAL'!A:B,2,0) -> 88431.106 | F26: =+E26*1.21 -> 107001.64
B27: P-00096-0 | D27: KIT DE POTENCIACION YAMAHA YBR 125 EXTREMO | E27: =+VLOOKUP(B27,'LISTA NACIONAL'!A:B,2,0) -> 104505.63 | F27: =+E27*1.21 -> 126451.81
B28: P-00058-0 | D28: KIT DE POTENCIACION HONDA CG 125 TITAN EXTREMO | E28: =+VLOOKUP(B28,'LISTA NACIONAL'!A:B,2,0) -> 109047.35 | F28: =+E28*1.21 -> 131947.3
B29: P-00059-0 | D29: KIT DE POTENCIACION HONDA CG 125 TODAY EXTREMO | E29: =+VLOOKUP(B29,'LISTA NACIONAL'!A:B,2,0) -> 88444.206 | F29: =+E29*1.21 -> 107017.49
B30: P-00097-0 | D30: KIT DE POTENCIACION HONDA CG 150 EXTREMO | E30: =+VLOOKUP(B30,'LISTA NACIONAL'!A:B,2,0) -> 104505.63 | F30: =+E30*1.21 -> 126451.81
B31: P-00098-0 | D31: KIT DE POTENCIACION SUZUKI 125 EXTREMO | E31: =+VLOOKUP(B31,'LISTA NACIONAL'!A:B,2,0) -> 114954.54 | F31: =+E31*1.21 -> 139095
B32: P-00099-0 | D32: KIT DE POTENCIACION YAMAHA FZ 16 EXTREMO | E32: =+VLOOKUP(B32,'LISTA NACIONAL'!A:B,2,0) -> 133498.04 | F32: =+E32*1.21 -> 161532.62
A33: LAMINA PARA FLAPPERS | B33: P-00008-0 | D33: LAMINA FLAPPERS Hasta 100cc.( Esp. 0,35 / Tension: 30g/cm2) x 3 unid. | E33: =+VLOOKUP(B33,'LISTA NACIONAL'!A:B,2,0) -> 7209.857 | F33: =+E33*1.21 -> 8723.927
B34: P-00009-0 | D34: LAMINA FLAPPERS CARBONO 100cc. ( Esp. 0,33 / Tension: 35g/cm2) | E34: =+VLOOKUP(B34,'LISTA NACIONAL'!A:B,2,0) -> 14781.088 | F34: =+E34*1.21 -> 17885.116
A35: LUCES VARIAS | B35: P-00025-0 | D35: BOTONES LUMINOSOS AUTOADHESIVO AZULES | E35: =+VLOOKUP(B35,'LISTA NACIONAL'!A:B,2,0) -> 1116.602 | F35: =+E35*1.21 -> 1351.0884
B36: P-00026-0 | D36: BOTONES LUMINOSOS AUTOADHESIVO ROJOS | E36: =+VLOOKUP(B36,'LISTA NACIONAL'!A:B,2,0) -> 1116.602 | F36: =+E36*1.21 -> 1351.0884
B37: P-00027-0 | D37: BOTONES LUMINOSOS AUTOADHESIVO BLANCOS | E37: =+VLOOKUP(B37,'LISTA NACIONAL'!A:B,2,0) -> 1116.602 | F37: =+E37*1.21 -> 1351.0884
B38: P-00028-0 | D38: BOTONES LUMINOSOS AUTOADHESIVO VERDES | E38: =+VLOOKUP(B38,'LISTA NACIONAL'!A:B,2,0) -> 1116.602 | F38: =+E38*1.21 -> 1351.0884
B39: P-00029-0 | D39: BOTONES LUMINOSOS AUTOADHESIVO AMARILLOS | E39: =+VLOOKUP(B39,'LISTA NACIONAL'!A:B,2,0) -> 1116.602 | F39: =+E39*1.21 -> 1351.0884
B40: P-00035-0 | D40: MINI REFLECTORES AZULES | E40: =+VLOOKUP(B40,'LISTA NACIONAL'!A:B,2,0) -> 1728.934 | F40: =+E40*1.21 -> 2092.0101
B41: P-00036-0 | D41: MINI REFLECTORES ROJOS | E41: =+VLOOKUP(B41,'LISTA NACIONAL'!A:B,2,0) -> 1728.934 | F41: =+E41*1.21 -> 2092.0101
B42: P-00037-0 | D42: MINI REFLECTORES BLANCOS | E42: =+VLOOKUP(B42,'LISTA NACIONAL'!A:B,2,0) -> 1728.934 | F42: =+E42*1.21 -> 2092.0101
B43: P-00038-0 | D43: MINI REFLECTORES VERDES | E43: =+VLOOKUP(B43,'LISTA NACIONAL'!A:B,2,0) -> 1728.934 | F43: =+E43*1.21 -> 2092.0101
B45: P-00020-0 | D45: TUBO DE NEON AZUL | E45: =+VLOOKUP(B45,'LISTA NACIONAL'!A:B,2,0) -> 2279.051 | F45: =+E45*1.21 -> 2757.6517
B46: P-00021-0 | D46: TUBO DE NEON ROJO | E46: =+VLOOKUP(B46,'LISTA NACIONAL'!A:B,2,0) -> 2279.051 | F46: =+E46*1.21 -> 2757.6517
B47: P-00022-0 | D47: TUBO DE NEON BLANCO | E47: =+VLOOKUP(B47,'LISTA NACIONAL'!A:B,2,0) -> 2279.051 | F47: =+E47*1.21 -> 2757.6517
B48: P-00023-0 | D48: TUBO DE NEON VERDE | E48: =+VLOOKUP(B48,'LISTA NACIONAL'!A:B,2,0) -> 2279.051 | F48: =+E48*1.21 -> 2757.6517
... B55: P-01089-0 | D55: GUIÑOS LED HONDA TORNADO X JGO ¡¡NUEVO!! | E55: =+VLOOKUP(B55,'LISTA NACIONAL'!A:B,2,0) -> 21202.074 | F55: =+E55*1.21 -> 25654.51
A56: LIMITADOR DE RPM C/ ANTIRROBO | B56: P-00070-0 | D56: LIMITADOR DE RPM C/ANTIROBO | E56: =+VLOOKUP(B56,'LISTA NACIONAL'!A:B,2,0) -> 34185.766 | F56: =+E56*1.21 -> 41364.777
B57: P-00070-1 | D57: LIMITADOR DE RPM C/ANTIROBO + CONTROL LARGADA | E57: =+VLOOKUP(B57,'LISTA NACIONAL'!A:B,2,0) -> 38642.358 | F57: =+E57*1.21 -> 46757.253
B58: P-00070-2 | D58: LIMITADOR DE RPM C/ANTIROBO + C/ LARGADA + C/ DE CORTE | E58: =+VLOOKUP(B58,'LISTA NACIONAL'!A:B,2,0) -> 43688.363 | F58: =+E58*1.21 -> 52862.919
A59: MEDIDOR DE TEMPERATURA Y VOLTIMETRO | B59: P-00045-0 | D59: MEDIDOR DE TEMPERATURA Y VOLTIMETRO | E59: =+VLOOKUP(B59,'LISTA NACIONAL'!A:B,2,0) -> 42748.577 | F59: =+E59*1.21 -> 51725.778
A60: TACOMETRO | B60: P-00030-0 | D60: CUENTA REVOLUCIONES FONDO NEGRO | E60: =+VLOOKUP(B60,'LISTA NACIONAL'!A:B,2,0) -> 42745.307 | F60: =+E60*1.21 -> 51721.821
B61: P-00031-0 | D61: CUENTA REVOLUCIONES FONDO BLANCO | E61: =+VLOOKUP(B61,'LISTA NACIONAL'!A:B,2,0) -> 42745.307 | F61: =+E61*1.21 -> 51721.821
A62: TACOMETRO RPM MONSTER | B62: P-00071-0 | D62: CUENTA REVOLUCIONES C/LIMITADOR Y CONTROL LARGADA | E62: =+VLOOKUP(B62,'LISTA NACIONAL'!A:B,2,0) -> 76279.444 | F62: =+E62*1.21 -> 92298.127
A63: TAPA VALVULA AIRE | B63: P-00040-0 | D63: TAPA VAL. DE AIRE CON LOGOS VARIOS ( BLISTER X7 JGOS) | E63: =+VLOOKUP(B63,'LISTA NACIONAL'!A:B,2,0) -> 19669.913 | F63: =+E63*1.21 -> 23800.595
B64: P-00042-0 | D64: JGO. TAPON DE ESPEJOS NEGROS | E64: =+VLOOKUP(B64,'LISTA NACIONAL'!A:B,2,0) -> 1309.798 | F64: =+E64*1.21 -> 1584.8556
A65: VARIOS | B65: P-00080-0 | D65: EMBRAGUE COMPETICION 110cc | E65: =+VLOOKUP(B65,'LISTA NACIONAL'!A:B,2,0) -> 17751.056 | F65: =+E65*1.21 -> 21478.778
B66: P-00081-0 | D66: EMBRAGUE COMPETICION BIZ 110cc (4 DISCO) | E66: =+VLOOKUP(B66,'LISTA NACIONAL'!A:B,2,0) -> 24863.265 | F66: =+E66*1.21 -> 30084.551
B67: P-00082-0 | D67: EMBRAGUE COMPETICION 125cc TITAN / STORM | E67: =+VLOOKUP(B67,'LISTA NACIONAL'!A:B,2,0) -> 30272.739 | F67: =+E67*1.21 -> 36630.014
B68: P-00085-0 | D68: SEPARADOR RUEDA CUATRICICLO | E68: =+VLOOKUP(B68,'LISTA NACIONAL'!A:B,2,0) -> 51949.92 | F68: =+E68*1.21 -> 62859.403
A69: PROTECTOR PALANCA DE CAMBIO NEOPRENE C/ REFUERZO CUERO | B69: P-00090-0 | D69: PROTECTOR PALANCA CAMBIO NEGRO | E69: =+VLOOKUP(B69,'LISTA NACIONAL'!A:B,2,0) -> 616.516 | F69: =+E69*1.21 -> 745.98436
B70: P-00090-1 | D70: PROTECTOR PALANCA CAMBIO ROJO | E70: =+VLOOKUP(B70,'LISTA NACIONAL'!A:B,2,0) -> 745.242 | F70: =+E70*1.21 -> 901.74282
B71: P-00091-1 | D71: PROTECTOR PALANCA CAMBIO NEOPRENE YAMAHA | E71: =+VLOOKUP(B71,'LISTA NACIONAL'!A:B,2,0) -> 745.242 | F71: =+E71*1.21 -> 901.74282
B72: P-00092-1 | D72: PROTECTOR PALANCA CAMBIO NEOPRENE HONDA | E72: =+VLOOKUP(B72,'LISTA NACIONAL'!A:B,2,0) -> 745.242 | F72: =+E72*1.21 -> 901.74282
B73: P-00093-0 | D73: PROTECTOR PALANCA CAMBIO NEOPRENE UNIVERSAL FOX | E73: =+VLOOKUP(B73,'LISTA NACIONAL'!A:B,2,0) -> 745.242 | F73: =+E73*1.21 -> 901.74282
A76: PROTECTORES DE TANQUES | B76: P-00063-0 | D76: PROTECTORES DE TANQUES MODELOS VARIOS ( VER ANEXO) | E76: =+VLOOKUP(B76,'LISTA NACIONAL'!A:B,2,0) -> 349.206 | F76: =+E76*1.21 -> 422.53926

Sheet R- MOTOPARTES
A7: CÓDIGO | B7: CODIGO | C7: PEDIDO | D7: DESCRIPCIÓN | E7: PRECIO SIN IVA | F7: PRECIO CON IVA
A8: LUZ PATENTE | B8: P-01084-0 | D8: LUZ DE PATENTE UNIVERSAL | E8: =+VLOOKUP(B8,'LISTA NACIONAL'!A:B,2,0) -> 6345 | F8: =+E8*1.21 -> 7677.45
A9: MODULO BALIZA | B9: P-01085-0 | D9: MODULO DE BALIZAS UNIVERSAL | E9: =+VLOOKUP(B9,'LISTA NACIONAL'!A:B,2,0) -> 20012.4 | F9: =+E9*1.21 -> 24215.004
A11: SOPORTE PORTA PATENTE | B11: P-01086-0 | D11: PORTA PATENTE UNIVERSAL PARA ENDURO | E11: =+VLOOKUP(B11,'LISTA NACIONAL'!A:B,2,0) -> 8084.736 | F11: =+E11*1.21 -> 9782.5306
B12: P-01086-1 | D12: PORTA PATENTE P/ENDURO REVATIBLE | E12: =+VLOOKUP(B12,'LISTA NACIONAL'!A:B,2,0) -> 18121.44 | F12: =+E12*1.21 -> 21926.942
B13: P-01086-2 | D13: PORTA PATENTE REVATIBLE CAFÉ RACE | E13: =+VLOOKUP(B13,'LISTA NACIONAL'!A:B,2,0) -> 22036.2 | F13: =+E13*1.21 -> 26663.802
A15: BOCA ADMISION ALUMINIO 125/150 | B15: P-00076-28 | D15: BOCA ADMISION ALUMINIO 125 / 150 cc º28 | E15: =+VLOOKUP(B15,'LISTA NACIONAL'!A:B,2,0) -> 16625.374 | F15: =+E15*1.21 -> 20116.703
B16: P-00076-30 | D16: BOCA ADMISION ALUMINIO 125 / 150 cc º30 | E16: =+VLOOKUP(B16,'LISTA NACIONAL'!A:B,2,0) -> 16625.374 | F16: =+E16*1.21 -> 20116.703
B17: P-00076-32 | D17: BOCA ADMISION ALUMINIO 125 / 150 cc º32 | E17: =+VLOOKUP(B17,'LISTA NACIONAL'!A:B,2,0) -> 16625.374 | F17: =+E17*1.21 -> 20116.703
B18: P-00076-34 | D18: BOCA ADMISION ALUMINIO 125 / 150 cc º34 | E18: =+VLOOKUP(B18,'LISTA NACIONAL'!A:B,2,0) -> 16625.374 | F18: =+E18*1.21 -> 20116.703
A20: BOCA ADMISION ALUMINIO TORNADO | B20: P-00077-32 | D20: BOCA ADMISION ALUMINIO 125 / 150 cc º30 | E20: =+VLOOKUP(B20,'LISTA NACIONAL'!A:B,2,0) -> 18774.569 | F20: =+E20*1.21 -> 22717.228
B21: P-00077-34 | D21: BOCA ADMISION ALUMINIO 125 / 150 cc º32 | E21: =+VLOOKUP(B21,'LISTA NACIONAL'!A:B,2,0) -> 18774.569 | F21: =+E21*1.21 -> 22717.228
B22: P-00077-36 | D22: BOCA ADMISION ALUMINIO 125 / 150 cc º34 | E22: =+VLOOKUP(B22,'LISTA NACIONAL'!A:B,2,0) -> 18774.569 | F22: =+E22*1.21 -> 22717.228
B23: P-00077-38 | D23: BOCA ADMISION ALUMINIO 125 / 150 cc º36 | E23: =+VLOOKUP(B23,'LISTA NACIONAL'!A:B,2,0) -> 18774.569 | F23: =+E23*1.21 -> 22717.228
A25: BOCA ADMISION ALUMINIO TORNADO | B25: P-00079-32 | D25: BOCA ADMISION ALUMINIO TORNADO/CBX TIPO ORIGINAL º32 | E25: =+VLOOKUP(B25,'LISTA NACIONAL'!A:B,2,0) -> 18774.569 | F25: =+E25*1.21 -> 22717.228
B26: P-00079-34 | D26: BOCA ADMISION ALUMINIO TORNADO / CBX TIPO ORIGINAL º34 | E26: =+VLOOKUP(B26,'LISTA NACIONAL'!A:B,2,0) -> 18774.569 | F26: =+E26*1.21 -> 22717.228
B27: P-00079-36 | D27: BOCA ADMISION ALUMINIO TORNADO/CBX TIPO ORIGINAL º36 | E27: =+VLOOKUP(B27,'LISTA NACIONAL'!A:B,2,0) -> 18774.569 | F27: =+E27*1.21 -> 22717.228
B28: P-00079-38 | D28: BOCA ADMISION ALUMINIO TORNADO/CBX TIPO ORIGINAL 38 | E28: =+VLOOKUP(B28,'LISTA NACIONAL'!A:B,2,0) -> 18774.569 | F28: =+E28*1.21 -> 22717.228
B29: P-00079-40 | D29: BOCA ADMISION ALUMINIO TORNADO/CBX TIPO ORIGINAL 40 | E29: =+VLOOKUP(B29,'LISTA NACIONAL'!A:B,2,0) -> 18774.569 | F29: =+E29*1.21 -> 22717.228
A31: CUBRE CARTER | B31: P-00010-0 | D31: CUBRE CARTER HONDA XR 250 TORNADO NEGRO | E31: =+VLOOKUP(B31,'LISTA NACIONAL'!A:B,2,0) -> 60081.408 | F31: =+E31*1.21 -> 72698.504
B32: P-00010-1 | D32: CUBRE CARTER HONDA XR 250 TORNADO ROJO | E32: =+VLOOKUP(B32,'LISTA NACIONAL'!A:B,2,0) -> 60081.408 | F32: =+E32*1.21 -> 72698.504
B33: P-00013-0 | D33: CUBRE CARTER YAMAHA XTZ 125 NEGRO | E33: =+VLOOKUP(B33,'LISTA NACIONAL'!A:B,2,0) -> 33645.312 | F33: =+E33*1.21 -> 40710.828
B34: P-00015-0 | D34: CUBRE CARTER HONDA XR 125 / 150 NEGRO | E34: =+VLOOKUP(B34,'LISTA NACIONAL'!A:B,2,0) -> 58187.52 | F34: =+E34*1.21 -> 70406.899
B35: P-00015-1 | D35: CUBRE CARTER HONDA XR 125 / 150 ROJO | E35: =+VLOOKUP(B35,'LISTA NACIONAL'!A:B,2,0) -> 58187.52 | F35: =+E35*1.21 -> 70406.899
A38: CUBRE PIÑON | B38: P-01080-0 | D38: CUBRE PIÑON HONDA XR 250 TORNADO NEGRO | E38: =+VLOOKUP(B38,'LISTA NACIONAL'!A:B,2,0) -> 7264.152 | F38: =+E38*1.21 -> 8789.6239
B39: P-01080-1 | D39: CUBRE PIÑON HONDA XR 250 TORNADO ROJO | E39: =+VLOOKUP(B39,'LISTA NACIONAL'!A:B,2,0) -> 7264.152 | F39: =+E39*1.21 -> 8789.6239
B40: P-01081-0 | D40: CUBRE PIÑON MOTOMEL SKUA 150 / 250 NEGRO | E40: =+VLOOKUP(B40,'LISTA NACIONAL'!A:B,2,0) -> 7443.72 | F40: =+E40*1.21 -> 9006.9012
B41: P-01081-1 | D41: CUBRE PIÑON MOTOMEL SKUA 150 / 250 ROJO | E41: =+VLOOKUP(B41,'LISTA NACIONAL'!A:B,2,0) -> 7443.72 | F41: =+E41*1.21 -> 9006.9012
B42: P-01082-0 | D42: CUBRE PIÑON HONDA XR 125 / 150 / CG NEGRO | E42: =+VLOOKUP(B42,'LISTA NACIONAL'!A:B,2,0) -> 6932.16 | F42: =+E42*1.21 -> 8387.9136
B43: P-01082-1 | D43: CUBRE PIÑON HONDA XR 125 / 150 / CG ROJO | E43: =+VLOOKUP(B43,'LISTA NACIONAL'!A:B,2,0) -> 6932.16 | F43: =+E43*1.21 -> 8387.9136
B44: P-01083-0 | D44: CUBRE PIÑON YAMAHA XTZ 125 NEGRO | E44: =+VLOOKUP(B44,'LISTA NACIONAL'!A:B,2,0) -> 6795.072 | F44: =+E44*1.21 -> 8222.0371
B45: P-01083-1 | D45: CUBRE PIÑON YAMAHA XTZ 125 ROJO | E45: =+VLOOKUP(B45,'LISTA NACIONAL'!A:B,2,0) -> 6795.072 | F45: =+E45*1.21 -> 8222.0371

Sheet BUJES
A2: CODIGO | B2: PEDIDO | C2: DESCRIPCION | D2: $ S/ IVA | E2: $ C/ IVA
C3: BUJES CORONA
A4: K-S0890-0 | C4: CG 125 / RX 150 / XLR 125 / XR 200 BRASIL -- (JGO X 4) | D4: =+VLOOKUP(A4,'LISTA NACIONAL'!A:B,2,0) -> 2944.35 | E4: =+D4*1.21 -> 3562.6635
A5: K-S0890-1 | C5: CG 125 / RX 150 / XLR 125 / XR 200 BRA. (JGO X 4) GRILON | D5: =+VLOOKUP(A5,'LISTA NACIONAL'!A:B,2,0) -> 371.321 | E5: =+D5*1.21 -> 449.29841
A6: K-S0918-0 | C6: CB 250 / GMX 150 - 200 - APPIA BREZZA-(JGO X 4) | D6: =+VLOOKUP(A6,'LISTA NACIONAL'!A:B,2,0) -> 3979.8 | E6: =+D6*1.21 -> 4815.558
C7: BUJES HORQUILLON
A8: K-S2494-0 | C8: STORM/ RX 150 / 200 (JGO X 2) | D8: =+VLOOKUP(A8,'LISTA NACIONAL'!A:B,2,0) -> 2945.7 | E8: =+D8*1.21 -> 3564.297
A9: K-S2495-0 | C9: CRYPTON (JGO X 2) | D9: =+VLOOKUP(A9,'LISTA NACIONAL'!A:B,2,0) -> 2945.7 | E9: =+D9*1.21 -> 3564.297
A10: K-S2496-0 | C10: JGO. BUJE HORQUILLON YBR 125 | D10: =+VLOOKUP(A10,'LISTA NACIONAL'!A:B,2,0) -> 3547.8 | E10: =+D10*1.21 -> 4292.838
A11: K-S3538-0 | C11: SKUA 150 - 200 - 250 / DAKAR 200 (JGO X 2) | D11: =+VLOOKUP(A11,'LISTA NACIONAL'!A:B,2,0) -> 3186 | E11: =+D11*1.21 -> 3855.06
A12: K-S3612-0 | C12: FZ 16 (JGO X 2) | D12: =+VLOOKUP(A12,'LISTA NACIONAL'!A:B,2,0) -> 3369.6 | E12: =+D12*1.21 -> 4077.216
A13: K-S1819-0 | C13: BIT - WAVE - KONISA - BIZ - BLITZ (JGO X 2) | D13: =+VLOOKUP(A13,'LISTA NACIONAL'!A:B,2,0) -> 1536.2595 | E13: =+D13*1.21 -> 1858.874
A14: K-S3159-0 | C14: SMASH - MAVERICK - VECTRA - TRIP (JGO X 2) | D14: =+VLOOKUP(A14,'LISTA NACIONAL'!A:B,2,0) -> 2792.61 | E14: =+D14*1.21 -> 3379.0581
A15: K-S2100-0 | C15: BLITZ 125 / BIZ 125 / 110 TUNING (JGO X 2) | D15: =+VLOOKUP(A15,'LISTA NACIONAL'!A:B,2,0) -> 1595.3544 | E15: =+D15*1.21 -> 1930.3788
A16: K-S3537-0 | C16: BUJE HORQUILLON MOTOMEL SKUA 150 (JGO X 2) | D16: =+VLOOKUP(A16,'LISTA NACIONAL'!A:B,2,0) -> 3585.6 | E16: =+D16*1.21 -> 4338.576
A17: K-S3538-0 | C17: BUJE HORQUILLON MOTOMEL SERIE 2 (JGO X 2) | D17: =+VLOOKUP(A17,'LISTA NACIONAL'!A:B,2,0) -> 3186 | E17: =+D17*1.21 -> 3855.06
C18: BUJES MONO SHOCK
A19: K-S0200-0 | C19: SKUA 150 / TODAS CHINAS TIPO ENDURO(JGO X 2) | D19: =+VLOOKUP(A19,'LISTA NACIONAL'!A:B,2,0) -> 2205.9 | E19: =+D19*1.21 -> 2669.139
A20: K-S0201-0 | C20: BROSS 125 / XR 125 NVA(JGO X 2) | D20: =+VLOOKUP(A20,'LISTA NACIONAL'!A:B,2,0) -> 1572.09 | E20: =+D20*1.21 -> 1902.2289
C22: BUJES PATADA ARRANQUE
A23: K-S2456-1 | C23: YAMAHA YBR 125 x UNIDAD | D23: =+VLOOKUP(A23,'PEDIDO-LISTAS COMPLETAS '!A:C,3,0) -> 121.226 | E23: =+D23*1.21 -> 146.68346

Sheet CADENAS
A4: CADENA DE DISTRIBUCION | H4: PEDIDO | J4: CAD. DE DISTRIBUCION
A5: CODIGO | B5: PEDIDO | C5: MODELO | D5: MEDIDAS | E5: LINKS | F5: PRECIO S/ IVA | G5: PRECIO EN PESOS
A6: T-K0101-0 | C6: CADENA 25H | E6: 82 | F6: =+VLOOKUP(A6,'LISTA IMPORTADO'!A:B,2,0) -> 3.444 | G6: =+(F6*1.21)*$J$15 -> 0 | J6: CAD. DE TRANSMISION
A7: T-K0102-0 | C7: CADENA 25H | E7: 84 | F7: =+VLOOKUP(A7,'LISTA IMPORTADO'!A:B,2,0) -> 3.816 | G7: =+(F7*1.21)*$J$15 -> 0
A8: T-K0104-0 | C8: CADENA 25H | E8: 98 | F8: =+VLOOKUP(A8,'LISTA IMPORTADO'!A:B,2,0) -> 4.45 | G8: =+(F8*1.21)*$J$15 -> 0
A9: T-K0105-0 | C9: CADENA 25H | E9: 100 | F9: =+VLOOKUP(A9,'LISTA IMPORTADO'!A:B,2,0) -> 4.549 | G9: =+(F9*1.21)*$J$15 -> 0 | J9: CAD. DE TRANSMISION
A10: T-K0106-0 | C10: CADENA 25H | E10: 102 | F10: =+VLOOKUP(A10,'LISTA IMPORTADO'!A:B,2,0) -> 4.637 | G10: =+(F10*1.21)*$J$15 -> 0
A12: CADENA DE DISTRIBUCION ELC
A13: T-K0102-C | C13: CADENA 25H | E13: 84 | F13: =+VLOOKUP(A13,'LISTA IMPORTADO'!A:B,2,0) -> 1.596 | G13: =+(F13*1.21)*J15 -> 0
A14: T-K0103-C | C14: CADENA 25H | E14: 90 | F14: =+VLOOKUP(A14,'LISTA IMPORTADO'!A:B,2,0) -> 1.667 | G14: =+(F14*1.21)*J15 -> 0
A15: CADENA DE TRANSMISION | I15: T.Cambio | J15: =+'ERO DISTRIBUCIONES SRL'!G48 -> 0
A16: T-K0001-0 | C16: CADENA 415 H | D16: 1/2" x 3/16" | E16: 102 | F16: =+VLOOKUP(A16,'LISTA IMPORTADO'!A:B,2,0) -> 4.588 | G16: =+(F16*1.21)*$J$15 -> 0
A17: T-K0005-0 | C17: CADENA 428 | D17: 1/2" x 5/16" | E17: 108 | F17: =+VLOOKUP(A17,'LISTA IMPORTADO'!A:B,2,0) -> 6.627 | G17: =+(F17*1.21)*$J$15 -> 0
A18: T-K0006-0 | C18: CADENA 428 H | D18: 1/2" x 5/16" | E18: 108 | F18: =+VLOOKUP(A18,'LISTA IMPORTADO'!A:B,2,0) -> 7.219 | G18: =+(F18*1.21)*$J$15 -> 0
A19: T-K0009-1 | C19: CADENA 428 | D19: 1/2" x 5/16" | E19: 126 | F19: =+VLOOKUP(A19,'LISTA IMPORTADO'!A:B,2,0) -> 7.875 | G19: =+(F19*1.21)*$J$15 -> 0
A20: CADENA DE TRANSMISION
A21: T-C0002-C | C21: CADENA 420 ELC | D21: 1/2" x1/4" | E21: 112 | F21: =+VLOOKUP(A21,'LISTA IMPORTADO'!A:B,2,0) -> 5.013 | G21: =+(F21*1.21)*$J$15 -> 0
A22: T-C0005-C | C22: CADENA 428 ELC | D22: 1/2" x 5/16" | E22: 110 | F22: =+VLOOKUP(A22,'LISTA IMPORTADO'!A:B,2,0) -> 4.29 | G22: =+(F22*1.21)*$J$15 -> 0
A23: T-C0007-C | C23: CADENA 428 ELC | D23: 1/2" x 5/16" | E23: 118 | F23: =+VLOOKUP(A23,'LISTA IMPORTADO'!A:B,2,0) -> 5.346 | G23: =+(F23*1.21)*$J$15 -> 0
A24: T-C0007-0 | C24: CADENA 428 TEC | D24: 1/2" x 5/16" | E24: 118 | F24: =+VLOOKUP(A24,'LISTA IMPORTADO'!A:B,2,0) -> 5.346 | G24: =+(F24*1.21)*$J$15 -> 0
A25: T-C0020-0 | C25: CADENA 428 GOLD TEC | D25: 1/2" x 5/16" | E25: 118 | F25: =+VLOOKUP(A25,'LISTA IMPORTADO'!A:B,2,0) -> 6.885 | G25: =+(F25*1.21)*$J$15 -> 0
A26: T-C0009-C | C26: CADENA 428 ELC | D26: 1/2" x 5/16" | E26: 130 | F26: =+VLOOKUP(A26,'LISTA IMPORTADO'!A:B,2,0) -> 5.859 | G26: =+(F26*1.21)*$J$15 -> 0
A27: T-C0009-0 | C27: CADENA 428 TEC | D27: 1/2" x 5/16" | E27: 130 | F27: =+VLOOKUP(A27,'LISTA IMPORTADO'!A:B,2,0) -> 5.859 | G27: =+(F27*1.21)*$J$15 -> 0
A28: T-C0011-C | C28: CADENA 428 H ELC | D28: 1/2" x 5/16" | E28: 136 | F28: =+VLOOKUP(A28,'LISTA IMPORTADO'!A:B,2,0) -> 6.354 | G28: =+(F28*1.21)*$J$15 -> 0
A29: T-C0006-0 | C29: CADENA 428 H TEC | D29: 1/2" x 5/16" | E29: 108 | F29: =+VLOOKUP(A29,'LISTA IMPORTADO'!A:B,2,0) -> 7.49 | G29: =+(F29*1.21)*$J$15 -> 0
A30: T-C0006-C | C30: CADENA 428H "ELC" | E30: 110L | F30: =+VLOOKUP(A30,'LISTA IMPORTADO'!A:B,2,0) -> 5.463 | G30: =+(F30*1.21)*$J$15 -> 0
A31: T-C0010-C | C31: CADENA 428 H ELC | D31: 1/2" x 5/16" | E31: 130 | F31: =+VLOOKUP(A31,'LISTA IMPORTADO'!A:B,2,0) -> 6.417 | G31: =+(F31*1.21)*$J$15 -> 0
A32: T-C0008-0 | C32: CADENA 428 H TEC | D32: 1/2" x 5/16" | E32: 118 | F32: =+VLOOKUP(A32,'LISTA IMPORTADO'!A:B,2,0) -> 5.859 | G32: =+(F32*1.21)*$J$15 -> 0
A33: T-C0008-C | C33: CADENA 428H "ELC" | E33: 118L | F33: =+VLOOKUP(A33,'LISTA IMPORTADO'!A:B,2,0) -> 5.859 | G33: =+(F33*1.21)*$J$15 -> 0
A34: T-C0021-0 | C34: CADENA 428 H GOLD TEC | D34: 1/2" x 5/16" | E34: 118 | F34: =+VLOOKUP(A34,'LISTA IMPORTADO'!A:B,2,0) -> 7.245 | G34: =+(F34*1.21)*$J$15 -> 0
A35: T-C0022-C | C35: CADENA 428 x "ELC" | E35: 110L | F35: =+VLOOKUP(A35,'LISTA IMPORTADO'!A:B,2,0) -> 6.417 | G35: =+(F35*1.21)*$J$15 -> 0
A36: T-C0010-0 | C36: CADENA 428H TEC | D36: 1/2" x 5/16" | E36: 130 | F36: =+VLOOKUP(A36,'LISTA IMPORTADO'!A:B,2,0) -> 6.417 | G36: =+(F36*1.21)*$J$15 -> 0
A37: T-C0012-C | C37: CADENA 428H ELC | D37: 5/8" x 5/16" | E37: 136 | F37: =+VLOOKUP(A37,'LISTA IMPORTADO'!A:B,2,0) -> 7.407 | G37: =+(F37*1.21)*$J$15 -> 0
A38: T-C0016-C | C38: CADENA 520H ELC | D38: 5/8" x 5/16" | E38: 118 | F38: =+VLOOKUP(A38,'LISTA IMPORTADO'!A:B,2,0) -> 13.387 | G38: =+(F38*1.21)*$J$15 -> 0
A39: T-C0017-0 | C39: CADENA 525 TEC | D39: 1/2" x 5/16" | E39: 118 | F39: =+VLOOKUP(A39,'LISTA IMPORTADO'!A:B,2,0) -> 20.844 | G39: =+(F39*1.21)*$J$15 -> 0
A40: T-C0018-0 | C40: CADENA 530 TEC | D40: 1/2" x 5/16" | E40: 118 | F40: =+VLOOKUP(A40,'LISTA IMPORTADO'!A:B,2,0) -> 24.09 | G40: =+(F40*1.21)*$J$15 -> 0

Sheet CARBURACION
A2: CÓDIGO | B2: PEDIDO | C2: DESCRIPCIÓN | D2: PRECIO SIN IVA | E2: PRECIO CON IVA
A3: W-00221-0 | C3: AGUJA FLOTANTE GILERA 150 | D3: =+VLOOKUP(A3,'LISTA NACIONAL'!A:B,2,0) -> 1274.549 | E3: =+D3*1.21 -> 1542.2043
A4: W-00225-0 | C4: AGUJA FLOTANTE ZANELLA 175 | D4: =+VLOOKUP(A4,'LISTA NACIONAL'!A:B,2,0) -> 1274.549 | E4: =+D4*1.21 -> 1542.2043
A5: W-00354-0 | C5: AGUJA FLOTANTE DAELIM LIBERTY | D5: =+VLOOKUP(A5,'LISTA NACIONAL'!A:B,2,0) -> 3591 | E5: =+D5*1.21 -> 4345.11
A6: W-00357-0 | C6: AGUJA FLOTANTE HERO PUCH | D6: =+VLOOKUP(A6,'LISTA NACIONAL'!A:B,2,0) -> 1790.699 | E6: =+D6*1.21 -> 2166.7458
A7: W-00358-0 | C7: AGUJA FLOTANTE SMASH C/P/GOMA CON GANCHO | D7: =+VLOOKUP(A7,'LISTA NACIONAL'!A:B,2,0) -> 3215.7 | E7: =+D7*1.21 -> 3890.997
A8: W-00359-0 | C8: AGUJA FLOTANTE HONDA CG 125 C/P/GOMA | D8: =+VLOOKUP(A8,'LISTA NACIONAL'!A:B,2,0) -> 8100 | E8: =+D8*1.21 -> 9801
A9: W-00360-0 | C9: AGUJA FLOTANTE YAMAHA YBR 125 C/P/GOMA | D9: =+VLOOKUP(A9,'LISTA NACIONAL'!A:B,2,0) -> 8100 | E9: =+D9*1.21 -> 9801
A10: W-00362-0 | C10: AGUJA FLOTANTE ZANELLA RX 150 C/P/GOMA ¡NUEVO! | D10: =+VLOOKUP(A10,'LISTA NACIONAL'!A:B,2,0) -> 8910 | E10: =+D10*1.21 -> 10781.1
A11: W-00188-0 | C11: AGUJA FLOTANTE CICLOMOTOR C/P/GOMA | D11: =+VLOOKUP(A11,'LISTA NACIONAL'!A:B,2,0) -> 3591 | E11: =+D11*1.21 -> 4345.11
A12: W-00240-0 | C12: AGUJA PANTALLA GILERA 150 | D12: =+VLOOKUP(A12,'LISTA NACIONAL'!A:B,2,0) -> 2844.051 | E12: =+D12*1.21 -> 3441.3017
A13: W-00363-0 | C13: AGUJA CORTINA GILERA SMASH ¡NUEVO! | D13: =+VLOOKUP(A13,'LISTA NACIONAL'!A:B,2,0) -> 432 | E13: =+D13*1.21 -> 522.72
A14: W-00364-0 | C14: AGUJA CORTINA HONDA CG 125 ¡NUEVO! | D14: =+VLOOKUP(A14,'LISTA NACIONAL'!A:B,2,0) -> 405 | E14: =+D14*1.21 -> 490.05
... A51: W-00341-0 | C51: TORNILLO REGISTRO CORTINA HONDA CG ¡NUEVO! | D51: =+VLOOKUP(A51,'LISTA NACIONAL'!A:B,2,0) -> 675 | E51: =+D51*1.21 -> 816.75

Sheet CORONA-PIÑON
A5: CODIGO | B5: PEDIDO | C5: DESCRIPCION | D5: PASO | E5: LINKS | F5: PRECIO S/ IVA | G5: PRECIO C/ IVA | J5: 816
A6: KIT CORONA / PIÑON IMPORTADA
A7: T-DA001-C | C7: CORONA Y PIÑON HONDA DAX 70 Z35 / T15 | D7: 428 | E7: 35-15 | F7: =+VLOOKUP(A7,'LISTA IMPORTADO'!A:B,2,0) -> 8.124 | G7: =+F7*1.21*$J$5 -> 8021.3126
A8: T-23515-C | C8: CORONA Y PIÑON TRIP DRN Z35 / T15 PASO 420 | D8: 420 | E8: 35-15 | F8: =+VLOOKUP(A8,'LISTA IMPORTADO'!A:B,2,0) -> 7.13 | G8: =+F8*1.21*$J$5 -> 7039.8768
A9: T-73515-C | C9: CORONA Y PIÑON SMASH / WAVE DRN Z35 / T15 | D9: 428 | E9: 34-15 | F9: =+VLOOKUP(A9,'LISTA IMPORTADO'!A:B,2,0) -> 6.379 | G9: =+F9*1.21*$J$5 -> 6298.3694
A10: T-73614-C | C10: CORONA Y PIÑON SMASH / WAVE DRN Z36 / T14 | D10: 428 | E10: 36-14 | F10: =+VLOOKUP(A10,'LISTA IMPORTADO'!A:B,2,0) -> 4.8 | G10: =+F10*1.21*$J$5 -> 4739.328
A11: T-BIZ01-C | C11: CORONA Y PIÑON HONDA BIZ DRN Z35 / T15 | D11: 428 | E11: 35-15 | F11: =+VLOOKUP(A11,'LISTA IMPORTADO'!A:B,2,0) -> 8.551 | G11: =+F11*1.21*$J$5 -> 8442.9154
A12: T-BIZ02-C | C12: CORONA Y PIÑON HONDA BIZ 125 DRN Z35 / T15 | D12: 428 | E12: 35-15 | F12: =+VLOOKUP(A12,'LISTA IMPORTADO'!A:B,2,0) -> 8.386 | G12: =+F12*1.21*$J$5 -> 8280.001
A13: T-23714-C | C13: CORONA Y PIÑON HONDA NEW WAVE PASO 420 Z37/T14 | D13: 420 | E13: 37-14 | F13: =+VLOOKUP(A13,'LISTA IMPORTADO'!A:B,2,0) -> 6.5 | G13: =+F13*1.21*$J$5 -> 6417.84
A14: T-73715-C | C14: CORONA Y PIÑON YAMAHA CRYPTON DRN Z37 / T15 | D14: 428 | E14: 37-15 | F14: =+VLOOKUP(A14,'LISTA IMPORTADO'!A:B,2,0) -> 9.566 | G14: =+F14*1.21*$J$5 -> 9445.0858
A15: T-73815-C | C15: CORONA Y PIÑON CG 125 / RX 150 Z38 / T15 | D15: 428 | E15: 44-14 | F15: =+VLOOKUP(A15,'LISTA IMPORTADO'!A:B,2,0) -> 7.112 | G15: =+F15*1.21*$J$5 -> 7022.1043
A16: T-74414-C | C16: CORONA Y PIÑON CG 125 FAN/ TITAN Z44 / T14 | D16: 428 | E16: 43-14 | F16: =+VLOOKUP(A16,'LISTA IMPORTADO'!A:B,2,0) -> 11.552 | G16: =+F16*1.21*$J$5 -> 11405.983
A17: T-74314-C | C17: CORONA Y PIÑON YAMAHA YBR 125 DRN Z43 / T14 | D17: 428 | E17: 38-15 | F17: =+VLOOKUP(A17,'LISTA IMPORTADO'!A:B,2,0) -> 6.97 | G17: =+F17*1.21*$J$5 -> 6881.8992
A18: T-74316-C | C18: CORONA Y PIÑON HONDA CG 150 Z43 / T 16 | D18: 428 | E18: 43-16 | F18: =+VLOOKUP(A18,'LISTA IMPORTADO'!A:B,2,0) -> 7.64 | G18: =+F18*1.21*$J$5 -> 7543.4304
... A20: T-DK001-C | C20: CORONA Y PIÑON DAKAR 200 DRN Z50 / T17 | D20: 428 | E20: 50-17 | F20: =+VLOOKUP(A20,'LISTA IMPORTADO'!A:B,2,0) -> 12.722 | G20: =+F20*1.21*$J$5 -> 12561.194
A21: T-CB190-C | C21: CORONA Y PIÑON HONDA CB 190 | F21: =+VLOOKUP(A21,'LISTA IMPORTADO'!A:B,2,0) -> 12.155 | G21: =+F21*1.21*$J$5 -> 12001.361
C23: PROMOCION - KIT COMPLETO X 25 UNIDADES
A24: T-K23515-P | C24: TRIP / C 90 /110 | D24: 420 x 112 | E24: 35-15 | F24: =+VLOOKUP(A24,'LISTA IMPORTADO'!A:B,2,0) -> #N/A | G24: =+(F24*1.21)*$J$5 -> #N/A
A25: T-K3515-P | C25: SMASH / WAVE / 110 VS** | D25: 428x118 | E25: 35-15 | F25: =+VLOOKUP(A25,'LISTA IMPORTADO'!A:B,2,0) -> #N/A | G25: =+(F25*1.21)*$J$5 -> #N/A
A26: T-K3515-P05 | C26: SMASH / WAVE / 110 VS** | D26: 428x108 | E26: 35-15 | F26: =+VLOOKUP(A26,'LISTA IMPORTADO'!A:B,2,0) -> #N/A | G26: =+(F26*1.21)*$J$5 -> #N/A
A27: T-K3515-PH | C27: SMASH / WAVE / 110 VS** REFORZADA | D27: 428x118H | E27: 35-15 | F27: =+VLOOKUP(A27,'LISTA IMPORTADO'!A:B,2,0) -> #N/A | G27: =+(F27*1.21)*$J$5 -> #N/A
A28: T-K3614-P05 | C28: SMASH / WAVE / 110 VS** | D28: 428 x 108 | E28: 36-14 | F28: =+VLOOKUP(A28,'LISTA IMPORTADO'!A:B,2,0) -> 11580.232 | G28: =+(F28*1.21)*$J$5 -> 11433858
A29: T-K3614-P | C29: SMASH / WAVE / 110 VS** | D29: 428 x 118 | E29: 36-14 | F29: =+VLOOKUP(A29,'LISTA IMPORTADO'!A:B,2,0) -> #N/A | G29: =+(F29*1.21)*$J$5 -> #N/A
A30: T-K3614-PH | C30: SMASH / WAVE / 110 REFORZADA | D30: 428 x 118H | E30: 36-14 | F30: =+VLOOKUP(A30,'LISTA IMPORTADO'!A:B,2,0) -> #N/A | G30: =+(F30*1.21)*$J$5 -> #N/A
A31: T-K3614-P06 | C31: SMASH / WAVE / 110 REFORZADA | D31: 428 x 108H | E31: 36-14 | F31: =+VLOOKUP(A31,'LISTA IMPORTADO'!A:B,2,0) -> #N/A | G31: =+(F31*1.21)*$J$5 -> #N/A

Sheet COTT
G1: PEDIDO
D5: ESCAPES CROMADOS TUNNING | G5: PEDIDO | I5: ESCAPES
B7: CODIGO | C7: PEDIDO | D7: MODELO / DESCRIPCION | E7: PRECIO S/ IVA | F7: PRECIO C/IVA | I7: ACCESORIOS
A8: APPIA | B8: C-00082-0 | D8: DCN 110 Ø3,5 | E8: =+VLOOKUP(B8,'LISTA NACIONAL'!A:B,2,0) -> 40853.957 | F8: =+E8*1.21 -> 49433.288
B9: C-00086-0 | D9: VECTRA Ø3,5 | E9: =+VLOOKUP(B9,'LISTA NACIONAL'!A:B,2,0) -> 40511.173 | F9: =+E9*1.21 -> 49018.519
B10: C-00083-0 | D10: CITI PLUS Ø3,5 | E10: =+VLOOKUP(B10,'LISTA NACIONAL'!A:B,2,0) -> 40511.864 | F10: =+E10*1.21 -> 49019.355
B11: C-00076-0 | D11: CITI PLUS Ø4 | E11: =+VLOOKUP(B11,'LISTA NACIONAL'!A:B,2,0) -> 49888.223 | F11: =+E11*1.21 -> 60364.75
B12: C-00049-0 | D12: ANDINA Ø3,5 | E12: =+VLOOKUP(B12,'LISTA NACIONAL'!A:B,2,0) -> 40853.957 | F12: =+E12*1.21 -> 49433.288
B13: C-00095-0 | D13: BERAKA Ø3,5 | E13: =+VLOOKUP(B13,'LISTA NACIONAL'!A:B,2,0) -> 43188.296 | F13: =+E13*1.21 -> 52257.838 | H13: QUILLA FZ 16 CARENERA 2015
B14: C-00051-0 | D14: STRONGER 150 Ø 4" | E14: =+VLOOKUP(B14,'LISTA NACIONAL'!A:B,2,0) -> 57632.083 | F14: =+E14*1.21 -> 69734.82
B15: C-00094-0 | D15: APPIA MONTERO SUPER 150 Ø4 | E15: =+VLOOKUP(B15,'LISTA NACIONAL'!A:B,2,0) -> 57632.083 | F15: =+E15*1.21 -> 69734.82
B16: C-00056-0 | D16: APPIA MONTERO SUPER 150 M/Nuevo Ø4 | E16: =+VLOOKUP(B16,'LISTA NACIONAL'!A:B,2,0) -> 57632.083 | F16: =+E16*1.21 -> 69734.82
B17: C-00084-0 | D17: APPIA BREZZA 150 Ø4 | E17: =+VLOOKUP(B17,'LISTA NACIONAL'!A:B,2,0) -> 57632.083 | F17: =+E17*1.21 -> 69734.82
A18: CERRO | B18: C-00058-0 | D18: BIX 110 Ø3,5 | E18: =+VLOOKUP(B18,'LISTA NACIONAL'!A:B,2,0) -> 77855.089 | F18: =+E18*1.21 -> 94204.658
B19: C-00092-0 | D19: BIX 110 Ø4 | E19: =+VLOOKUP(B19,'LISTA NACIONAL'!A:B,2,0) -> 50369.806 | F19: =+E19*1.21 -> 60947.465
B20: C-00095-0 | D20: FLY Ø3,5 | E20: =+VLOOKUP(B20,'LISTA NACIONAL'!A:B,2,0) -> 43188.296 | F20: =+E20*1.21 -> 52257.838
B21: C-00042-0 | D21: CE 150 Ø4 CON SOPORTE ADAPTADOR | E21: =+VLOOKUP(B21,'LISTA NACIONAL'!A:B,2,0) -> 120213.19 | F21: =+E21*1.21 -> 145457.96
A22: GILERA | B22: C-00077-0 | D22: FUTURA 110 Ø3,5 | E22: =+VLOOKUP(B22,'LISTA NACIONAL'!A:B,2,0) -> 40511.864 | F22: =+E22*1.21 -> 49019.355
B23: C-00058-0 | D23: SMASH 110 Ø3,5 | E23: =+VLOOKUP(B23,'LISTA NACIONAL'!A:B,2,0) -> 77855.089 | F23: =+E23*1.21 -> 94204.658
B24: C-00092-0 | D24: SMASH 110 Ø4 | E24: =+VLOOKUP(B24,'LISTA NACIONAL'!A:B,2,0) -> 50369.806 | F24: =+E24*1.21 -> 60947.465
B25: C-00104-0 | D25: SMASH VERY Ø3,5 | E25: =+VLOOKUP(B25,'LISTA NACIONAL'!A:B,2,0) -> 40511.864 | F25: =+E25*1.21 -> 49019.355
A26: GUERRERO | B26: C-00005-0 | D26: DAY GT 110 Ø3,5 | E26: =+VLOOKUP(B26,'LISTA NACIONAL'!A:B,2,0) -> 47565.201 | F26: =+E26*1.21 -> 57553.893
B27: C-00006-0 | D27: G 50 / G 70 Ø3 | E27: =+VLOOKUP(B27,'LISTA NACIONAL'!A:B,2,0) -> 36520.951 | F27: =+E27*1.21 -> 44190.351
B28: C-00028-0 | D28: GD 100 Ø3 | E28: =+VLOOKUP(B28,'LISTA NACIONAL'!A:B,2,0) -> 36520.951 | F28: =+E28*1.21 -> 44190.351
B29: C-00029-0 | D29: FUTURE 110 Ø3,5 | E29: =+VLOOKUP(B29,'LISTA NACIONAL'!A:B,2,0) -> 40511.173 | F29: =+E29*1.21 -> 49018.519
B30: C-00031-0 | D30: TRIP 110 Ø3,5 | E30: =+VLOOKUP(B30,'LISTA NACIONAL'!A:B,2,0) -> 40511.173 | F30: =+E30*1.21 -> 49018.519
B31: C-00092-0 | D31: TRIP 110 Ø4 | E31: =+VLOOKUP(B31,'LISTA NACIONAL'!A:B,2,0) -> 50369.806 | F31: =+E31*1.21 -> 60947.465
B32: C-00068-0 | D32: MAGIC G 100 Ø3,5 | E32: =+VLOOKUP(B32,'LISTA NACIONAL'!A:B,2,0) -> 40511.173 | F32: =+E32*1.21 -> 49018.519
B33: C-00088-0 | D33: MAGIC 110 Ø3,5 | E33: =+VLOOKUP(B33,'LISTA NACIONAL'!A:B,2,0) -> 40511.173 | F33: =+E33*1.21 -> 49018.519
B34: C-00030-0 | D34: MAGIC 110 Ø3,5 | E34: =+VLOOKUP(B34,'LISTA NACIONAL'!A:B,2,0) -> 40511.173 | F34: =+E34*1.21 -> 49018.519
B35: C-00042-0 | D35: GC 125 QUEEN Ø4 CON SOPORTE ADAPTADOR | E35: =+VLOOKUP(B35,'LISTA NACIONAL'!A:B,2,0) -> 120213.19 | F35: =+E35*1.21 -> 145457.96
B36: C-00050-0 | D36: THUNDRA Ø4 | E36: =+VLOOKUP(B36,'LISTA NACIONAL'!A:B,2,0) -> 57632.083 | F36: =+E36*1.21 -> 69734.82
A37: BAJAJ | B37: C-00112-0 | D37: ROUSER 135 Ø4 | E37: =+VLOOKUP(B37,'LISTA NACIONAL'!A:B,2,0) -> 59098.103 | F37: =+E37*1.21 -> 71508.705
B38: C-00057-0 | D38: ROUSER 200 Ø4,5 | E38: =+VLOOKUP(B38,'LISTA NACIONAL'!A:B,2,0) -> 74024.948 | F38: =+E38*1.21 -> 89570.187
A39: HONDA | B39: C-00005-0 | D39: DAX 70 Ø3,5 | E39: =+VLOOKUP(B39,'LISTA NACIONAL'!A:B,2,0) -> 47565.201 | F39: =+E39*1.21 -> 57553.893
B40: C-00006-0 | D40: ECONO POWER Ø3 | E40: =+VLOOKUP(B40,'LISTA NACIONAL'!A:B,2,0) -> 36520.951 | F40: =+E40*1.21 -> 44190.351
B41: C-00083-0 | D41: BIZ. CUP Ø3,5 | E41: =+VLOOKUP(B41,'LISTA NACIONAL'!A:B,2,0) -> 40511.864 | F41: =+E41*1.21 -> 49019.355
B42: C-00076-0 | D42: BIZ. CUP Ø4 | E42: =+VLOOKUP(B42,'LISTA NACIONAL'!A:B,2,0) -> 49888.223 | F42: =+E42*1.21 -> 60364.75
B43: C-00110-0 | D43: BIZ. CUP 125 ES Ø4 | E43: =+VLOOKUP(B43,'LISTA NACIONAL'!A:B,2,0) -> 53075.286 | F43: =+E43*1.21 -> 64221.096
B44: C-00088-0 | D44: WAVE Ø3,5 | E44: =+VLOOKUP(B44,'LISTA NACIONAL'!A:B,2,0) -> 40511.173 | F44: =+E44*1.21 -> 49018.519
B45: C-00045-0 | D45: WAVE Ø4 | E45: =+VLOOKUP(B45,'LISTA NACIONAL'!A:B,2,0) -> 51871.294 | F45: =+E45*1.21 -> 62764.266
B46: C-00126-0 | D46: WAVE 110 MODELO NUEVO | E46: =+VLOOKUP(B46,'LISTA NACIONAL'!A:B,2,0) -> 40511.173 | F46: =+E46*1.21 -> 49018.519
B47: C-00044-0 | D47: POP Ø4 | E47: =+VLOOKUP(B47,'LISTA NACIONAL'!A:B,2,0) -> 47565.201 | F47: =+E47*1.21 -> 57553.893
B48: C-00010-0 | D48: CD 100 Ø3,5 | E48: =+VLOOKUP(B48,'LISTA NACIONAL'!A:B,2,0) -> 41616.002 | F48: =+E48*1.21 -> 50355.362
B49: C-00011-0 | D49: CD 100 SPLENDOR Ø3,5 | E49: =+VLOOKUP(B49,'LISTA NACIONAL'!A:B,2,0) -> 41616.002 | F49: =+E49*1.21 -> 50355.362
B50: C-00009-0 | D50: XR 100 Ø3 | E50: =+VLOOKUP(B50,'LISTA NACIONAL'!A:B,2,0) -> 44533.949 | F50: =+E50*1.21 -> 53886.078
B51: C-00042-0 | D51: CG TODAY 125 Ø4 ( Faro Cuadrado) CON SOPORTE ADAPTADOR | E51: =+VLOOKUP(B51,'LISTA NACIONAL'!A:B,2,0) -> 120213.19 | F51: =+E51*1.21 -> 145457.96
... B68: C-00023-0 | D68: XR 600 Ø4 | E68: =+VLOOKUP(B68,'LISTA NACIONAL'!A:B,2,0) -> 53429.388 | F68: =+E68*1.21 -> 64649.559
A69: MONDIAL | B69: C-00088-0 | D69: LD 110 Ø3,5 | E69: =+VLOOKUP(B69,'LISTA NACIONAL'!A:B,2,0) -> 40511.173 | F69: =+E69*1.21 -> 49018.519
B70: C-00045-0 | D70: LD 110 Ø4 | E70: =+VLOOKUP(B70,'LISTA NACIONAL'!A:B,2,0) -> 51871.294 | F70: =+E70*1.21 -> 62764.266
B71: C-00043-0 | D71: RD 125 Ø4 | E71: =+VLOOKUP(B71,'LISTA NACIONAL'!A:B,2,0) -> 58188.771 | F71: =+E71*1.21 -> 70408.413
A72: MOTOMEL | B72: C-00005-0 | D72: MAX Ø3,5 | E72: =+VLOOKUP(B72,'LISTA NACIONAL'!A:B,2,0) -> 47565.201 | F72: =+E72*1.21 -> 57553.893
B73: C-00080-0 | D73: BIT 110 Ø3,5 | E73: =+VLOOKUP(B73,'LISTA NACIONAL'!A:B,2,0) -> 40511.864 | F73: =+E73*1.21 -> 49019.355
B74: C-00092-0 | D74: BIT 110 Ø4 | E74: =+VLOOKUP(B74,'LISTA NACIONAL'!A:B,2,0) -> 50369.806 | F74: =+E74*1.21 -> 60947.465
B75: C-00028-0 | D75: CLX 100 / MAVERICK 100 Ø3 | E75: =+VLOOKUP(B75,'LISTA NACIONAL'!A:B,2,0) -> 36520.951 | F75: =+E75*1.21 -> 44190.351
B76: C-00075-0 | D76: CL 110 / MAVERICK 110 Ø3,5 | E76: =+VLOOKUP(B76,'LISTA NACIONAL'!A:B,2,0) -> 40853.957 | F76: =+E76*1.21 -> 49433.288
B77: C-00042-0 | D77: CG 150 4" CON SOPORTE ADAPTADOR Ø4 | E77: =+VLOOKUP(B77,'LISTA NACIONAL'!A:B,2,0) -> 120213.19 | F77: =+E77*1.21 -> 145457.96
B78: C-00085-0 | D78: C 150 SERIE 2 Mod. 2010 Ø4 | E78: =+VLOOKUP(B78,'LISTA NACIONAL'!A:B,2,0) -> 57632.083 | F78: =+E78*1.21 -> 69734.82
B79: C-00125-0 | D79: C 150 SERIE 2 Mod. 2014 C/SOPORTE Ø4 | E79: =+VLOOKUP(B79,'LISTA NACIONAL'!A:B,2,0) -> 129620.87 | F79: =+E79*1.21 -> 156841.25
B80: C-00051-0 | D80: SKUA CX 150 Ø4 | E80: =+VLOOKUP(B80,'LISTA NACIONAL'!A:B,2,0) -> 57632.083 | F80: =+E80*1.21 -> 69734.82
B81: C-00041-0 | D81: DAKAR 200 Ø4 | E81: =+VLOOKUP(B81,'LISTA NACIONAL'!A:B,2,0) -> 57632.083 | F81: =+E81*1.21 -> 69734.82
B82: C-00115-0 | D82: SIRIUS 200 Ø4 | E82: =+VLOOKUP(B82,'LISTA NACIONAL'!A:B,2,0) -> 58868.669 | F82: =+E82*1.21 -> 71231.089
B83: C-00116-0 | D83: TCP 150 Ø4 | E83: =+VLOOKUP(B83,'LISTA NACIONAL'!A:B,2,0) -> 57175.989 | F83: =+E83*1.21 -> 69182.947
A84: KAWASAKI | B84: C-00026-0 | D84: KAZER Ø3,5 | E84: =+VLOOKUP(B84,'LISTA NACIONAL'!A:B,2,0) -> 41616.002 | F84: =+E84*1.21 -> 50355.362
B85: C-00027-0 | D85: NEOMAX Ø3,5 | E85: =+VLOOKUP(B85,'LISTA NACIONAL'!A:B,2,0) -> 23201.858 | F85: =+E85*1.21 -> 28074.248
A86: SUZUKI | B86: C-00001-0 | D86: FD 110 Ø3,5 | E86: =+VLOOKUP(B86,'LISTA NACIONAL'!A:B,2,0) -> 41616.002 | F86: =+E86*1.21 -> 50355.362
B87: C-00002-0 | D87: FB 100 Ø3,5 | E87: =+VLOOKUP(B87,'LISTA NACIONAL'!A:B,2,0) -> 41616.002 | F87: =+E87*1.21 -> 50355.362
B88: C-00003-0 | D88: FX 110 Ø3,5 | E88: =+VLOOKUP(B88,'LISTA NACIONAL'!A:B,2,0) -> 41616.002 | F88: =+E88*1.21 -> 50355.362
B89: C-00064-0 | D89: EN 125 2 A Ø4 | E89: =+VLOOKUP(B89,'LISTA NACIONAL'!A:B,2,0) -> 61085.432 | F89: =+E89*1.21 -> 73913.373
B90: C-00004-0 | D90: DR 250 / 350 Ø4 | E90: =+VLOOKUP(B90,'LISTA NACIONAL'!A:B,2,0) -> 49888.223 | F90: =+E90*1.21 -> 60364.75
A91: YAMAHA | B91: C-00025-0 | D91: CRYPTON Ø3,5 | E91: =+VLOOKUP(B91,'LISTA NACIONAL'!A:B,2,0) -> 40497.029 | F91: =+E91*1.21 -> 49001.405
B92: C-00101-0 | D92: NEW CRYPTON 2011 C/RECUPERADOR DE GASES Ø3,5 | E92: =+VLOOKUP(B92,'LISTA NACIONAL'!A:B,2,0) -> 41284.558 | F92: =+E92*1.21 -> 49954.315
B93: C-00108-0 | D93: NEW CRYPTON 2011 SIN RECUP. DE GASES Ø3,5 | E93: =+VLOOKUP(B93,'LISTA NACIONAL'!A:B,2,0) -> 41290.245 | F93: =+E93*1.21 -> 49961.196
B94: C-00024-0 | D94: YBR 125 Ø4 | E94: =+VLOOKUP(B94,'LISTA NACIONAL'!A:B,2,0) -> 110554.23 | F94: =+E94*1.21 -> 133770.61
B95: C-00019-0 | D95: XTZ 125 Ø4 | E95: =+VLOOKUP(B95,'LISTA NACIONAL'!A:B,2,0) -> 57636.322 | F95: =+E95*1.21 -> 69739.95
B96: C-00067-0 | D96: FZ 160 Ø4 | E96: =+VLOOKUP(B96,'LISTA NACIONAL'!A:B,2,0) -> 112546.6 | F96: =+E96*1.21 -> 136181.39
B97: C-00060-0 | D97: XTZ 250 Ø4 | E97: =+VLOOKUP(B97,'LISTA NACIONAL'!A:B,2,0) -> 64669.135 | F97: =+E97*1.21 -> 78249.653
B98: C-00097-0 | D98: TTR 230 Ø4 | E98: =+VLOOKUP(B98,'LISTA NACIONAL'!A:B,2,0) -> 60511.764 | F98: =+E98*1.21 -> 73219.234
B99: C-00099-0 | D99: YBR 250 Ø4,5 | E99: =+VLOOKUP(B99,'LISTA NACIONAL'!A:B,2,0) -> 76348.668 | F99: =+E99*1.21 -> 92381.888
B100: C-00106-0 | D100: YS FAZER 250 Ø4,5 | E100: =+VLOOKUP(B100,'LISTA NACIONAL'!A:B,2,0) -> 70781.191 | F100: =+E100*1.21 -> 85645.241
A101: BRAVA | B101: C-00090-0 | D101: NEVADA 110 Ø3,5 | E101: =+VLOOKUP(B101,'LISTA NACIONAL'!A:B,2,0) -> 40853.957 | F101: =+E101*1.21 -> 49433.288
B102: C-00063-0 | D102: ALTINO 150 Mod. 2010 ( Faro Redondo) Ø4 | E102: =+VLOOKUP(B102,'LISTA NACIONAL'!A:B,2,0) -> 58218.507 | F102: =+E102*1.21 -> 70444.393
B103: C-00066-0 | D103: ALTINO 150 R (Ultimo Modelo) Ø4 | E103: =+VLOOKUP(B103,'LISTA NACIONAL'!A:B,2,0) -> 58218.507 | F103: =+E103*1.21 -> 70444.393
B104: C-00053-0 | D104: TEXANA 200 Ø4 | E104: =+VLOOKUP(B104,'LISTA NACIONAL'!A:B,2,0) -> 58218.507 | F104: =+E104*1.21 -> 70444.393
B105: C-00074-0 | D105: TEXANA 200 MOTARD Ø4 | E105: =+VLOOKUP(B105,'LISTA NACIONAL'!A:B,2,0) -> 58218.507 | F105: =+E105*1.21 -> 70444.393
A106: ZANELLA | B106: C-00083-0 | D106: ZANELLA ZB 110 Ø3,5 | E106: =+VLOOKUP(B106,'LISTA NACIONAL'!A:B,2,0) -> 40511.864 | F106: =+E106*1.21 -> 49019.355
B107: C-00042-0 | D107: ZANELLA RX 150 Ø4 CON SOPORTE ADAPTADOR | E107: =+VLOOKUP(B107,'LISTA NACIONAL'!A:B,2,0) -> 120213.19 | F107: =+E107*1.21 -> 145457.96
B108: C-00121-0 | D108: ZANELLA RX 150 R Ø4 | E108: =+VLOOKUP(B108,'LISTA NACIONAL'!A:B,2,0) -> 58217.089 | F108: =+E108*1.21 -> 70442.678
A109: IMSA | B109: C-00088-0 | D109: TRACK Ø3,5 | E109: =+VLOOKUP(B109,'LISTA NACIONAL'!A:B,2,0) -> 40511.173 | F109: =+E109*1.21 -> 49018.519
B110: C-00043-0 | D110: ROAD 125/150/TROPHY Ø4 | E110: =+VLOOKUP(B110,'LISTA NACIONAL'!A:B,2,0) -> 58188.771 | F110: =+E110*1.21 -> 70408.413
A111: VARIOS | B111: C-00032-0 | D111: MODENA KRISS 110 Ø3,5 | E111: =+VLOOKUP(B111,'LISTA NACIONAL'!A:B,2,0) -> 40853.957 | F111: =+E111*1.21 -> 49433.288
B112: C-00128-0 | D112: CORVEM ENERGY 110 Ø3,5 | E112: =+VLOOKUP(B112,'LISTA NACIONAL'!A:B,2,0) -> 40853.957 | F112: =+E112*1.21 -> 49433.288
D114: LINEA ALUMINIO HEXAGONAL
B116: CODIGO | C116: PEDIDO | D116: MODELO / DESCRIPCION | E116: PRECIO S/ IVA | F116: PRECIO C/IVA
A117: GUERRERO | B117: C-00132-1 | D117: THUNDRA 200 - NEGRO | E117: =+VLOOKUP(B117,'LISTA NACIONAL'!A:B,2,0) -> 145102.48 | F117: =+E117*1.21 -> 175574.01
B118: C-00033-1 | D118: TRIP - NEGRO | E118: =+VLOOKUP(B118,'LISTA NACIONAL'!A:B,2,0) -> 63659.189 | F118: =+E118*1.21 -> 77027.619
A119: HONDA | B119: C-00038-1 | D119: DAX - NEGRO | E119: =+VLOOKUP(B119,'LISTA NACIONAL'!A:B,2,0) -> 63659.189 | F119: =+E119*1.21 -> 77027.619
B120: C-00021-1 | D120: WAVE - NEGRO | E120: =+VLOOKUP(B120,'LISTA NACIONAL'!A:B,2,0) -> 66262.652 | F120: =+E120*1.21 -> 80177.809
B121: C-00127-1 | D121: WAVE 110 Mod Nuevo | E121: =+VLOOKUP(B121,'LISTA NACIONAL'!A:B,2,0) -> 66262.652 | F121: =+E121*1.21 -> 80177.809
B122: C-00146-1 | D122: WAVE S 110 NUEVO | E122: =+VLOOKUP(B122,'LISTA NACIONAL'!A:B,2,0) -> 105981.64 | F122: =+E122*1.21 -> 128237.79
...

Sheet CURVA ESCAPE
C6: CURVAS DE ESCAPE
A7: CODIGO | B7: PEDIDOS | C7: DESCRIPCION | D7: PRECIO S/IVA | E7: PRECIO C/IVA
A8: C-M0051-0 | C8: CURVA DE ESCAPE MOTOMEL SKUA | D8: =+VLOOKUP(A8,'LISTA NACIONAL'!A:B,2,0) -> 12960 | E8: =+D8*1.21 -> 15681.6
A9: C-M0058-0 | C9: CURVA DE ESCAPE 110 UNIVERSAL NUEVO | D9: =+VLOOKUP(A9,'LISTA NACIONAL'!A:B,2,0) -> 4925 | E9: =+D9*1.21 -> 5959.25
A10: C-M0126-0 | C10: CURVA DE ESCAPE HONDA NEW WAVE NUEVO | D10: =+VLOOKUP(A10,'LISTA NACIONAL'!A:B,2,0) -> 6115.5 | E10: =+D10*1.21 -> 7399.755
A11: C-M0111-0 | C11: CURVA DE ESCAPE HONDA BIZ 125 NUEVO | D11: =+VLOOKUP(A11,'LISTA NACIONAL'!A:B,2,0) -> 6115.5 | E11: =+D11*1.21 -> 7399.755
A12: C-M0127-0 | C12: CURVA ESCAPE HONDA WAVE S 110 | D12: =+VLOOKUP(A12,'LISTA NACIONAL'!A:B,2,0) -> 6660.9 | E12: =+D12*1.21 -> 8059.689
A13: C-M0025-0 | C13: CURVA DE ESCAPE YAMAHA CRYPTON NUEVO | D13: =+VLOOKUP(A13,'LISTA NACIONAL'!A:B,2,0) -> 6115.5 | E13: =+D13*1.21 -> 7399.755
A14: C-M0108-0 | C14: CURVA DE ESCAPE YAMAHA NEW CRYPTON NUEVO | D14: =+VLOOKUP(A14,'LISTA NACIONAL'!A:B,2,0) -> 6444.9 | E14: =+D14*1.21 -> 7798.329
A15: C-M0042-0 | C15: CURVA ESCAPE RX 150 / CHINAS VS | D15: =+VLOOKUP(A15,'LISTA NACIONAL'!A:B,2,0) -> 11745 | E15: =+D15*1.21 -> 14211.45
A16: C-M0005-0 | C16: CURVA ESCAPE HONDA DAX 70 | D16: =+VLOOKUP(A16,'LISTA NACIONAL'!A:B,2,0) -> 6837 | E16: =+D16*1.21 -> 8272.77
C17: JUNTAS DE ESCAPE
A18: CODIGO | B18: PEDIDOS | C18: DESCRIPCION | D18: PRECIO S/IVA | E18: PRECIO C/IVA
A19: J-E0001-0 | C19: JUNTA ESCAPE 110cc | D19: =+VLOOKUP(A19,'LISTA NACIONAL'!A:B,2,0) -> 192 | E19: =+D19*1.21 -> 232.32
A20: J-E0002-0 | C20: JUNTA ESCAPE 125cc | D20: =+VLOOKUP(A20,'LISTA NACIONAL'!A:B,2,0) -> 192 | E20: =+D20*1.21 -> 232.32

Sheet CAMARAS
A8: CAMARAS 100% BUTILICAS | F8: PEDIDO
A9: RAMVEL
D10: DÓLAR | E10: PESOS
A11: CODIGO | B11: PEDIDOS | C11: DESCRIPCION | D11: PRECIO S/IVA | E11: PRECIO C/IVA
A12: K-C10350-R | C12: 350 X 10 | D12: =+VLOOKUP(A12,'LISTA IMPORTADO'!A:B,2,0) -> 4.13 | E12: =+(D12*$G$14)*1.21 -> 0
A13: K-C13130-R | C13: 130 x 13 | D13: =+VLOOKUP(A13,'LISTA IMPORTADO'!A:B,2,0) -> 5.746 | E13: =+(D13*$G$14)*1.21 -> 0
A14: K-C14300-R | C14: 300 x 14 | D14: =+VLOOKUP(A14,'LISTA IMPORTADO'!A:B,2,0) -> 2.46 | E14: =+(D14*$G$14)*1.21 -> 0 | F14: DÓLAR | G14: =+'ERO DISTRIBUCIONES SRL'!G48 -> 0
A15: K-C16225-R | C15: 225 x 16 | D15: =+VLOOKUP(A15,'LISTA IMPORTADO'!A:B,2,0) -> 2.666 | E15: =+(D15*$G$14)*1.21 -> 0
A16: K-C16350-R | C16: 350 x 16 | D16: =+VLOOKUP(A16,'LISTA IMPORTADO'!A:B,2,0) -> 4.862 | E16: =+(D16*$G$14)*1.21 -> 0
A17: K-C17225-R | C17: 225 / 250 x 17 | D17: =+VLOOKUP(A17,'LISTA IMPORTADO'!A:B,2,0) -> 2.46 | E17: =+(D17*$G$14)*1.21 -> 0
A18: K-C17300-R | C18: 275 / 300 x 17 | D18: =+VLOOKUP(A18,'LISTA IMPORTADO'!A:B,2,0) -> 4.071 | E18: =+(D18*$G$14)*1.21 -> 0
A19: K-C17410-R | C19: 410 x 17 | D19: =+VLOOKUP(A19,'LISTA IMPORTADO'!A:B,2,0) -> 3.021 | E19: =+(D19*$G$14)*1.21 -> 0
A20: K-C18300-R | C20: 275 / 300 x 18 | D20: =+VLOOKUP(A20,'LISTA IMPORTADO'!A:B,2,0) -> 2.871 | E20: =+(D20*$G$14)*1.21 -> 0
A21: K-C18410-R | C21: 410 x 18 | D21: =+VLOOKUP(A21,'LISTA IMPORTADO'!A:B,2,0) -> 3.817 | E21: =+(D21*$G$14)*1.21 -> 0
A22: K-C19300-R | C22: 300 x 19 | D22: =+VLOOKUP(A22,'LISTA IMPORTADO'!A:B,2,0) -> 4.204 | E22: =+(D22*$G$14)*1.21 -> 0
A23: K-C21300-R | C23: 300 x 21 | D23: =+VLOOKUP(A23,'LISTA IMPORTADO'!A:B,2,0) -> 3.517 | E23: =+(D23*$G$14)*1.21 -> 0
C25: DRN- LINEA PREMIUM
A26: K-C8400-0 | C26: 400x8 | D26: =+VLOOKUP(A26,'LISTA IMPORTADO'!A:B,2,0) -> 7.344 | E26: =+(D26*$G$14)*1.21 -> 0
A27: K-C10350-0 | C27: 350 x 10 | D27: =+VLOOKUP(A27,'LISTA IMPORTADO'!A:B,2,0) -> 4.216 | E27: =+(D27*$G$14)*1.21 -> 0
A28: K-C13130-0 | C28: 130/60 x 13 | D28: =+VLOOKUP(A28,'LISTA IMPORTADO'!A:B,2,0) -> #N/A | E28: =+(D28*$G$14)*1.21 -> #N/A
A29: K-C14300-0 | C29: 300 x 14 | D29: =+VLOOKUP(A29,'LISTA IMPORTADO'!A:B,2,0) -> 4.144 | E29: =+(D29*$G$14)*1.21 -> 0
A30: K-C15130-0 | C30: 130/90 x 15 | D30: =+VLOOKUP(A30,'LISTA IMPORTADO'!A:B,2,0) -> 7.181 | E30: =+(D30*$G$14)*1.21 -> 0
A31: K-C16350-0 | C31: 350 x 16 | D31: =+VLOOKUP(A31,'LISTA IMPORTADO'!A:B,2,0) -> 5.81 | E31: =+(D31*$G$14)*1.21 -> 0
A32: K-C17225-0 | C32: 225 / 250 x 17 | D32: =+VLOOKUP(A32,'LISTA IMPORTADO'!A:B,2,0) -> 5.012 | E32: =+(D32*$G$14)*1.21 -> 0
A33: K-C17300-0 | C33: 275/300 x 17 | D33: =+VLOOKUP(A33,'LISTA IMPORTADO'!A:B,2,0) -> 4.766 | E33: =+(D33*$G$14)*1.21 -> 0
A34: K-C17410-0 | C34: 4.10 x 17 | D34: =+VLOOKUP(A34,'LISTA IMPORTADO'!A:B,2,0) -> 3.425 | E34: =+(D34*$G$14)*1.21 -> 0
A35: K-C18300-0 | C35: 300 x 18 | D35: =+VLOOKUP(A35,'LISTA IMPORTADO'!A:B,2,0) -> 4.703 | E35: =+(D35*$G$14)*1.21 -> 0
A36: K-C18410-0 | C36: 410 x 18 | D36: =+VLOOKUP(A36,'LISTA IMPORTADO'!A:B,2,0) -> 4.479 | E36: =+(D36*$G$14)*1.21 -> 0
A37: K-C19300-0 | C37: 275/300 x 19 | D37: =+VLOOKUP(A37,'LISTA IMPORTADO'!A:B,2,0) -> 4.642 | E37: =+(D37*$G$14)*1.21 -> 0
A38: K-C21300-0 | C38: 275/300 x 21 | D38: =+VLOOKUP(A38,'LISTA IMPORTADO'!A:B,2,0) -> 6.23 | E38: =+(D38*$G$14)*1.21 -> 0

Sheet DISCOS
A4: DISCOS DE FRENOS | F4: PEDIDO
A5: CODIGO | B5: PEDIDO | C5: DESCRIPCION | D5: PRECIO S/ IVA | E5: PRECIO C/ IVA
A6: D-I1001-0 | C6: DISCO FRENO DELANTERO CR / CRF / XR | D6: =+VLOOKUP(A6,'LISTA NACIONAL'!A:B,2,0) -> 98847.894 | E6: =+D6*1.21 -> 119605.95
A7: D-I1001-E | C7: DISCO FRENO DELANTERO CR /CRF/XR EXTREME | D7: =+VLOOKUP(A7,'LISTA NACIONAL'!A:B,2,0) -> 98847.894 | E7: =+D7*1.21 -> 119605.95
A8: D-I1002-0 | C8: DISCO FRENO TRASERO HONDA CR HASTA 97 | D8: =+VLOOKUP(A8,'LISTA NACIONAL'!A:B,2,0) -> 101897.36 | E8: =+D8*1.21 -> 123295.81
A9: D-I1005-0 | C9: DISCO FRENO TRASERO HONDA CR 80/CRF 15 | D9: =+VLOOKUP(A9,'LISTA NACIONAL'!A:B,2,0) -> 101897.36 | E9: =+D9*1.21 -> 123295.81
A10: D-I1013-0 | C10: DISCO FRENO TRASERO SUZUKI / KAWASAKI / | D10: =+VLOOKUP(A10,'LISTA NACIONAL'!A:B,2,0) -> #N/A | E10: =+D10*1.21 -> #N/A
A11: D-I1013-E | C11: DISCO FRENO TRASERO HONDA CRF/XR/NX4/XRE | D11: =+VLOOKUP(A11,'LISTA NACIONAL'!A:B,2,0) -> 98945.855 | E11: =+D11*1.21 -> 119724.48
A12: D-I1014-0 | C12: DISCO FRENO TRASERO SUZUKI RM/RMX/DRZ | D12: =+VLOOKUP(A12,'LISTA NACIONAL'!A:B,2,0) -> 108141.1 | E12: =+D12*1.21 -> 130850.74
A13: D-I1015-0 | C13: DISCO FRENO DELANTERO KAWASAKI KDX/KLX/ | D13: =+VLOOKUP(A13,'LISTA NACIONAL'!A:B,2,0) -> 101897.36 | E13: =+D13*1.21 -> 123295.81
A14: D-I1017-0 | C14: DISCO FRENO DELANTERO YAMAHA/KAWASAKI/SU | D14: =+VLOOKUP(A14,'LISTA NACIONAL'!A:B,2,0) -> 110245.07 | E14: =+D14*1.21 -> 133396.53
A15: D-I1017OS270 | C15: DISCO FRENO DELANTERO YAMAHA/KAWASAKI/SU | D15: =+VLOOKUP(A15,'LISTA NACIONAL'!A:B,2,0) -> 131020.63 | E15: =+D15*1.21 -> 158534.96
A16: D-I1017OS278 | C16: DISCO FRENO DELANTERO YAMAHA/KAWASAKI/SU | D16: =+VLOOKUP(A16,'LISTA NACIONAL'!A:B,2,0) -> 131020.63 | E16: =+D16*1.21 -> 158534.96
A17: D-I1024-0 | C17: DISCO FRENO TRASERO KAWASAKI KX/KDX 200 | D17: =+VLOOKUP(A17,'LISTA NACIONAL'!A:B,2,0) -> 101897.36 | E17: =+D17*1.21 -> 123295.81
... A104: D-I2208-0 | C104: DISCO DE FRENO TRASERO KAWASAKI KXF/KLX | D104: =+VLOOKUP(A104,'LISTA NACIONAL'!A:B,2,0) -> 112464.02 | E104: =+D104*1.21 -> 136081.47

Sheet FICHAS E INSTALACIONES
A6: FICHAS Y CONEXIONES UNIVERSALES | H6: PEDIDO | J6: FICHAS Y CONEXIONES UNIVERSALES
A7: CODIGO | B7: PEDIDO | C7: DESCRIPCION | D7: MOTO | E7: PINES | F7: PRECIO | G7: PRECIO C/ IVA
A8: K-IN001-0 | C8: GUIÑOS / BULBO STOP / TANQUE DE NAFTA | D8: SMASH / BIZ / CG / TITAN | E8: 2 PINES MACHO - HEMBRA | F8: =+VLOOKUP(A8,'LISTA NACIONAL'!A:B,2,0) -> 1516.32 | G8: =+F8*1.21 -> 1834.7472 | J8: INSTALACIONES ELECTRICAS
A9: K-IN001-1 | C9: GUIÑOS / BULBO STOP / TANQUE DE NAFTA | D9: SMASH / BIZ / CG / TITAN | E9: 2 PINES HEMBRA | F9: =+VLOOKUP(A9,'LISTA NACIONAL'!A:B,2,0) -> 741.733 | G9: =+F9*1.21 -> 897.49693
A10: K-IN001-2 | C10: GUIÑOS / BULBO STOP / TANQUE DE NAFTA | D10: SMASH / BIZ / CG / TITAN | E10: 2 PINES MACHO | F10: =+VLOOKUP(A10,'LISTA NACIONAL'!A:B,2,0) -> 774.109 | G10: =+F10*1.21 -> 936.67189
A11: K-IN002-0 | C11: FARO TRASERO S/GUIÑOS | D11: CG / TITAN / RX / SKUA / TORNADO | E11: 3 PINES MACHO - HEMBRA | F11: =+VLOOKUP(A11,'LISTA NACIONAL'!A:B,2,0) -> 1902.42 | G11: =+F11*1.21 -> 2301.9282
A12: K-IN002-1 | C12: FARO TRASERO S/GUIÑOS | D12: CG / TITAN / RX / SKUA / TORNADO | E12: 3 PINES HEMBRA | F12: =+VLOOKUP(A12,'LISTA NACIONAL'!A:B,2,0) -> 930.347 | G12: =+F12*1.21 -> 1125.7199
A13: K-IN002-2 | C13: FARO TRASERO S/GUIÑOS | D13: CG / TITAN / RX / SKUA / TORNADO | E13: 3 PINES MACHO | F13: =+VLOOKUP(A13,'LISTA NACIONAL'!A:B,2,0) -> 973.436 | G13: =+F13*1.21 -> 1177.8576
A14: K-IN003-0 | C14: FARO TRASERO C/GUIÑOS | D14: SMASH / TRIP | E14: 5 PINES HEMBRA | F14: =+VLOOKUP(A14,'LISTA NACIONAL'!A:B,2,0) -> 1514.973 | G14: =+F14*1.21 -> 1833.1173
A15: K-IN004-0 | C15: LLAVE DE LUZ 110cc / INSTALACION CENTRAL MONOFASICA | D15: SMASH / TRIP | E15: 4 PINES MACHO - HEMBRA | F15: =+VLOOKUP(A15,'LISTA NACIONAL'!A:B,2,0) -> 2171.988 | G15: =+F15*1.21 -> 2628.1055
A16: K-IN004-1 | C16: LLAVE DE LUZ 110cc / INSTALACION CENTRAL MONOFASICA | D16: SMASH / TRIP | E16: 4 PINES HEMBRA | F16: =+VLOOKUP(A16,'LISTA NACIONAL'!A:B,2,0) -> 1096.427 | G16: =+F16*1.21 -> 1326.6767
A17: K-IN004-2 | C17: LLAVE DE LUZ 110cc / INSTALACION CENTRAL MONOFASICA | D17: SMASH / TRIP | E17: 4 PINES MACHO | F17: =+VLOOKUP(A17,'LISTA NACIONAL'!A:B,2,0) -> 1076.868 | G17: =+F17*1.21 -> 1303.0103
A18: K-IN005-0 | C18: INDICADOR DE CAMBIO VELOCIMETRO | D18: SMASH / TRIP | E18: 6 PINES MACHO - HEMBRA | F18: =+VLOOKUP(A18,'LISTA NACIONAL'!A:B,2,0) -> 3236.22 | G18: =+F18*1.21 -> 3915.8262
A19: K-IN005-1 | C19: INDICADOR DE CAMBIO VELOCIMETRO | D19: SMASH / TRIP | E19: 6 PINES HEMBRA | F19: =+VLOOKUP(A19,'LISTA NACIONAL'!A:B,2,0) -> 1584.023 | G19: =+F19*1.21 -> 1916.6678
A20: K-IN005-2 | C20: INDICADOR DE CAMBIO VELOCIMETRO | D20: SMASH / TRIP | E20: 6 PINES MACHO | F20: =+VLOOKUP(A20,'LISTA NACIONAL'!A:B,2,0) -> 1652.411 | G20: =+F20*1.21 -> 1999.4173
... A36: K-IN011-0 | C36: FICHA DESTELLADOR | D36: UNIVERSAL | E36: 2 PINES | F36: =+VLOOKUP(A36,'LISTA NACIONAL'!A:B,2,0) -> 797.753 | G36: =+F36*1.21 -> 965.28113
C37: CONEXIONES PARA REGULADORES Y CDI
A38: CODIGO | B38: PEDIDO | C38: DESCRIPCION | D38: MOTO | E38: PINES | F38: PRECIO | G38: PRECIO C/ IVA
A39: K-IN020-0 | C39: REGULADOR VOLTAGE TRIFASICO | D39: UNIVERSAL - LLAVE CONTACTO BIZ / TRIP / SMASH | E39: 5 PINES MACHO - HEMBRA | F39: =+VLOOKUP(A39,'LISTA NACIONAL'!A:B,2,0) -> 3362.58 | G39: =+F39*1.21 -> 4068.7218
A40: K-IN020-1 | C40: REGULADOR VOLTAGE TRIFASICO | D40: UNIVERSAL - LLAVE CONTACTO BIZ / TRIP / SMASH | E40: 5 PINES HEMBRA | F40: =+VLOOKUP(A40,'LISTA NACIONAL'!A:B,2,0) -> 1541.592 | G40: =+F40*1.21 -> 1865.3263
A41: K-IN020-2 | C41: REGULADOR VOLTAGE TRIFASICO | D41: UNIVERSAL - LLAVE CONTACTO BIZ / TRIP / SMASH | E41: 5 PINES MACHO | F41: =+VLOOKUP(A41,'LISTA NACIONAL'!A:B,2,0) -> 1823.796 | G41: =+F41*1.21 -> 2206.7932
A42: K-IN021-0 | C42: REGULADOR VOLTAGE TRIFASICO | D42: UNIVERSAL | E42: 3 PINES MACHO - HEMBRA | F42: =+VLOOKUP(A42,'LISTA NACIONAL'!A:B,2,0) -> 2066.688 | G42: =+F42*1.21 -> 2500.6925
A43: K-IN022-0 | C43: REGULADOR VOLTAGE MONOFASICO | D43: UNIVERSAL - BIZ - BIT | E43: 4 PINES MACHO - HEMBRA | F43: =+VLOOKUP(A43,'LISTA NACIONAL'!A:B,2,0) -> 2820.15 | G43: =+F43*1.21 -> 3412.3815
A44: K-IN022-1 | C44: REGULADOR VOLTAGE MONOFASICO | D44: UNIVERSAL - BIZ - BIT | E44: 4 PINES HEMBRA | F44: =+VLOOKUP(A44,'LISTA NACIONAL'!A:B,2,0) -> 1356.264 | G44: =+F44*1.21 -> 1641.0794
A45: K-IN022-2 | C45: REGULADOR VOLTAGE MONOFASICO | D45: UNIVERSAL - BIZ - BIT | E45: 4 PINES MACHO | F45: =+VLOOKUP(A45,'LISTA NACIONAL'!A:B,2,0) -> 1464.75 | G45: =+F45*1.21 -> 1772.3475
A46: K-IN023-0 | C46: FICHA REGULADOR VOLTAGE MONOFASICO | D46: DAY - SKUA | E46: 5 PINES HEMBRA | F46: =+VLOOKUP(A46,'LISTA NACIONAL'!A:B,2,0) -> 1514.916 | G46: =+F46*1.21 -> 1833.0484
A47: K-IN024-0 | C47: CDI | D47: BIZ / NEVADA / SMASH | E47: 5 PINES HEMBRA | F47: =+VLOOKUP(A47,'LISTA NACIONAL'!A:B,2,0) -> 1514.916 | G47: =+F47*1.21 -> 1833.0484
A48: K-IN025-0 | C48: CDI | D48: CG TODAY / CBX / NX / TITAN | E48: 2 Y 4 PINES HEMBRA - HEMBRA | F48: =+VLOOKUP(A48,'LISTA NACIONAL'!A:B,2,0) -> 1787.292 | G48: =+F48*1.21 -> 2162.6233
A49: K-IN026-0 | C49: CDI | D49: CG TODAY / CBX / NX / TITAN | E49: 2 PINES HEMBRA | F49: =+VLOOKUP(A49,'LISTA NACIONAL'!A:B,2,0) -> 737.1 | G49: =+F49*1.21 -> 891.891
A50: K-IN027-0 | C50: CDI | D50: CG TODAY / CBX / NX / TITAN | E50: 4 PINES HEMBRA | F50: =+VLOOKUP(A50,'LISTA NACIONAL'!A:B,2,0) -> 1050.192 | G50: =+F50*1.21 -> 1270.7323
... A53: K-IN030-0 | C53: CDI | D53: WAVE / RX / MOTOMEL CG S2 | E53: 2 PINES HEMBRA | F53: =+VLOOKUP(A53,'LISTA NACIONAL'!A:B,2,0) -> 930.852 | G53: =+F53*1.21 -> 1126.3309
C54: CONEXIONES PORTA LAMPARA
A55: CODIGO | B55: PEDIDO | C55: DESCRIPCION | D55: MOTO | E55: PINES | F55: PRECIO | G55: PRECIO C/ IVA
A56: K-IN050-0 | C56: PORTA LAMPARA H4 | D56: UNIVERSAL | E56: H4 | F56: =+VLOOKUP(A56,'LISTA NACIONAL'!A:B,2,0) -> 1287.749 | G56: =+F56*1.21 -> 1558.1763
A57: K-IN051-0 | C57: PORTA LAMPARA S/CULOTE - INDICADOR DE TABLERO | D57: UNIVERSAL | F57: =+VLOOKUP(A57,'LISTA NACIONAL'!A:B,2,0) -> 1011.064 | G57: =+F57*1.21 -> 1223.3874
A58: K-IN060-0 | C58: PORTALAMPARA T10 TABLERO - P/ LAMP. S/ CULOTE A PRESION | D58: UNIVERSAL | F58: =+VLOOKUP(A58,'LISTA NACIONAL'!A:B,2,0) -> 954.72 | G58: =+F58*1.21 -> 1155.2112
A59: K-IN064-0 | C59: PORTA LAMPARA PARA GUIÑO | D59: UNIVERSAL | F59: =+VLOOKUP(A59,'LISTA NACIONAL'!A:B,2,0) -> 954.72 | G59: =+F59*1.21 -> 1155.2112
C60: PORTA LAMPARA PARA GUIÑO
A61: CODIGO | B61: PEDIDO | C61: DESCRIPCION | D61: MOTO | E61: PINES | F61: PRECIO | G61: PRECIO C/ IVA
A62: K-IN052-0 | C62: PORTA FUSIBLE CILINDRICO | D62: UNIVERSAL | F62: =+VLOOKUP(A62,'LISTA NACIONAL'!A:B,2,0) -> 863.46 | G62: =+F62*1.21 -> 1044.7866
A63: K-IN053-0 | C63: PORTA FUSIBLE CHATO | D63: UNIVERSAL | F63: =+VLOOKUP(A63,'LISTA NACIONAL'!A:B,2,0) -> 963.144 | G63: =+F63*1.21 -> 1165.4042
A64: K-IN058-0 | C64: RELAY DE ARRANQUE C/FUSIBLE | D64: UNIVERSAL | E64: 4 PINES | F64: =+VLOOKUP(A64,'LISTA NACIONAL'!A:B,2,0) -> 1698.84 | G64: =+F64*1.21 -> 2055.5964
A65: K-IN059-0 | C65: PORTA FUSIBLE FICHA DOBLE C/TAPA | D65: UNIVERSAL | E65: 4 PINES | F65: =+VLOOKUP(A65,'LISTA NACIONAL'!A:B,2,0) -> 2461.212 | G65: =+F65*1.21 -> 2978.0665
C66: CONEXIONES UNIVERSALES
A67: CODIGO | B67: PEDIDO | C67: DESCRIPCION | D67: MOTO | E67: PINES | F67: PRECIO | G67: PRECIO C/ IVA
A68: K-IN057-0 | C68: UNIVERSAL | D68: YAMAHA / VARIAS | E68: 6 PINES HEMBRA - MACHO | F68: =+VLOOKUP(A68,'LISTA NACIONAL'!A:B,2,0) -> 3875.04 | G68: =+F68*1.21 -> 4688.7984
A69: K-IN057-1 | C69: UNIVERSAL | D69: YAMAHA / VARIAS | E69: 6 PINES HEMBRA | F69: =+VLOOKUP(A69,'LISTA NACIONAL'!A:B,2,0) -> 1915.056 | G69: =+F69*1.21 -> 2317.2178
A70: K-IN057-2 | C70: UNIVERSAL | D70: YAMAHA / VARIAS | E70: 6 PINES MACHO | F70: =+VLOOKUP(A70,'LISTA NACIONAL'!A:B,2,0) -> 1959.984 | G70: =+F70*1.21 -> 2371.5806
A71: K-IN054-0 | C71: ESTANCA REDONDA | D71: UNIVERSAL - ENCENDIDO - SISTEMA REFRIGERACION MOTOS ALTA CILINDRADA | E71: 2 PINES HEMBRA | F71: =+VLOOKUP(A71,'LISTA NACIONAL'!A:B,2,0) -> 932.256 | G71: =+F71*1.21 -> 1128.0298
A72: K-IN055-0 | C72: ESTANCA REDONDA | E72: 4 PINES HEMBRA | F72: =+VLOOKUP(A72,'LISTA NACIONAL'!A:B,2,0) -> 1207.861 | G72: =+F72*1.21 -> 1461.5118
A73: K-IN056-0 | C73: UNIVERSAL | D73: PARA ARTEFACTO USB | E73: 2 PINES HEMBRA - MACHO | F73: =+VLOOKUP(A73,'LISTA NACIONAL'!A:B,2,0) -> 1780.272 | G73: =+F73*1.21 -> 2154.1291
A74: K-IN056-1 | C74: UNIVERSAL | D74: PARA ARTEFACTO USB | E74: 2 PINES HEMBRA | F74: =+VLOOKUP(A74,'LISTA NACIONAL'!A:B,2,0) -> 905.58 | G74: =+F74*1.21 -> 1095.7518
A75: K-IN056-2 | C75: UNIVERSAL | D75: PARA ARTEFACTO USB | E75: 2 PINES MACHO | F75: =+VLOOKUP(A75,'LISTA NACIONAL'!A:B,2,0) -> 874.692 | G75: =+F75*1.21 -> 1058.3773
A76: K-IN061-0 | C76: LUCES AUXILIARES UNIVERSAL | D76: UNIVERSAL | E76: 2 PINES HEMBRA - MACHO | F76: =+VLOOKUP(A76,'LISTA NACIONAL'!A:B,2,0) -> 3616.704 | G76: =+F76*1.21 -> 4376.2118
A77: K-IN061-1 | C77: LUCES AUXILIARES UNIVERSAL | D77: UNIVERSAL | E77: 2 PINES HEMBRA | F77: =+VLOOKUP(A77,'LISTA NACIONAL'!A:B,2,0) -> 1874.34 | G77: =+F77*1.21 -> 2267.9514
A78: K-IN061-2 | C78: LUCES AUXILIARES UNIVERSAL | D78: UNIVERSAL | E78: 2 PINES MACHO | F78: =+VLOOKUP(A78,'LISTA NACIONAL'!A:B,2,0) -> 1742.364 | G78: =+F78*1.21 -> 2108.2604
C79: FICHAS Y CONEXIONES UNIVERSALES
A80: CODIGO | B80: PEDIDO | C80: DESCRIPCION | D80: MOTO | E80: PINES | F80: PRECIO | G80: PRECIO C/ IVA
A81: K-IN062-0 | C81: TERMINAL TUBO + AHISLANTE | D81: UNIVERSAL | E81: HEMBRA | F81: =+VLOOKUP(A81,'LISTA NACIONAL'!A:B,2,0) -> 155.844 | G81: =+F81*1.21 -> 188.57124
A82: K-IN063-0 | C82: TERMINAL PERNO + AHISLANTE | D82: UNIVERSAL | E82: MACHO | F82: =+VLOOKUP(A82,'LISTA NACIONAL'!A:B,2,0) -> 138.013 | G82: =+F82*1.21 -> 166.99573
C83: INSTALACIONES ELECTRICAS
A84: CODIGO | B84: PEDIDO | C84: DESCRIPCION | D84: MOTO | E84: PINES | F84: PRECIO | G84: PRECIO C/ IVA
A85: K-IN100-0 | C85: INSTALACION ELECTRICA | D85: GUERRERO DAY GT 110 | F85: =+VLOOKUP(A85,'LISTA NACIONAL'!A:B,2,0) -> 88131.888 | G85: =+F85*1.21 -> 106639.58
A86: K-IN101-0 | C86: INSTALACION ELECTRICA TRIFASICA | D86: TRIP / SMASH | E86: REG. 2 CONECTORES 3 VIAS | F86: =+VLOOKUP(A86,'LISTA NACIONAL'!A:B,2,0) -> 93907.944 | G86: =+F86*1.21 -> 113628.61
A87: K-IN101-1 | C87: INSTALACION ELECTRICA TRIFASICA | D87: TRIP / SMASH | E87: REG. 1 CONECTORES 6 VIAS | F87: =+VLOOKUP(A87,'LISTA NACIONAL'!A:B,2,0) -> 93907.944 | G87: =+F87*1.21 -> 113628.61
A88: K-IN102-0 | C88: INSTALACION ELECTRICA MONOFASICA | D88: TRIP / SMASH | F88: =+VLOOKUP(A88,'LISTA NACIONAL'!A:B,2,0) -> 98859.852 | G88: =+F88*1.21 -> 119620.42
A89: K-IN103-0 | C89: INSTALACION ELECTRICA | D89: HONDA BIZ 105 | F89: =+VLOOKUP(A89,'LISTA NACIONAL'!A:B,2,0) -> 59643.324 | G89: =+F89*1.21 -> 72168.422
A90: K-IN104-0 | C90: INSTALACION ELECTRICA | D90: HONDA WAVE 110 | F90: =+VLOOKUP(A90,'LISTA NACIONAL'!A:B,2,0) -> 103585.72 | G90: =+F90*1.21 -> 125338.72
A91: K-IN105-0 | C91: INSTALACION ELECTRICA | D91: CG TODAY / TITAN | F91: =+VLOOKUP(A91,'LISTA NACIONAL'!A:B,2,0) -> 61093.656 | G91: =+F91*1.21 -> 73923.324
A92: K-IN106-0 | C92: INSTALACION ELECTRICA | D92: HONDA CG 150 ES/ESD | F92: =+VLOOKUP(A92,'LISTA NACIONAL'!A:B,2,0) -> 97410.924 | G92: =+F92*1.21 -> 117867.22

Sheet FILTROS ECONO
A4: CODIGO | B4: PEDIDO | C4: DESCRIPCION | D4: PRECIO S/IVA | E4: PRECIO C/ IVA
A5: K-00430-0 | C5: Filtro de Aire Conico 35 x 55 | D5: =+VLOOKUP(A5,'LISTA NACIONAL'!A:B,2,0) -> 3852.969 | E5: =+D5*1.21 -> 4662.0925
A6: K-00431-0 | C6: Filtro de Aire Conico 39 x 55 | D6: =+VLOOKUP(A6,'LISTA NACIONAL'!A:B,2,0) -> 3852.969 | E6: =+D6*1.21 -> 4662.0925
A7: K-00432-0 | C7: Filtro de Aire Conico 42 x 55 | D7: =+VLOOKUP(A7,'LISTA NACIONAL'!A:B,2,0) -> 3852.969 | E7: =+D7*1.21 -> 4662.0925
A8: K-00433-0 | C8: Filtro de Aire Conico 60 X 55 | D8: =+VLOOKUP(A8,'LISTA NACIONAL'!A:B,2,0) -> 4232.21 | E8: =+D8*1.21 -> 5120.9741
A9: K-00440-0 | C9: Filtro de Aire Conico 35 x 130 | D9: =+VLOOKUP(A9,'LISTA NACIONAL'!A:B,2,0) -> 6299.298 | E9: =+D9*1.21 -> 7622.1506
A10: K-00441-0 | C10: Filtro de Aire Conico 39 x 130 | D10: =+VLOOKUP(A10,'LISTA NACIONAL'!A:B,2,0) -> 6299.298 | E10: =+D10*1.21 -> 7622.1506
A11: K-00442-0 | C11: Filtro de Aire Conico 42 x 130 | D11: =+VLOOKUP(A11,'LISTA NACIONAL'!A:B,2,0) -> 6299.298 | E11: =+D11*1.21 -> 7622.1506
A12: K-00180-0 | C12: FILTRO DE AIRE BIZ/TRIP/SMASH/OTRAS | D12: =+VLOOKUP(A12,'LISTA NACIONAL'!A:B,2,0) -> 1818.086 | E12: =+D12*1.21 -> 2199.8841

Sheet FILTROS BMB
A4: Filtros de Aire ( Troquel ) | F4: PEDIDO
A5: CODIGO ERO | C5: CODIGO ORIGINAL | D5: APLICACIÓN | E5: PRECIO S/ IVA
A6: F-A5001-0 | D6: FILTRO DE AIRE HONDA DAX | E6: =+VLOOKUP(A6,'LISTA NACIONAL'!A:B,2,0) -> 6568.848 | F6: FILTROS
A7: F-A5002-0 | D7: FILTRO DE AIRE BIZ/TRIP/SMASH | E7: =+VLOOKUP(A7,'LISTA NACIONAL'!A:B,2,0) -> 4806.12 | F7: ACCESORIOS PARA FILTROS
A8: F-A5003-0 | C8: 17211-439-000 | D8: FILTRO DE AIRE TODAY / TITAN | E8: =+VLOOKUP(A8,'LISTA NACIONAL'!A:B,2,0) -> 4572.348
A9: F-A5004-0 | C9: 17213-KW1-901 | D9: FILTRO DE AIRE HONDA CBX 150 / 200 | E9: =+VLOOKUP(A9,'LISTA NACIONAL'!A:B,2,0) -> 6592.865
A10: F-A5005-0 | C10: 4CY-14451-00 | D10: FILTRO DE AIRE YAMAHA AXIS / JOG | E10: =+VLOOKUP(A10,'LISTA NACIONAL'!A:B,2,0) -> 5233.589
A11: F-A5006-0 | C11: 1YU-14451-00 | D11: FILTRO DE AIRE YAM. MINT | E11: =+VLOOKUP(A11,'LISTA NACIONAL'!A:B,2,0) -> 5539.032
A12: F-A5007-0 | C12: 18G-14451-00 | D12: FILTRO DE AIRE YAMAHA DT 125 | E12: =+VLOOKUP(A12,'LISTA NACIONAL'!A:B,2,0) -> 4766.916
A13: F-A5008-0 | D13: FILTRO DE AIRE BETA BS 110 | E13: =+VLOOKUP(A13,'LISTA NACIONAL'!A:B,2,0) -> 4129.488
A14: F-A5009-0 | D14: FILTRO DE AIRE BETA URBA 110 | E14: =+VLOOKUP(A14,'LISTA NACIONAL'!A:B,2,0) -> 6160.982
A15: F-A5010-0 | D15: FILTRO DE AIRE BETA PRO RACE | E15: =+VLOOKUP(A15,'LISTA NACIONAL'!A:B,2,0) -> 3915.521
A16: F-A5012-0 | D16: FILTRO DE AIRE SCOOTER BETA SCOOBY | E16: =+VLOOKUP(A16,'LISTA NACIONAL'!A:B,2,0) -> 5260.481
A17: F-A5013-0 | C17: 11013-1141 | D17: FILTRO DE AIRE KAWA NINJA 250 | E17: =+VLOOKUP(A17,'LISTA NACIONAL'!A:B,2,0) -> 7785.13
A18: F-A5014-0 | D18: FILTRO DE AIRE KARTING MOTOR ROTAX | E18: =+VLOOKUP(A18,'LISTA NACIONAL'!A:B,2,0) -> 15464.99
A19: F-A5015-0 | D19: FILTRO DE AIRE HONDA XR 650 DOBLE E | E19: =+VLOOKUP(A19,'LISTA NACIONAL'!A:B,2,0) -> 21515.851
A20: F-A5016-0 | D20: FILTRO DE AIRE YAMAHA YZF 450 2010 | E20: =+VLOOKUP(A20,'LISTA NACIONAL'!A:B,2,0) -> 19220.299
A21: F-A5017-0 | D21: FILTRO DE AIRE HONDA MB 100 | E21: =+VLOOKUP(A21,'LISTA NACIONAL'!A:B,2,0) -> 5605.562
A22: F-A5018-0 | D22: FILTRO DE AIRE UNIVERSAL -180 X 250- | E22: =+VLOOKUP(A22,'LISTA NACIONAL'!A:B,2,0) -> 14810.4
A23: F-A5019-0 | D23: FILTRO DE AIRE BENELLI TNT 300 | E23: =+VLOOKUP(A23,'LISTA NACIONAL'!A:B,2,0) -> 19209.96
A24: F-A5020-0 | D24: FILTRO DE AIRE BENELLI TNT 600 | E24: =+VLOOKUP(A24,'LISTA NACIONAL'!A:B,2,0) -> 19209.96
A25: F-A5022-0 | D25: FILTRO DE AIRE BENELLI TRK 502 | E25: =+VLOOKUP(A25,'LISTA NACIONAL'!A:B,2,0) -> 20105.844
C26: Filtros de Aire ( Faja )
A27: F-A1401-0 | C27: 17213-KB7-000 | D27: HONDA NX 150 - XL 125 R - XL250R | E27: =+VLOOKUP(A27,'LISTA NACIONAL'!A:B,2,0) -> 7684.087
A28: F-A1402-0 | C28: 5hh-14450-00 | D28: YAMAHA YBR-125 Mod.00-08 | E28: =+VLOOKUP(A28,'LISTA NACIONAL'!A:B,2,0) -> 9076.522
A29: F-A1403-0 | C29: 1S4-14451-00 | D29: YAMAHA YBR 250 - YS 250 - XTZ 250 07 --> | E29: =+VLOOKUP(A29,'LISTA NACIONAL'!A:B,2,0) -> 11787.281
A30: F-A1404-0 | D30: BAJAJ ROUSER 135-180-220 | E30: =+VLOOKUP(A30,'LISTA NACIONAL'!A:B,2,0) -> 11831.03
A31: F-A1405-0 | D31: ZANELLA DUE, SOL 50cc | E31: =+VLOOKUP(A31,'LISTA NACIONAL'!A:B,2,0) -> 7441.997
A32: F-A1406-0 | D32: BAJAJ ROUSER 135 | E32: =+VLOOKUP(A32,'LISTA NACIONAL'!A:B,2,0) -> 10999.896
C33: Filtros de Aire ( Sombrero )
A34: F-A1301-0 | C34: 17213-KZ3-730 | D34: FILTRO DE AIRE CR 125/250 C/ORIFICI | E34: =+VLOOKUP(A34,'LISTA NACIONAL'!A:B,2,0) -> 39729.01
A35: F-A1302-0 | C35: 17213-KZ3-730 | D35: FILTRO DE AIRE CR 125/250 S/ORIFICI | E35: =+VLOOKUP(A35,'LISTA NACIONAL'!A:B,2,0) -> 39729.01
A36: F-A1303-0 | C36: 17213-KKO-000 | D36: FILTRO DE AIRE HONDA XR 200 | E36: =+VLOOKUP(A36,'LISTA NACIONAL'!A:B,2,0) -> 24501.319
A37: F-A1304-0 | C37: 17213-KFO-000 | D37: FILTRO DE AIRE HONDA XR 250/400/600 | E37: =+VLOOKUP(A37,'LISTA NACIONAL'!A:B,2,0) -> 35263.486
A38: F-A1305-0 | C38: 17213-GS2-680 | D38: FILTRO DE AIRE HONDA CR 80 | E38: =+VLOOKUP(A38,'LISTA NACIONAL'!A:B,2,0) -> 37803.382
A39: F-A1306-0 | C39: 11013-1152 | D39: FILTRO DE AIRE KAWASAKI KLR 650 TENGAI | E39: =+VLOOKUP(A39,'LISTA NACIONAL'!A:B,2,0) -> 23107.33
A40: F-A1307-0 | C40: 11013-1151 | D40: FILTRO DE AIRE KAWASAKI KMX 125 | E40: =+VLOOKUP(A40,'LISTA NACIONAL'!A:B,2,0) -> 21642.444
A41: F-A1308-0 | C41: 11013-1196 | D41: FILTRO DE AIRE KAWA KDX 200/250 KLX | E41: =+VLOOKUP(A41,'LISTA NACIONAL'!A:B,2,0) -> 26403.307
A42: F-A1309-0 | C42: 13780-14D02 | D42: FILTRO DE AIRE SUZUKI DR 250 / 350 | E42: =+VLOOKUP(A42,'LISTA NACIONAL'!A:B,2,0) -> 24454.078
A43: F-A1310-0 | C43: 13780-12D00 | D43: FILTRO DE AIRE SUZUKIDR 650 | E43: =+VLOOKUP(A43,'LISTA NACIONAL'!A:B,2,0) -> 22386.694
A44: F-A1311-0 | C44: 13780-28E00 | D44: FILTRO DE AIRE SUZUKI RMX 125/250 (92 --->) - RM 125 / 250 (92 --->) | E44: =+VLOOKUP(A44,'LISTA NACIONAL'!A:B,2,0) -> 30065.515
A45: F-A1312-0 | C45: 13780-38300 | D45: FILTRO DE AIRE SUZ.GN 250 / GSX 75 | E45: =+VLOOKUP(A45,'LISTA NACIONAL'!A:B,2,0) -> 23556.24
A46: F-A1313-0 | C46: 13780-44E00 | D46: SUZUKI DR-Z400/GS-500 - (2000 --->) | E46: =+VLOOKUP(A46,'LISTA NACIONAL'!A:B,2,0) -> 39574.318
A47: F-A1314-0 | D47: CAPUCHON Ø150X142 | E47: =+VLOOKUP(A47,'LISTA NACIONAL'!A:B,2,0) -> 37921.246
A48: F-A1315-0 | C48: 11013-1203 | D48: KX 125 / 250 (ESPUMA DOBLE) 92 ---> | E48: =+VLOOKUP(A48,'LISTA NACIONAL'!A:B,2,0) -> 39776.244
A49: F-A1316-0 | D49: BETA MOTARD 200/250 - TR Enduro 200 | E49: =+VLOOKUP(A49,'LISTA NACIONAL'!A:B,2,0) -> 23887.03
A50: F-A1317-0 | D50: BETA RR300450 | E50: =+VLOOKUP(A50,'LISTA NACIONAL'!A:B,2,0) -> 40981.224
A51: F-A1318-0 | D51: YAMAHA YZ 125/250F - YZ450F - SUZUKI RM 125 04-08 / SUZUKI RM 250 / SUZUKI RMZ 250 /450-- GAS-GAS EC300/450 - KTM 300 2T | E51: =+VLOOKUP(A51,'LISTA NACIONAL'!A:B,2,0) -> 38181.43
A52: F-A1319-0 | C52: 13780H23400H000 | D52: SUZUKI AX 100 | E52: =+VLOOKUP(A52,'LISTA NACIONAL'!A:B,2,0) -> 10785.794
A53: F-A1320-0 | C53: 2GU-14451-00 | D53: YAMAHA BANSHEE | E53: =+VLOOKUP(A53,'LISTA NACIONAL'!A:B,2,0) -> 35027.21
A54: F-A1321-0 | C54: 11013-0030 | D54: KAWASAKI KLX 250 | E54: =+VLOOKUP(A54,'LISTA NACIONAL'!A:B,2,0) -> 43355.878
A55: F-A1322-0 | C55: 5TG-14451-00 | D55: YAMAHA ATV - YZF 450 | E55: =+VLOOKUP(A55,'LISTA NACIONAL'!A:B,2,0) -> 39723.468
A56: F-A1323-0 | D56: KELLER MX 260 ENDURO | E56: =+VLOOKUP(A56,'LISTA NACIONAL'!A:B,2,0) -> 46742.813
A57: F-A1324-0 | D57: HONDA TORNADO 250 ANKER | E57: =+VLOOKUP(A57,'LISTA NACIONAL'!A:B,2,0) -> 32806.663
A58: F-A1325-0 | D58: YAMAHA YZ 85 | E58: =+VLOOKUP(A58,'LISTA NACIONAL'!A:B,2,0) -> 35584.57
A59: F-A1326-0 | D59: HONDA CRF R 250 2013-2014 -- HONDA CRF R 450 09-12 | E59: =+VLOOKUP(A59,'LISTA NACIONAL'!A:B,2,0) -> 42932.357
A60: F-A1327-0 | D60: YAMAHA YFM ATV 250/450 MOD 2014 | E60: =+VLOOKUP(A60,'LISTA NACIONAL'!A:B,2,0) -> 44018.508
A61: F-A1328-0 | D61: FILTRO FUNDA POLIESTER YAMAHA ATV - YFZ 450 | E61: =+VLOOKUP(A61,'LISTA NACIONAL'!A:B,2,0) -> 40239.991
A62: F-A1329-0 | D62: MONDIAL RD 200/250 | E62: =+VLOOKUP(A62,'LISTA NACIONAL'!A:B,2,0) -> 17949.514
A63: F-A1330-0 | D63: SUZUKI ATV - LTR 450 MOD 2008 | E63: =+VLOOKUP(A63,'LISTA NACIONAL'!A:B,2,0) -> 35813.081
A64: F-A1331-0 | D64: FILTRO DE AIRE YAMAHA RAPTOR 250 | E64: =+VLOOKUP(A64,'LISTA NACIONAL'!A:B,2,0) -> 31676.544
A65: F-A1332-0 | D65: FILTRO DE AIRE YAMAHA ATV RAPTOR 700 | E65: =+VLOOKUP(A65,'LISTA NACIONAL'!A:B,2,0) -> 44249.126
A66: F-A1333-0 | D66: YAMAHA XTZ 125 | E66: =+VLOOKUP(A66,'LISTA NACIONAL'!A:B,2,0) -> 28668.355
A67: F-A1334-0 | D67: FILTRO DE AIRE HONDA CRF 250 / 450 R ( CROSS) DEL 2005 A 2008 -- HONDA CRF 250 / 450 X (ENDURO) DEL 2005 A 2013--- GUERRERO GRF 250 DEL 2010 A 2015 | E67: =+VLOOKUP(A67,'LISTA NACIONAL'!A:B,2,0) -> 45136.57
... A79: F-A1353-0 | D79: FILTRO DE AIRE CORVEN TXR 250 X | E79: =+VLOOKUP(A79,'LISTA NACIONAL'!A:B,2,0) -> 45648.242
C80: Filtros de Aire Rectos y Cónicos
A81: F-A1202-0 | D81: HONDA TRX-200 FOUR TRAX (88` --->) BOCA Ø70 | E81: =+VLOOKUP(A81,'LISTA NACIONAL'!A:B,2,0) -> 24031.505
A82: F-A1203-0 | D82: CÓNICO BOCA Ø55 ALTURA55 | E82: =+VLOOKUP(A82,'LISTA NACIONAL'!A:B,2,0) -> 12575.947
A83: F-A1204-0 | D83: CÓNICO BOCA Ø39 ALTURA 55 | E83: =+VLOOKUP(A83,'LISTA NACIONAL'!A:B,2,0) -> 11932.392
A84: F-A1205-0 | D84: RECTO BOCA Ø43 ALTURA 70 | E84: =+VLOOKUP(A84,'LISTA NACIONAL'!A:B,2,0) -> 12056.33
A85: F-A1206-0 | D85: RECTO BOCA DESPLAZADA (B/D) Ø39 ALTURA 100 CON RESORTE | E85: =+VLOOKUP(A85,'LISTA NACIONAL'!A:B,2,0) -> 14237.126
A86: F-A1207-0 | D86: RECTO BOCA Ø55 ALTURA 100 | E86: =+VLOOKUP(A86,'LISTA NACIONAL'!A:B,2,0) -> 14669.854
A87: F-A1208-0 | D87: RECTO BOCA Ø55 ALTURA 150 | E87: =+VLOOKUP(A87,'LISTA NACIONAL'!A:B,2,0) -> 16895.448
A88: F-A1209-0 | D88: RECTO BOCA Ø28 ALTURA 45 | E88: =+VLOOKUP(A88,'LISTA NACIONAL'!A:B,2,0) -> 10968.571
A89: F-A1210-0 | D89: CÓNICO BOCA Ø39 ALTURA 45 | E89: =+VLOOKUP(A89,'LISTA NACIONAL'!A:B,2,0) -> 11064.101
A90: F-A1211-0 | D90: CÓNICO BOCA Ø55 ALTURA 70 | E90: =+VLOOKUP(A90,'LISTA NACIONAL'!A:B,2,0) -> 12189.938
A91: F-A1212-0 | D91: RECTO BOCA Ø39 ALTURA 55 | E91: =+VLOOKUP(A91,'LISTA NACIONAL'!A:B,2,0) -> 11064.617
A92: F-A1213-0 | D92: CÓNICO BOCA Ø28 ALTURA 45 | E92: =+VLOOKUP(A92,'LISTA NACIONAL'!A:B,2,0) -> 11064.101
... A163: F-A1290-0 | D163: FILTRO DE AIRE KARTING BOCA 39° 130x70 | E163: =+VLOOKUP(A163,'LISTA NACIONAL'!A:B,2,0) -> 23550.046
D164: Filtro de Aire Reemplazo de Original
A165: F-A2015-0 | D165: FILTRO DE AIRE YAMAHA MT 03 / R3 | E165: =+VLOOKUP(A165,'LISTA NACIONAL'!A:B,2,0) -> 40995.97
A166: F-A2016-0 | D166: FILTRO DE AIRE TORNADO TIPO SOMBRERO | E166: =+VLOOKUP(A166,'LISTA NACIONAL'!A:B,2,0) -> 27287.815
A167: F-A2017-0 | D167: FILTRO DE AIRE ROYAL ENFIELD HIMALAYAN 410 | E167: =+VLOOKUP(A167,'LISTA NACIONAL'!A:B,2,0) -> 81127.973
A168: F-A2019-0 | D168: FILTRO DE AIRE HONDA GLH 150GAUCHA/CB 125 | E168: =+VLOOKUP(A168,'LISTA NACIONAL'!A:B,2,0) -> 22952.071
A169: F-A2020-0 | D169: FILTRO DE AIRE KAWASAKI Z 400-NINJA 400 | E169: =+VLOOKUP(A169,'LISTA NACIONAL'!A:B,2,0) -> 52966.308
A170: F-A2021-0 | D170: FILTRO DE AIRE KTM DUKE/RC (125 -200 - 390) MOD 2011' AL 2019 | E170: =+VLOOKUP(A170,'LISTA NACIONAL'!A:B,2,0) -> 24217.099
A171: F-A2022-0 | D171: FILTRO DE AIRE KTM DUKE/RC MOD 17 EN ADELANTE | E171: =+VLOOKUP(A171,'LISTA NACIONAL'!A:B,2,0) -> 52852.315
A172: F-A2023-0 | D172: TAPA FILTRO DE AIRE KTM 250 / 390 / HUSQVARNA | E172: =+VLOOKUP(A172,'LISTA NACIONAL'!A:B,2,0) -> 41115.218
A173: F-A2024-0 | D173: FILTRO DE AIRE BAJAJ DOMINAR 250 / 400 / NS160 / BAJAJ PULSAR RS220 | E173: =+VLOOKUP(A173,'LISTA NACIONAL'!A:B,2,0) -> 52699.02
A174: F-A2025-0 | D174: FILTRO DE AIRE NEW WAVE MOD. 2013-2016/ WAVE S110MOD 2017-2019 | E174: =+VLOOKUP(A174,'LISTA NACIONAL'!A:B,2,0) -> 26168.201
A175: F-A2026-0 | D175: FILTRO DE AIRE HONDA CB 190/190R | E175: =+VLOOKUP(A175,'LISTA NACIONAL'!A:B,2,0) -> 32939.342
A176: F-A2027-0 | D176: FILTRO DE AIRE TITAN 150 NEW MOD 2015 EN ADELANTE | E176: =+VLOOKUP(A176,'LISTA NACIONAL'!A:B,2,0) -> 24554.645
... A179: F-A2033-0 | D179: FILTRO DE AIRE YAMAHA FZS FI 2.0* | E179: =+VLOOKUP(A179,'LISTA NACIONAL'!A:B,2,0) -> 48662.179
D181: Filtros de Aceite ( Cartucho )
A182: F-C2001-0 | C182: 15412-KFO-000 15410-KFO-010 15412-KFO-305 15410-KL3-670 15410-KFO-000 15412-KFO-010 15410-KFO-305 15410-KFO-315 15412-HM5-A10 15412-KEO-020 | D182: APLICABLE: XR250/XR600/XLX250 NX250/NX650/XL/DOMINATOR CBX250/XR350/XR TUTTIMOD HONDA FX650Vigor 1999-2000 HONDA GB500Clubman 1989 HONDA SLR650… 1997 HONDA XBR500… 1985 HONDA XL250… 1985-1988 HONDA XL350… 1985 HONDA XL600… 1983-1984 HONDA XL600Paris Dakar 1987 HONDA XR400… 1996 HONDA XR500… 1984 HONDA XR650… 2003 KAWASAKI BN125Eliminator 1998 KAWASAKI KLX250… 1993 KAWASAKI KLX300… 2000-2001 | E182: =+VLOOKUP(A182,'LISTA NACIONAL'!A:B,2,0) -> 8762.53
A183: F-C2002-0 | C183: HONDA 15410-426-000 YAMAHA 36Y-13441-00 | D183: HONDA CB350/400 F-500K/T-550FK/SC-650/C/ SC 400 F/F1/F2 - 750 K/F/A/L-900 CF-1000/1100 F CBX 1050 (70 --->) GL 1100 / A - L / SE - 1200 / A - L / SE (75--->) 1200 IG / AG - 1000 L (75 --->) CB 750 C / SC (72 --->) Yamaha FZ750 1985-1988 models Yamaha FZR750 1987-1988 models Yamaha FZR750R 1991-1992 models Yamaha FZX750 1998 model Yamaha FZR1000 Genesis 1987-1990 models Yamaha FJ1100 1984-1986 models Yamaha FJ1200 1986-1995 models Yamaha XJR1300 2000 models and onwards Yamaha XJR1300SP 2000-2001 models | E183: =+VLOOKUP(A183,'LISTA NACIONAL'!A:B,2,0) -> 12611.206
A184: Filtros de Aceite ( Cartucho )
A185: F-C2003-0 | C185: 15412-413-005 | D185: CB-250 T/N 400-450 Honda TRX400FA FourTrax Rancher AT 2004 - 2007 Honda TRX400FGA FourTrax Rancher AT GPScape 2004 - 2007 Honda TRX450FE FourTrax Foreman ES 1998 - 2004 Honda TRX450FM FourTrax Foreman S 1998 - 2004 Honda TRX500FA FourTrax Foreman Rubicon 2001 - 2009 Honda TRX500FGA FourTrax Foreman Rubicon GPScape 2004 - 2009 Honda TRX650FA FourTrax Rincon 2003 - 2005 Honda TRX650FGA FourTrax Rincon GPScape 2004 - 2005 Honda TRX680FA FourTrax Rincon 2006 - 2010 Honda TRX680FGA FourTrax Rincon GPScape 2006 - 2010 Honda VTR250 Interceptor 1988 - 1990 | E185: =+VLOOKUP(A185,'LISTA NACIONAL'!A:B,2,0) -> 13060.769
A186: F-C2005-0 | C186: 21C-E3440-00 | D186: YAMAHA FZ-16 N - FZ-16 S | E186: =+VLOOKUP(A186,'LISTA NACIONAL'!A:B,2,0) -> 12444.658
A187: F-C2006-0 | D187: KTM DUKE 125 / 200/ 390 -- BAJAJ NS 200 NUEVO | E187: =+VLOOKUP(A187,'LISTA NACIONAL'!A:B,2,0) -> 9892.74
...

Sheet IMPORTADO DRN
C5: ARBOL DE LEVA | F5: PEDIDO
D6: DÓLAR | E6: PESOS
A7: CODIGO | B7: PEDIDO | C7: DESCRIPCION | D7: PRECIO S/ IVA | E7: PRECIO C/ IVA | F7: DÓLAR | G7: =+'ERO DISTRIBUCIONES SRL'!G48 -> 0
A8: K-C0057-0 | C8: ARBOL DE LEVA SMASH CORTO | D8: =+VLOOKUP(A8,'LISTA IMPORTADO'!A:B,2,0) -> 5.976 | E8: =+(D8*$G$7)*1.21 -> 0
A9: K-C0058-0 | C9: ARBOL DE LEVA SMASH LARGO C/DESCOMPRESOR | D9: =+VLOOKUP(A9,'LISTA IMPORTADO'!A:B,2,0) -> 6.02 | E9: =+(D9*$G$7)*1.21 -> 0
A10: K-C0059-0 | C10: ARBOL DE LEVA HONDA WAVE S 110 | D10: =+VLOOKUP(A10,'LISTA IMPORTADO'!A:B,2,0) -> 13.842 | E10: =+(D10*$G$7)*1.21 -> 0
A11: K-C0060-0 | C11: ARBOL DE LEVA HONDA BIZ / WAVE S/DESCOMP | D11: =+VLOOKUP(A11,'LISTA IMPORTADO'!A:B,2,0) -> 8.127 | E11: =+(D11*$G$7)*1.21 -> 0
A12: K-C0061-0 | C12: ARBOL DE LEVA TODAY / RX 150 | D12: =+VLOOKUP(A12,'LISTA IMPORTADO'!A:B,2,0) -> 10.174 | E12: =+(D12*$G$7)*1.21 -> 0
A13: K-C0062-0 | C13: ARBOL DE LEVA HONDA TITAN 2000 | D13: =+VLOOKUP(A13,'LISTA IMPORTADO'!A:B,2,0) -> 19.528 | E13: =+(D13*$G$7)*1.21 -> 0
A14: K-C0063-0 | C14: ARBOL DE LEVA HONDA TORNADO ADMISION | D14: =+VLOOKUP(A14,'LISTA IMPORTADO'!A:B,2,0) -> 19.35 | E14: =+(D14*$G$7)*1.21 -> 0
A15: K-C0064-0 | C15: ARBOL DE LEVA HONDA TORNADO ESCAPE | D15: =+VLOOKUP(A15,'LISTA IMPORTADO'!A:B,2,0) -> 19.35 | E15: =+(D15*$G$7)*1.21 -> 0
A16: K-C0065-0 | C16: ARBOL DE LEVA TITAN 150 | D16: =+VLOOKUP(A16,'LISTA IMPORTADO'!A:B,2,0) -> 11.538 | E16: =+(D16*$G$7)*1.21 -> 0
C17: ARCO POSAPIE
A18: K-C0121-1 | C18: ARCO POSAPIE SMASH/ TRIP/ Vs 110 | D18: =+VLOOKUP(A18,'LISTA IMPORTADO'!A:B,2,0) -> 9.421 | E18: =+(D18*$G$7)*1.21 -> 0
A19: K-C0122-0 | C19: ARCO POSAPIE MOTOMEL S2/ HONDA CG 150 | D19: =+VLOOKUP(A19,'LISTA IMPORTADO'!A:B,2,0) -> 18.283 | E19: =+(D19*$G$7)*1.21 -> 0
A20: K-C0132-0 | C20: ARCO POSAPIE HONDA WAVE S 110 | D20: =+VLOOKUP(A20,'LISTA IMPORTADO'!A:B,2,0) -> 14.69 | E20: =+(D20*$G$7)*1.21 -> 0
C21: ACRILICOS
A22: K-C0860-0 | C22: ACRÍLICO TABLERO GILERA SMASH - GUERRERO TRIP | D22: =+VLOOKUP(A22,'LISTA IMPORTADO'!A:B,2,0) -> 2.703 | E22: =+(D22*$G$7)*1.21 -> 0
A23: K-C0861-0 | C23: ACRÍLICO TABLERO HONDA WAVE | D23: =+VLOOKUP(A23,'LISTA IMPORTADO'!A:B,2,0) -> 2.555 | E23: =+(D23*$G$7)*1.21 -> 0
A24: K-C0862-0 | C24: ACRÍLICO TABLERO HONDA BIZ 125 | D24: =+VLOOKUP(A24,'LISTA IMPORTADO'!A:B,2,0) -> 2.462 | E24: =+(D24*$G$7)*1.21 -> 0
A25: K-C0862-1 | C25: ACRILICO TABLERO HONDA BIZ 125 CON DISCO | D25: =+VLOOKUP(A25,'LISTA IMPORTADO'!A:B,2,0) -> 3.091 | E25: =+(D25*$G$7)*1.21 -> 0
A26: K-C0863-0 | C26: ACRILICO TABLERO YAMAHA NEW CRYPTON | D26: =+VLOOKUP(A26,'LISTA IMPORTADO'!A:B,2,0) -> 3.789 | E26: =+(D26*$G$7)*1.21 -> 0
A27: K-C0864-0 | C27: ACRÍLICO TABLERO HONDA WAVE S 110 | D27: =+VLOOKUP(A27,'LISTA IMPORTADO'!A:B,2,0) -> 2.197 | E27: =+(D27*$G$7)*1.21 -> 0
C28: ACOPLE CARBURADOR A FILTRO
A29: K-CS001-0 | C29: ACOPLE CARBURADOR FILTRO DAX / DEI | D29: =+VLOOKUP(A29,'LISTA IMPORTADO'!A:B,2,0) -> 2.101 | E29: =+(D29*$G$7)*1.21 -> 0
C30: BALANCINES
A31: K-C0070-0 | C31: BALANCINES 110cc VARIAS X JGO | D31: =+VLOOKUP(A31,'LISTA IMPORTADO'!A:B,2,0) -> 3.257 | E31: =+(D31*$G$7)*1.21 -> 0
A32: K-C0071-0 | C32: BALANCINES HONDA WAVE S 110 X JGO | D32: =+VLOOKUP(A32,'LISTA IMPORTADO'!A:B,2,0) -> 19.704 | E32: =+(D32*$G$7)*1.21 -> 0
A33: K-C0074-0 | C33: BALANCINES YAMAHA YBR 125/ CRYPTON | D33: =+VLOOKUP(A33,'LISTA IMPORTADO'!A:B,2,0) -> 3.257 | E33: =+(D33*$G$7)*1.21 -> 0
A34: K-C0072-0 | C34: BALANCINES ZANELLA RX 150 SUPERIOR X SET | D34: =+VLOOKUP(A34,'LISTA IMPORTADO'!A:B,2,0) -> 16.663 | E34: =+(D34*$G$7)*1.21 -> 0
A35: K-C0073-0 | C35: BALANCINES ZANELLA RX 150 INFERIOR X SET | D35: =+VLOOKUP(A35,'LISTA IMPORTADO'!A:B,2,0) -> 4.756 | E35: =+(D35*$G$7)*1.21 -> 0
C36: BARRAL SUSPENSION
A37: K-C0001-0 | C37: BARRAL SUSPENSION GILERA SMASH | D37: =+VLOOKUP(A37,'LISTA IMPORTADO'!A:B,2,0) -> 7.63 | E37: =+(D37*$G$7)*1.21 -> 0
A38: K-C0002-0 | C38: BARRAL SUSPENSION HONDA BIZ 125 | D38: =+VLOOKUP(A38,'LISTA IMPORTADO'!A:B,2,0) -> 13.343 | E38: =+(D38*$G$7)*1.21 -> 0
C39: BENDIX
A40: K-C0490-0 | C40: BENDIX DE ARRANQUE 110cc | D40: =+VLOOKUP(A40,'LISTA IMPORTADO'!A:B,2,0) -> 4.328 | E40: =+(D40*$G$7)*1.21 -> 0
A41: K-C0491-0 | C41: BENDIX ARRANQUE MOTOR VARILLERO 150cc | D41: =+VLOOKUP(A41,'LISTA IMPORTADO'!A:B,2,0) -> 13.82 | E41: =+(D41*$G$7)*1.21 -> 0
A42: K-C0492-0 | C42: BENDIX ARRANQUE MOTOR CADENERO 150cc VS. | D42: =+VLOOKUP(A42,'LISTA IMPORTADO'!A:B,2,0) -> 14.436 | E42: =+(D42*$G$7)*1.21 -> 0
A43: K-C0493-0 | C43: BENDIX ARRANQUE MOTOR HONDA WAVE S | D43: =+VLOOKUP(A43,'LISTA IMPORTADO'!A:B,2,0) -> 41.508 | E43: =+(D43*$G$7)*1.21 -> 0
C44: BIELA
A45: K-C0360-0 | C45: BIELA GILERA SMAH CORTA | D45: =+VLOOKUP(A45,'LISTA IMPORTADO'!A:B,2,0) -> 9.007 | E45: =+(D45*$G$7)*1.21 -> 0
A46: K-C0361-0 | C46: BIELA GILERA SMASH LARGA | D46: =+VLOOKUP(A46,'LISTA IMPORTADO'!A:B,2,0) -> 10.328 | E46: =+(D46*$G$7)*1.21 -> 0
A47: K-C0362-0 | C47: BIELA YAMAHA YBR 125/ XTZ 125 | D47: =+VLOOKUP(A47,'LISTA IMPORTADO'!A:B,2,0) -> 10.57 | E47: =+(D47*$G$7)*1.21 -> 0
A48: K-C0363-0 | C48: BIELA ZANELA RX 150/ MOTOMEL SKUA 150 | D48: =+VLOOKUP(A48,'LISTA IMPORTADO'!A:B,2,0) -> 9.35 | E48: =+(D48*$G$7)*1.21 -> 0
C49: BOCA DE ADMISION
A50: K-CS3628-0 | C50: BOCA ADMISION NS 200 | D50: =+VLOOKUP(A50,'LISTA IMPORTADO'!A:B,2,0) -> 1.931 | E50: =+(D50*1.21)*$G$7 -> 0
A51: K-CS3130-0 | C51: BOCA ADMISION CUSTOM BICILINDRICA DER | D51: =+VLOOKUP(A51,'LISTA IMPORTADO'!A:B,2,0) -> 4.416 | E51: =+(D51*1.21)*$G$7 -> 0
A52: K-CS3131-0 | C52: BOCA ADMISION CUSTOM BICILINDRICA IZQ | D52: =+VLOOKUP(A52,'LISTA IMPORTADO'!A:B,2,0) -> 4.416 | E52: =+(D52*1.21)*$G$7 -> 0
A53: K-CS2970-0 | C53: BOCA DE ADMISION HONDA CG 150 | D53: =+VLOOKUP(A53,'LISTA IMPORTADO'!A:B,2,0) -> 3.109 | E53: =+(D53*1.21)*$G$7 -> 0
A54: K-CS3292-0 | C54: BOCA DE ADMISION MOTOMEL SKUA | D54: =+VLOOKUP(A54,'LISTA IMPORTADO'!A:B,2,0) -> 2.309 | E54: =+(D54*1.21)*$G$7 -> 0
A55: K-CS3353-0 | C55: BOCA DE ADMISION TORNADO/ CBX 250 | D55: =+VLOOKUP(A55,'LISTA IMPORTADO'!A:B,2,0) -> 2.801 | E55: =+(D55*1.21)*$G$7 -> 0
A56: K-CS3368-0 | C56: BOCA DE ADMISION THUNDRA/ DAKAR/ TT200/ RD 200 | D56: =+VLOOKUP(A56,'LISTA IMPORTADO'!A:B,2,0) -> 2.681 | E56: =+(D56*1.21)*$G$7 -> 0
A57: K-CS221-0 | C57: BOCA DE ADMISION HONDA G.G 125 Y NX.125 | D57: =+VLOOKUP(A57,'LISTA IMPORTADO'!A:B,2,0) -> 2.295 | E57: =+(D57*1.21)*$G$7 -> 0
A58: K-CS3739-0 | C58: BOCA ADMISION HONDA CB 250 NEW | D58: =+VLOOKUP(A58,'LISTA IMPORTADO'!A:B,2,0) -> 3.515 | E58: =+(D58*1.21)*$G$7 -> 0
A59: K-CS1994-0 | C59: BOCA ADMISION SUZUKI AX 100 | D59: =+VLOOKUP(A59,'LISTA IMPORTADO'!A:B,2,0) -> 1.842 | E59: =+(D59*1.21)*$G$7 -> 0
A60: K-CS2375-0 | C60: BOCA ADMISION SCOOTER VS | D60: =+VLOOKUP(A60,'LISTA IMPORTADO'!A:B,2,0) -> 3.388 | E60: =+(D60*1.21)*$G$7 -> 0
A61: K-CS3547-0 | C61: BOCA DE ADMISION YAMAHA FZ 16 | D61: =+VLOOKUP(A61,'LISTA IMPORTADO'!A:B,2,0) -> 2.197 | E61: =+(D61*1.21)*$G$7 -> 0
A62: K-CS3175-0 | C62: BOCA DE ADMISION YAMAHA YBR 125/ XTZ 125 | D62: =+VLOOKUP(A62,'LISTA IMPORTADO'!A:B,2,0) -> 3.21 | E62: =+(D62*1.21)*$G$7 -> 0
C63: BOMBA DE ACEITE
A64: K-C0380-0 | C64: BOMBA DE ACEITE HONDA C 90/ BIZ | D64: =+VLOOKUP(A64,'LISTA IMPORTADO'!A:B,2,0) -> 2.279 | E64: =+(D64*$G$7)*1.21 -> 0
A65: K-C0381-0 | C65: BOMBA DE ACEITE GILERA SMASH | D65: =+VLOOKUP(A65,'LISTA IMPORTADO'!A:B,2,0) -> 6.65 | E65: =+(D65*$G$7)*1.21 -> 0
A66: K-C0382-0 | C66: BOMBA DE ACEITE HONDA CG TITAN 2000 | D66: =+VLOOKUP(A66,'LISTA IMPORTADO'!A:B,2,0) -> 6.65 | E66: =+(D66*$G$7)*1.21 -> 0
A67: K-C0383-0 | C67: BOMBA DE ACEITE KAYAK | D67: =+VLOOKUP(A67,'LISTA IMPORTADO'!A:B,2,0) -> 7.455 | E67: =+(D67*$G$7)*1.21 -> 0
A68: K-C0384-0 | C68: BOMBA DE ACEITE ZANELLA RX 150 | D68: =+VLOOKUP(A68,'LISTA IMPORTADO'!A:B,2,0) -> 6.344 | E68: =+(D68*$G$7)*1.21 -> 0
A69: K-C0385-0 | C69: BOMBA DE ACEITE HONDA NEW TITAN 150 | D69: =+VLOOKUP(A69,'LISTA IMPORTADO'!A:B,2,0) -> 5.97 | E69: =+(D69*$G$7)*1.21 -> 0
A70: K-C0387-0 | C70: BOMBA ACEITE MOTOMEL CG 150 (37 DIENTES) | D70: =+VLOOKUP(A70,'LISTA IMPORTADO'!A:B,2,0) -> 3.755 | E70: =+(D70*$G$7)*1.21 -> 0
A71: K-C0386-0 | C71: ROTOR BOMBA ACIETE/ FILTRO ACEITE RX 150/ TODAY CHINAS | D71: =+VLOOKUP(A71,'LISTA IMPORTADO'!A:B,2,0) -> 3.162 | E71: =+(D71*$G$7)*1.21 -> 0
C72: BOMBA DE FRENO
A73: K-C1100-0 | C73: BOMBA DE FRENO DELANTERA SMASH/ TRIP/ OTRAS | D73: =+VLOOKUP(A73,'LISTA IMPORTADO'!A:B,2,0) -> 12.397 | E73: =+(D73*$G$7)*1.21 -> 0
A74: K-C1101-0 | C74: BOMBA DE FRENO TRASERA UNIVERSAL | D74: =+VLOOKUP(A74,'LISTA IMPORTADO'!A:B,2,0) -> 12.151 | E74: =+(D74*$G$7)*1.21 -> 0
A75: K-C1102-0 | C75: BOMBA DE FRENO CG 150 / RX 150 | D75: =+VLOOKUP(A75,'LISTA IMPORTADO'!A:B,2,0) -> 11.578 | E75: =+(D75*$G$7)*1.21 -> 0
C76: BOBINA
A77: K-C1150-0 | C77: BOBINA ALTA GILERA SMASH | D77: =+VLOOKUP(A77,'LISTA IMPORTADO'!A:B,2,0) -> 3.762 | E77: =+(D77*$G$7)*1.21 -> 0
C78: BOTONES VARIOS
A79: K-C0101-0 | C79: BOTON CORTE LUCES TRIP/SMASH - 3 PUNTOS | D79: =+VLOOKUP(A79,'LISTA IMPORTADO'!A:B,2,0) -> 1.719 | E79: =+(D79*$G$7)*1.21 -> 0
A80: K-C0102-0 | C80: BOTON LUZ DE GIRO TRIP / SMASH / VS | D80: =+VLOOKUP(A80,'LISTA IMPORTADO'!A:B,2,0) -> 0.533 | E80: =+(D80*$G$7)*1.21 -> 0
A81: K-C0103-0 | C81: BOTON ARRANQUE TRIP/SMASH | D81: =+VLOOKUP(A81,'LISTA IMPORTADO'!A:B,2,0) -> 0.473 | E81: =+(D81*$G$7)*1.21 -> 0
A82: K-C0103-1 | C82: BOTON ARRANQUE NEW WAVE / G110 DL | D82: =+VLOOKUP(A82,'LISTA IMPORTADO'!A:B,2,0) -> 0.533 | E82: =+(D82*$G$7)*1.21 -> 0
A83: K-C0103-2 | C83: BOTON BOCINA GILERA SMASH | D83: =+VLOOKUP(A83,'LISTA IMPORTADO'!A:B,2,0) -> 0.533 | E83: =+(D83*$G$7)*1.21 -> 0
A84: K-C0103-3 | C84: BOTON BOCINA HONDA WAVE S 110 | D84: =+VLOOKUP(A84,'LISTA IMPORTADO'!A:B,2,0) -> 0.536 | E84: =+(D84*$G$7)*1.21 -> 0
A85: K-C0104-0 | C85: BOTON ALTA/BAJA SMASH / TRIP | D85: =+VLOOKUP(A85,'LISTA IMPORTADO'!A:B,2,0) -> 0.533 | E85: =+(D85*$G$7)*1.21 -> 0
A86: K-C0105-0 | C86: BOTON ALTA / BAJA G 110 DL | D86: =+VLOOKUP(A86,'LISTA IMPORTADO'!A:B,2,0) -> 0.533 | E86: =+(D86*$G$7)*1.21 -> 0
A87: K-C0106-0 | C87: BOTON CORTE LUCES G110 DL - 3 PUNTOS | D87: =+VLOOKUP(A87,'LISTA IMPORTADO'!A:B,2,0) -> 0.567 | E87: =+(D87*$G$7)*1.21 -> 0
A88: K-C0107-0 | C88: BOTON CORTE LUZ BIZ | D88: =+VLOOKUP(A88,'LISTA IMPORTADO'!A:B,2,0) -> 0.533 | E88: =+(D88*$G$7)*1.21 -> 0
A89: K-C0108-0 | C89: BOTON GIRO G110 DL | D89: =+VLOOKUP(A89,'LISTA IMPORTADO'!A:B,2,0) -> 0.591 | E89: =+(D89*$G$7)*1.21 -> 0
A90: K-C0109-0 | C90: BOTON ON- OFF UNIVERSAL | D90: =+VLOOKUP(A90,'LISTA IMPORTADO'!A:B,2,0) -> 1.548 | E90: =+(D90*$G$7)*1.21 -> 0
C91: BRAZO TENSOR
A92: K-C0928-0 | C92: BRAZO TENSOR HONDA WAVE S 110 | D92: =+VLOOKUP(A92,'LISTA IMPORTADO'!A:B,2,0) -> 1.964 | E92: =+(D92*$G$7)*1.21 -> 0
C93: BUJIAS
A94: K-C2286-C | C94: BUJIA 110 C7HSK | D94: =+VLOOKUP(A94,'LISTA IMPORTADO'!A:B,2,0) -> 0.999 | E94: =+D94*1.21*G7 -> 0
A95: K-C2288-C | C95: BUJIA D8 125 | D95: =+VLOOKUP(A95,'LISTA IMPORTADO'!A:B,2,0) -> 0.992 | E95: =+D95*1.21*G7 -> 0
C96: BULBO STOP
A97: K-C2430-0 | C97: BULBO STOP DELANTERO F/A/D 110 / 150 cc | D97: =+VLOOKUP(A97,'LISTA IMPORTADO'!A:B,2,0) -> 0.496 | E97: =+(D97*$G$7)*1.21 -> 0
A98: K-C2431-0 | C98: BULBO STOP DELANTERO F/A/D/ CHINAS VARIAS | D98: =+VLOOKUP(A98,'LISTA IMPORTADO'!A:B,2,0) -> 0.466 | E98: =+(D98*$G$7)*1.21 -> 0
A99: K-C2432-0 | C99: BULBO STOP DELANTERO FRENO TAMBOR 110 / 150 cc | D99: =+VLOOKUP(A99,'LISTA IMPORTADO'!A:B,2,0) -> 1.247 | E99: =+(D99*$G$7)*1.21 -> 0
A100: K-C2436-0 | C100: BULBO STOP TRASERO 110 / 150 cc | D100: =+VLOOKUP(A100,'LISTA IMPORTADO'!A:B,2,0) -> 0.953 | E100: =+(D100*$G$7)*1.21 -> 0
C101: BULBO EMBRAGUE
A102: K-C2440-0 | C102: BULBO EMBRAGUE ZANELLA RX 150 / CHINAS VS | D102: =+VLOOKUP(A102,'LISTA IMPORTADO'!A:B,2,0) -> 0.466 | E102: =+(D102*$G$7)*1.21 -> 0
A103: K-C2441-0 | C103: BULBO EMBRAGUE HONDA TITAN 150 / CHINAS VS | D103: =+VLOOKUP(A103,'LISTA IMPORTADO'!A:B,2,0) -> 0.293 | E103: =+(D103*$G$7)*1.21 -> 0
C104: BULBO INDICADOR DE CAMBIO
...

Sheet KRAFTEC
A4: KRAFTEC | E4: PEDIDO
C6: PESOS | D6: PESOS
A7: CODIGO | B7: DESCRIPCION | C7: PRECIO S/ IVA | D7: PRECIO C/ IVA
A8: H-K0001-0 | B8: PROTECTOR CARENADO YAMAHA R1 ¿07/08 | C8: =+VLOOKUP(A8,'LISTA NACIONAL'!A:B,2,0) -> 252868.38 | D8: =+(C8*1.21) -> 305970.74 | E8: DÓLAR | F8: =+'ERO DISTRIBUCIONES SRL'!G48 -> 0
A9: H-K0002-0 | B9: PROTECCION CARENADO YAMAHA R6 07-15 | C9: =+VLOOKUP(A9,'LISTA NACIONAL'!A:B,2,0) -> 252990.82 | D9: =+(C9*$F$8)*1.21 -> 0
A10: H-K0003-0 | B10: PROTECTOR HORQ.+SUSP. DEL. YAMAHA R1/R6 | C10: =+VLOOKUP(A10,'LISTA NACIONAL'!A:B,2,0) -> 252990.82 | D10: =+(C10*$F$8)*1.21 -> 0
A11: H-K0005-0 | B11: PEDALERA REGULABLE YAMAHA YZF R1 07 - 08 | C11: =+VLOOKUP(A11,'LISTA NACIONAL'!A:B,2,0) -> 646532.09 | D11: =+(C11*$F$8)*1.21 -> 0
A12: H-K0009-0 | B12: PROTECTOR CARENADO YAMAHA FAZER FZ1 08 | C12: =+VLOOKUP(A12,'LISTA NACIONAL'!A:B,2,0) -> 337321.09 | D12: =+(C12*$F$8)*1.21 -> 0
A13: H-K0010-0 | B13: PROTECTOR CARENADO YAMAHA FAZER-FZ6-S | C13: =+VLOOKUP(A13,'LISTA NACIONAL'!A:B,2,0) -> 337321.09 | D13: =+(C13*$F$8)*1.21 -> 0
A14: H-K0011-0 | B14: PROTECTOR CARENADO HONDA CBR 1000 06/07 | C14: =+VLOOKUP(A14,'LISTA NACIONAL'!A:B,2,0) -> 337321.09 | D14: =+(C14*$F$8)*1.21 -> 0
A15: H-K0012-0 | B15: PROTECCION MOTOR HONDA CBR 1000 RR 08-15 | C15: =+VLOOKUP(A15,'LISTA NACIONAL'!A:B,2,0) -> 421651.36 | D15: =+(C15*$F$8)*1.21 -> 0
A16: H-K0013-0 | B16: PROTECTOR TAPA MOTOR YAMAHA R6 | C16: =+VLOOKUP(A16,'LISTA NACIONAL'!A:B,2,0) -> 421651.36 | D16: =+(C16*$F$8)*1.21 -> 0
A17: H-K0014-0 | B17: PROTECCION HORQ. SUSP.DEL.SUZUKI GSX 600 | C17: =+VLOOKUP(A17,'LISTA NACIONAL'!A:B,2,0) -> 421651.36 | D17: =+(C17*$F$8)*1.21 -> 0
A18: H-K0015-0 | B18: PROTECCION CARENADO SUZUKI GSX R 6 | C18: =+VLOOKUP(A18,'LISTA NACIONAL'!A:B,2,0) -> 309211 | D18: =+(C18*$F$8)*1.21 -> 0
A19: H-K0017-0 | B19: PROTECCION MOTOR BMW S 1000 X KIT | C19: =+VLOOKUP(A19,'LISTA NACIONAL'!A:B,2,0) -> 505981.63 | D19: =+(C19*$F$8)*1.21 -> 0
A20: H-K0018-0 | B20: PROTECCION CARENADO YAMAHA YZF R1 09 - 1 | C20: =+VLOOKUP(A20,'LISTA NACIONAL'!A:B,2,0) -> 393541.27 | D20: =+(C20*$F$8)*1.21 -> 0
... A272: H-K0339-0 | B272: SLIDER BENELLI 302 S | C272: =+VLOOKUP(A272,'LISTA NACIONAL'!A:B,2,0) -> 193342.36 | D272: =+(C272*$F$8)*1.21 -> 0
B273: CORONAS | C273: DÓLAR | E273: PRECIO S/IVA | F273: PRECIO C/IVA
A274: H-K5000-43 | B274: CORONA 43T KRAFTEC YAMAHA - SUZUKI- NINJ | C274: 133.31 | D274: 43 | E274: =+C274 -> 133.31 | F274: =+E274*1.21 -> 161.3051
A275: H-K5000-44 | B275: CORONA 44T KRAFTEC YAMAHA - SUZUKI- NINJ | C275: 133.31 | D275: 44 | E275: =+C275 -> 133.31 | F275: =+E275*1.21 -> 161.3051
A276: H-K5000-45 | B276: CORONA 45T KRAFTEC YAMAHA - SUZUKI- NINJ | C276: 133.31 | D276: 45 | E276: =+C276 -> 133.31 | F276: =+E276*1.21 -> 161.3051
A277: H-K5000-46 | B277: CORONA 46T KRAFTEC YAMAHA - SUZUKI- NINJ | C277: 133.31 | D277: 46 | E277: =+C277 -> 133.31 | F277: =+E277*1.21 -> 161.3051
A278: H-K5000-47 | B278: CORONA 47T KRAFTEC YAMAHA - SUZUKI- NINJ | C278: 133.31 | D278: 47 | E278: =+C278 -> 133.31 | F278: =+E278*1.21 -> 161.3051
A279: H-K5001-39 | B279: CORONA 39T KRAFTEC KAWASAKI ZX-10R/Z1000 | C279: 133.31 | D279: 39 | E279: =+C279 -> 133.31 | F279: =+E279*1.21 -> 161.3051
A280: H-K5001-41 | B280: CORONA 41T KRAFTEC KAWASAKI ZX-10R/Z1000 | C280: 133.31 | D280: 41 | E280: =+C280 -> 133.31 | F280: =+E280*1.21 -> 161.3051
A281: H-K5001-42 | B281: CORONA 42T KRAFTEC KAWASAKI ZX-10R/Z1000 | C281: 133.31 | D281: 42 | E281: =+C281 -> 133.31 | F281: =+E281*1.21 -> 161.3051
A282: H-K5001-43 | B282: CORONA 43T KRAFTEC KAWASAKI ZX-10R/Z1000 | C282: 133.31 | D282: 43 | E282: =+C282 -> 133.31 | F282: =+E282*1.21 -> 161.3051
A283: H-K5002-42 | B283: CORONA 42T KRAFTEC HONDA CBR 600RR/CB100 | C283: 133.31 | D283: 42 | E283: =+C283 -> 133.31 | F283: =+E283*1.21 -> 161.3051
A284: H-K5002-43 | B284: CORONA 43T KRAFTEC HONDA CBR 600RR/CB100 | C284: 133.31 | D284: 43 | E284: =+C284 -> 133.31 | F284: =+E284*1.21 -> 161.3051
A285: H-K5002-44 | B285: CORONA 44T KRAFTEC HONDA CBR 600RR/CB100 | C285: 133.31 | D285: 44 | E285: =+C285 -> 133.31 | F285: =+E285*1.21 -> 161.3051
... A300: H-K5006-40 | B300: CORONA 40T KRAFTEC ROUSER NS 200 | C300: 133.31 | D300: 40 | E300: =+C300 -> 133.31 | F300: =+E300*1.21 -> 161.3051

Sheet GRASAS
A1: 724.4
A4: GRASAS | F4: PEDIDO
A5: CODIGO | B5: PEDIDOS | C5: DESCRIPCION | D5: PRECIO S/IVA | E5: PRECIO C/IVA
A6: G-R0003-0 | C6: GRASA DE LITIO | D6: =+VLOOKUP(A6,'LISTA NACIONAL'!A:B,2,0) -> 7098.3 | E6: =+D6*1.21 -> 8588.943
C7: POTE X 120 grs.
A8: G-R0002-0 | C8: GRASA MULTIUSO POTE X 120G | D8: =+VLOOKUP(A8,'LISTA NACIONAL'!A:B,2,0) -> 6415.2 | E8: =+D8*1.21 -> 7762.392
C9: POTE X 120 grs.
A10: G-R0010-0 | C10: GRASA FIBROSA | D10: =+VLOOKUP(A10,'LISTA NACIONAL'!A:B,2,0) -> 3356.1 | E10: =+D10*1.21 -> 4060.881
C11: CAJA EXHIBIDORA X 10 UNIDADES
A12: G-R0020-0 | C12: GRASA GRAFITADA ESPECIAL | D12: =+VLOOKUP(A12,'LISTA NACIONAL'!A:B,2,0) -> 3861 | E12: =+D12*1.21 -> 4671.81
C13: CAJA EXHIBIDORA X 10 UNIDADES
A14: G-R0030-0 | C14: GRASA RULEMANES RAPIDOS | D14: =+VLOOKUP(A14,'LISTA NACIONAL'!A:B,2,0) -> 4247.1 | E14: =+D14*1.21 -> 5138.991
C15: CAJA EXHIBIDORA X 10 UNIDADES
A16: G-R0040-0 | C16: GRASA SILICONADA | D16: =+VLOOKUP(A16,'LISTA NACIONAL'!A:B,2,0) -> 7395.3 | E16: =+D16*1.21 -> 8948.313
C17: CAJA EXHIBIDORA X 10 UNIDADES
A19: CAJITA EXHIBIDORA POR 18 SACHET DE 50GR MIXTA
A21: CODIGO | B21: PEDIDOS | C21: DESCRIPCION | D21: PRECIO S/IVA | E21: PRECIO C/ IVA
C22: 8 GRASA DE LITIO SACHET
C23: 4 GRASA FIBROSA SACHET
C24: 2 GRASA GRAFITADA - ESPECIAL SACHET
C25: 2 GRASA RULEMANES RAPIDO SACHET
C26: 2 GRASA SILICONADA SACHET
A27: G-R0050-0 | E27: =+VLOOKUP(A27,'LISTA NACIONAL'!A:B,2,0) -> 72345.9
A29: PASTA DE ESMERILAR
A30: G-R0100-0 | C30: PASTA DE ESMERILAR FINA POTE X 40GR | D30: =+VLOOKUP(A30,'LISTA NACIONAL'!A:B,2,0) -> 11107.8 | E30: =+D30*1.21 -> 13440.438
A31: G-R0105-0 | C31: PASTA DE ESMERILAR FINA POMO X 80GR | D31: =+VLOOKUP(A31,'LISTA NACIONAL'!A:B,2,0) -> 19661.4 | E31: =+D31*1.21 -> 23790.294
A32: G-R0110-0 | C32: PASTA DE ESMERILAR GRUESA POTE X 40GR | D32: =+VLOOKUP(A32,'LISTA NACIONAL'!A:B,2,0) -> 8048.7 | E32: =+D32*1.21 -> 9738.927
A33: G-R0115-0 | C33: PASTA DE ESMERILAR GRUESA POMO X 80GR | D33: =+VLOOKUP(A33,'LISTA NACIONAL'!A:B,2,0) -> 18592.2 | E33: =+D33*1.21 -> 22496.562
A34: G-R0120-0 | C34: PASTA DE ESMERILAR DESBASTE X 40GR | D34: =+VLOOKUP(A34,'LISTA NACIONAL'!A:B,2,0) -> 7662.6 | E34: =+D34*1.21 -> 9271.746
A36: GRASA CABEZALES MOTOGUADAÑAS EN POMO DE 80GR
A38: G-R0060-0 | C38: GRASA CABEZAL MOTOGUADAÑA | D38: =+VLOOKUP(A38,'LISTA NACIONAL'!A:B,2,0) -> 18473.4 | E38: =+D38*1.21 -> 22352.814
A39: G-R0061-0 | C39: CABEZAL MOTO GUADAÑA MANUAL P.H.Iz 10 X 1,25 | D39: =+VLOOKUP(A39,'LISTA NACIONAL'!A:B,2,0) -> 49094.1 | E39: =+D39*1.21 -> 59403.861
A41: LUBRICANTE SECO PARA CERRADURA (GRAFITO)
A43: G-R0200-0 | C43: GRAFITO PARA CERRADURAS FRASQUITO 20cc | D43: =+VLOOKUP(A43,'LISTA NACIONAL'!A:B,2,0) -> 6652.8 | E43: =+D43*1.21 -> 8049.888

Sheet AROS LLANTAS
A4: AROS DE LLANTAS ORIGINALES | G4: PEDIDO | I4: AROS LLANTAS ORIGINALES | L4: T.Cambio | M4: =+'ERO DISTRIBUCIONES SRL'!G48 -> 0
A5: LLANTAS ALEACION
A6: CODIGO | B6: PEDIDO | C6: DESCRIPCION | E6: PRECIO S/ IVA | F6: PRECIO C/ IVA | I6: KIT´S RUEDAS ESPECIALES
A7: L-C14140-0 | C7: ARO LLANTA 14 | E7: 128 | F7: =+E7*1.21 -> 154.88
A8: L-C14140-0 | D8: 14 x 140 | E8: =+VLOOKUP(A8,'LISTA IMPORTADO'!A:B,2,0) -> 18.5 | F8: =+E8*1.21*$M$4 -> 0
A9: L-C14160-0 | D9: 14 x 160 | E9: =+VLOOKUP(A9,'LISTA IMPORTADO'!A:B,2,0) -> 18.7 | F9: =+E9*1.21*$M$4 -> 0
A10: L-C14185-0 | D10: 14 x 185 | F10: =+E10*1.21 -> 0
A11: L-C17140-0 | C11: ARO LLANTA 17 | D11: 17 x 140 | E11: =+VLOOKUP(A11,'LISTA IMPORTADO'!A:B,2,0) -> 16.95 | F11: =+E11*1.21*$M$4 -> 0
A12: L-C17160-0 | D12: 17 x 160 | E12: =+VLOOKUP(A12,'LISTA IMPORTADO'!A:B,2,0) -> 18.45 | F12: =+E12*1.21*$M$4 -> 0
A13: L-C17185-0 | D13: 17 x 185 | E13: =+VLOOKUP(A13,'LISTA IMPORTADO'!A:B,2,0) -> 23.42 | F13: =+E13*1.21*$M$4 -> 0
A14: L-C17215-0 | D14: 17 x 215 | E14: =+VLOOKUP(A14,'LISTA IMPORTADO'!A:B,2,0) -> 27.12 | F14: =+E14*1.21*$M$4 -> 0
A15: L-C18160-0 | C15: ARO LLANTA 18 | D15: 18 x 160 | E15: =+VLOOKUP(A15,'LISTA IMPORTADO'!A:B,2,0) -> 19.3 | F15: =+E15*1.21*$M$4 -> 0
A16: L-C18185-0 | D16: 18 x 185 | E16: =+VLOOKUP(A16,'LISTA IMPORTADO'!A:B,2,0) -> 23.6 | F16: =+E16*1.21*$M$4 -> 0
A17: L-C18215-0 | D17: 18 x 215 | E17: =+VLOOKUP(A17,'LISTA IMPORTADO'!A:B,2,0) -> 27.5 | F17: =+E17*1.21*$M$4 -> 0
A18: L-C19140-0 | C18: ARO LLANTA 19 | D18: 19 x 140 | F18: =+E18*1.21 -> 0
A19: L-C19160-0 | D19: 19 x 160 | E19: =+VLOOKUP(A19,'LISTA IMPORTADO'!A:B,2,0) -> 22.5 | F19: =+E19*1.21*$M$4 -> 0
A20: L-C19185-0 | D20: 19 x 185 | E20: =+VLOOKUP(A20,'LISTA IMPORTADO'!A:B,2,0) -> 24.1 | F20: =+E20*1.21*$M$4 -> 0
A21: L-C21140-0 | C21: ARO LLANTA 21 | D21: 21 x 140 | F21: =+E21*1.21 -> 0
A22: L-C21160-0 | D22: 21 x 160 | E22: =+VLOOKUP(A22,'LISTA IMPORTADO'!A:B,2,0) -> 22.7 | F22: =+E22*1.21*$M$4 -> 0
A23: L-C21185-0 | D23: 21 x 185 | E23: =+VLOOKUP(A23,'LISTA IMPORTADO'!A:B,2,0) -> 34.664 | F23: =+E23*1.21*$M$4 -> 0
A25: KIT RUEDAS ESPECIALES
A26: ARO EN LLANTAS DE 2.5 PULGADAS- 36 RAYOS
A27: CODIGO | B27: PEDIDO | C27: DESCRIPCION | E27: PRECIO S/ IVA | F27: PRECIO C/ IVA
A28: K-00301-0 | C28: LLANTA 14" CROMADA | E28: =+VLOOKUP(A28,'LISTA NACIONAL'!A:B,2,0) -> 8965.717 | F28: =+E28*1.21 -> 10848.518
A29: K-00305-1 | C29: LLANTA 17 NEGRA 3 1/2 SUPER MOTARD | E29: =+VLOOKUP(A29,'LISTA NACIONAL'!A:B,2,0) -> 8053.276 | F29: =+E29*1.21 -> 9744.464
A30: K-00307-0 | C30: LLANTA 17 4 1/2 72 RAYOS | E30: =+VLOOKUP(A30,'LISTA NACIONAL'!A:B,2,0) -> 3015.527 | F30: =+E30*1.21 -> 3648.7877
A31: K-00311-0 | C31: LLANTA 14" ( 72 RAYOS) CROMADA | E31: =+VLOOKUP(A31,'LISTA NACIONAL'!A:B,2,0) -> 8161.711 | F31: =+E31*1.21 -> 9875.6703
A32: K-00315-0 | C32: LLANTA 17" CROMADA 3 1/2 (72 RAYOS) | E32: =+VLOOKUP(A32,'LISTA NACIONAL'!A:B,2,0) -> 8354.778 | F32: =+E32*1.21 -> 10109.281
A33: K-00319-0 | C33: LLANTA 17 NEGRA 3 1/2" 72 RAYOS | E33: =+VLOOKUP(A33,'LISTA NACIONAL'!A:B,2,0) -> 7960.71 | F33: =+E33*1.21 -> 9632.4591
A34: K-00351-0 | C34: LLANTA 14 NEGRA 2.5 X 36 RAYOS | E34: =+VLOOKUP(A34,'LISTA NACIONAL'!A:B,2,0) -> 20000.002 | F34: =+E34*1.21 -> 24200.002
A35: K-00352-0 | C35: LLANTA 16 CROMADA X 36 RAYOS | E35: =+VLOOKUP(A35,'LISTA NACIONAL'!A:B,2,0) -> 28600 | F35: =+E35*1.21 -> 34606
A36: K-00360-0 | C36: LLANTA 14 CROMADA 72 RAYOS | E36: =+VLOOKUP(A36,'LISTA NACIONAL'!A:B,2,0) -> 16200 | F36: =+E36*1.21 -> 19602
A37: K-00362-0 | C37: LLANTA 16 CROMADA X 72 RAYOS | E37: =+VLOOKUP(A37,'LISTA NACIONAL'!A:B,2,0) -> 19000 | F37: =+E37*1.21 -> 22990
A38: K-00362-1 | C38: LLANTA 16 CROMADA ESTRELLA X 72 RAYOS | E38: =+VLOOKUP(A38,'LISTA NACIONAL'!A:B,2,0) -> 19000 | F38: =+E38*1.21 -> 22990
A39: K-00364-0 | C39: LLANTA 17 CROMADA 72 RAYOS | E39: =+VLOOKUP(A39,'LISTA NACIONAL'!A:B,2,0) -> 19000 | F39: =+E39*1.21 -> 22990
... A57: L-A7160-2 | C57: LLANTA ARMADA 17 X 160 TRASERA | E57: =+VLOOKUP(A57,'LISTA NACIONAL'!A:B,2,0) -> #N/A | F57: =+E57*1.21 -> #N/A

Sheet LUBRICANTES
A7: LUBRICANTES PARA CADENAS | F7: PEDIDO
A8: CODIGO | B8: PEDIDOS | C8: DESCRIPCION | D8: PRECIO S/IVA | E8: PRECIO C/IVA
A9: O-S0001-0 | C9: LUBRICANTE PARA CADENAS / TRANSMISIONES | D9: =+VLOOKUP(A9,'LISTA NACIONAL'!A:B,2,0) -> 7129.5 | E9: =+D9*1.21 -> 8626.695
A10: O-S0002-0 | C10: LUBRICANTE PARA CADENAS C/ORING BLANCA | D10: =+VLOOKUP(A10,'LISTA NACIONAL'!A:B,2,0) -> 8731.8 | E10: =+D10*1.21 -> 10565.478
A11: O-S0002-P | C11: PROMO POR 12 UNIDADES BLANCA DESCUENTO 10% | D11: =+VLOOKUP(A11,'LISTA NACIONAL'!A:B,2,0) -> 8731.8 | E11: =+D11*1.21 -> 10565.478
A12: O-S0002-1 | C12: LUBRICANTE PARA CADENAS C/ORING NARANJA | D12: =+VLOOKUP(A12,'LISTA NACIONAL'!A:B,2,0) -> 8731.8 | E12: =+D12*1.21 -> 10565.478
A13: O-S0002-2 | C13: LUBRICANTE PARA CADENAS C/ORING AZUL | D13: =+VLOOKUP(A13,'LISTA NACIONAL'!A:B,2,0) -> 8731.8 | E13: =+D13*1.21 -> 10565.478
A14: O-S0002-5 | C14: LUBRICANTE PARA CADENAS C/ORING AMARILLO | D14: =+VLOOKUP(A14,'LISTA NACIONAL'!A:B,2,0) -> 8731.8 | E14: =+D14*1.21 -> 10565.478
A15: O-S0002-8 | C15: LUBRICANTE PARA CADENAS C/ORING ROJO | D15: =+VLOOKUP(A15,'LISTA NACIONAL'!A:B,2,0) -> 8731.8 | E15: =+D15*1.21 -> 10565.478
A16: O-S0003-0 | C16: LUBRICANTE PARA CADENAS ALTA VELOCIDAD | D16: =+VLOOKUP(A16,'LISTA NACIONAL'!A:B,2,0) -> 9112 | E16: =+D16*1.21 -> 11025.52
A17: O-S0010-0 | C17: LUBRICANTE AFLOJA TUERCA x 440ml | D17: =+VLOOKUP(A17,'LISTA NACIONAL'!A:B,2,0) -> 7566 | E17: =+D17*1.21 -> 9154.86
A18: O-S0010-1 | C18: LUBRICANTE AFLOJA TUERCA x 225ml | D18: =+VLOOKUP(A18,'LISTA NACIONAL'!A:B,2,0) -> 5200 | E18: =+D18*1.21 -> 6292
A19: O-S0004-0 | C19: LUBRICANTE PARA CADENAS C/ORING PREMIUN NUEVO | E19: =+D19*1.21 -> 0
A20: O-S0004-1 | C20: LUBRICANTE PARA CADENAS C/ORING PREMIUN BLANCO | D20: =+VLOOKUP(A20,'LISTA NACIONAL'!A:B,2,0) -> 13000 | E20: =+D20*1.21 -> 15730
A21: O-S0004-2 | C21: LUBRICANTE PARA CADENAS C/ORING PREMIUN TRANSPARENTE | D21: =+VLOOKUP(A21,'LISTA NACIONAL'!A:B,2,0) -> 13000 | E21: =+D21*1.21 -> 15730
A22: O-S0011-0 | C22: DESENGRASANTE PARA CADENA PRO DIAMOND | D22: =+VLOOKUP(A22,'LISTA NACIONAL'!A:B,2,0) -> 10925.2 | E22: =+D22*1.21 -> 13219.492
A23: O-S0012-0 | C23: DESENGRASANTE PARA FILTRO DE AIRE PRO DIAMOND | D23: =+VLOOKUP(A23,'LISTA NACIONAL'!A:B,2,0) -> 10925.2 | E23: =+D23*1.21 -> 13219.492

Sheet MANUBRIO
A6: CODIGO | B6: PEDIDOS | C6: DESCRIPCION | D6: PRECIO S/IVA | E6: PRECIO C/IVA
A7: K-00520-0 | C7: MANUBRIO HONDA CG 125 CROMADO | D7: =+VLOOKUP(A7,'LISTA NACIONAL'!A:B,2,0) -> 15552 | E7: =+D7*1.21 -> 18817.92
A8: K-00521-0 | C8: MANUBRIO HONDA CG 150 CROMADO | D8: =+VLOOKUP(A8,'LISTA NACIONAL'!A:B,2,0) -> 15552 | E8: =+D8*1.21 -> 18817.92
A9: K-00522-0 | C9: MANUBRIO ZANELLA RX 150 CROMADO | D9: =+VLOOKUP(A9,'LISTA NACIONAL'!A:B,2,0) -> 15633 | E9: =+D9*1.21 -> 18915.93
A10: K-00523-0 | C10: MANUBRIO YAMAHA YBR 125 CROMADO | D10: =+VLOOKUP(A10,'LISTA NACIONAL'!A:B,2,0) -> 15552 | E10: =+D10*1.21 -> 18817.92
A11: K-00524-0 | C11: MANUBRIO YAMAHA FZ 160 CROMADO | D11: =+VLOOKUP(A11,'LISTA NACIONAL'!A:B,2,0) -> 15633 | E11: =+D11*1.21 -> 18915.93
A12: K-00524-1 | C12: MANUBRIO YAMAHA FZ 160 PINTADO | D12: =+VLOOKUP(A12,'LISTA NACIONAL'!A:B,2,0) -> 8235 | E12: =+D12*1.21 -> 9964.35
A13: K-00525-0 | C13: MANUBRIO MOTOMEL SKUA 150 CROMADO | D13: =+VLOOKUP(A13,'LISTA NACIONAL'!A:B,2,0) -> 15633 | E13: =+D13*1.21 -> 18915.93
A14: K-00525-1 | C14: MANUBRIO MOTOMEL SKUA 150 PINTADO | D14: =+VLOOKUP(A14,'LISTA NACIONAL'!A:B,2,0) -> 8235 | E14: =+D14*1.21 -> 9964.35
A15: K-00526-1 | C15: MANUBRIO HONDA TORNADO PINTADO | D15: =+VLOOKUP(A15,'LISTA NACIONAL'!A:B,2,0) -> 12150 | E15: =+D15*1.21 -> 14701.5
A16: K-00527-0 | C16: MANUBRIO HONDA TWISTER 250 CROMADO | D16: =+VLOOKUP(A16,'LISTA NACIONAL'!A:B,2,0) -> 15552 | E16: =+D16*1.21 -> 18817.92
C18: ELEVADOR DE MANUBRIO
A19: K-00001-0 | C19: ELEVADOR MANUBRIO HONDA TORNADO CROSS | D19: =+VLOOKUP(A19,'LISTA NACIONAL'!A:B,2,0) -> 29503.246 | E19: =+D19*1.21 -> 35698.928
A20: K-00002-0 | C20: ELEVADOR MANUBRIO ALTURA 30 X JGO | D20: =+VLOOKUP(A20,'LISTA NACIONAL'!A:B,2,0) -> 20940.833 | E20: =+D20*1.21 -> 25338.408
A21: K-00003-0 | C21: ELEVADOR MANUBRIO ALTURA 40 X JGO | D21: =+VLOOKUP(A21,'LISTA NACIONAL'!A:B,2,0) -> 23441.038 | E21: =+D21*1.21 -> 28363.656
A22: K-00004-0 | C22: ELEVADOR MANUBRIO ALTURA 50 X JGO | D22: =+VLOOKUP(A22,'LISTA NACIONAL'!A:B,2,0) -> 25960.784 | E22: =+D22*1.21 -> 31412.549

Sheet MULETA
A6: CODIGO | B6: PEDIDOS | C6: DESCRIPCION | D6: PRECIO S/IVA | E6: PRECIO C/IVA
A7: K-00500-0 | C7: MULETA PARA 110 LARGA | D7: =+VLOOKUP(A7,'LISTA NACIONAL'!A:B,2,0) -> 5017.5 | E7: =+D7*1.21 -> 6071.175
A8: K-00501-0 | C8: MULETA PARA 110 TUNING | D8: =+VLOOKUP(A8,'LISTA NACIONAL'!A:B,2,0) -> 4819.5 | E8: =+D8*1.21 -> 5831.595
A9: K-00502-0 | C9: MULETA PARA HONDA WAVE | D9: =+VLOOKUP(A9,'LISTA NACIONAL'!A:B,2,0) -> 4819.5 | E9: =+D9*1.21 -> 5831.595
A10: K-00503-0 | C10: MULETA PARA HONDA CG 125 | D10: =+VLOOKUP(A10,'LISTA NACIONAL'!A:B,2,0) -> 5319 | E10: =+D10*1.21 -> 6435.99
A11: K-00504-0 | C11: MULETA PARA YAMAHA YBR 125 | D11: =+VLOOKUP(A11,'LISTA NACIONAL'!A:B,2,0) -> 5319 | E11: =+D11*1.21 -> 6435.99
A12: K-00505-0 | C12: MULETA PARA ZANELLA RX 150 | D12: =+VLOOKUP(A12,'LISTA NACIONAL'!A:B,2,0) -> 4925 | E12: =+D12*1.21 -> 5959.25
A13: K-00506-0 | C13: MULETA HONDA CG 150 | D13: =+VLOOKUP(A13,'LISTA NACIONAL'!A:B,2,0) -> 4925 | E13: =+D13*1.21 -> 5959.25
A14: K-00507-0 | C14: MULETA MOTOMEL SKUA 150 | D14: =+VLOOKUP(A14,'LISTA NACIONAL'!A:B,2,0) -> 6058.8 | E14: =+D14*1.21 -> 7331.148

Sheet PORTA CORONA-MAZAS
A4: PORTA CORONAS | F4: PEDIDO | H4: PORTA CORONAS
A5: CODIGO | B5: PEDIDO | C5: DESCRIPCION | D5: PRECIO S/ IVA | E5: PRECIO C/ IVA | H5: PEDAL DE FRENO
A6: K-00200-0 | C6: Porta Corona tipo Smash 110cc Solo | D6: =+VLOOKUP(A6,'LISTA NACIONAL'!A:B,2,0) -> 10039.5 | E6: =+D6*1.21 -> 12147.795 | H6: PORTA PATENTE
A7: K-00201-0 | C7: Porta Corona tipo Smash 110cc Completo | D7: =+VLOOKUP(A7,'LISTA NACIONAL'!A:B,2,0) -> 15396.87 | E7: =+D7*1.21 -> 18630.213 | H7: PASTILLAS DE FRENOS
A8: K-00201-2 | C8: Porta Corona Smash 110cc TUNING Solo | D8: =+VLOOKUP(A8,'LISTA NACIONAL'!A:B,2,0) -> 13409.28 | E8: =+D8*1.21 -> 16225.229 | H8: MAZA
A9: K-00201-1 | C9: Porta Corona Smash 110cc TUNING Completo | D9: =+VLOOKUP(A9,'LISTA NACIONAL'!A:B,2,0) -> 20079 | E9: =+D9*1.21 -> 24295.59
A10: K-00208-0 | C10: Porta Corona Wave Completo | D10: =+VLOOKUP(A10,'LISTA NACIONAL'!A:B,2,0) -> 25142.4 | E10: =+D10*1.21 -> 30422.304
A11: K-00209-0 | C11: Porta Corona Biz Completo | D11: =+VLOOKUP(A11,'LISTA NACIONAL'!A:B,2,0) -> 25142.4 | E11: =+D11*1.21 -> 30422.304
A12: K-00221-1 | C12: Porta Corona Honda Wave S 110 Solo Nuevo | D12: =+VLOOKUP(A12,'LISTA NACIONAL'!A:B,2,0) -> 22802.76 | E12: =+D12*1.21 -> 27591.34
A13: K-00221-0 | C13: Porta Corona Honda Wave S 110 Completo Nuevo | D13: =+VLOOKUP(A13,'LISTA NACIONAL'!A:B,2,0) -> 34151.76 | E13: =+D13*1.21 -> 41323.63
A14: K-00219-1 | C14: Porta Corona Honda Biz 125 Solo Nuevo | D14: =+VLOOKUP(A14,'LISTA NACIONAL'!A:B,2,0) -> 27516.96 | E14: =+D14*1.21 -> 33295.522
A15: K-00219-0 | C15: Porta Corona Honda Biz 125 Completo Nuevo | D15: =+VLOOKUP(A15,'LISTA NACIONAL'!A:B,2,0) -> 38935.8 | E15: =+D15*1.21 -> 47112.318
A16: K-00212-1 | C16: Porta Corona Honda CG 150 Solo | D16: =+VLOOKUP(A16,'LISTA NACIONAL'!A:B,2,0) -> 20812.32 | E16: =+D16*1.21 -> 25182.907
A17: K-00212-0 | C17: Porta Corona Honda CG 150 Completo | D17: =+VLOOKUP(A17,'LISTA NACIONAL'!A:B,2,0) -> 30764.52 | E17: =+D17*1.21 -> 37225.069
A18: K-00202-0 | C18: Porta Corona Completo APPIA / BETA/ AX 100 Completo | D18: =+VLOOKUP(A18,'LISTA NACIONAL'!A:B,2,0) -> 30013.74 | E18: =+D18*1.21 -> 36316.625
A19: K-00203-0 | C19: Porta Corona Completo Gil.GL/ Motomel / Z. Patagonia 150 / GMX Completo | D19: =+VLOOKUP(A19,'LISTA NACIONAL'!A:B,2,0) -> 36299.34 | E19: =+D19*1.21 -> 43922.201
A20: K-00206-0 | C20: Porta Corona Gilera Estilo 110 Completo | D20: =+VLOOKUP(A20,'LISTA NACIONAL'!A:B,2,0) -> 26006.67 | E20: =+D20*1.21 -> 31468.071
... A32: K-00218-0 | C32: PORTA CORONA HONDA TWISTER 250 COMPLETO NUEVO | D32: =+VLOOKUP(A32,'LISTA NACIONAL'!A:B,2,0) -> 41799.24 | E32: =+D32*1.21 -> 50577.08
C33: PASTILLAS DE FRENO
A34: K-00250-0 | C34: JGO.PASTILLA FRENO SMASH | D34: =+VLOOKUP(A34,'LISTA NACIONAL'!A:B,2,0) -> 90.1395 | E34: =+D34*1.21 -> 109.06879
A35: K-00253-0 | C35: JGO.PASTILLA FRENO XTZ /ZLLA ZTT 200 | D35: =+VLOOKUP(A35,'LISTA NACIONAL'!A:B,2,0) -> 97.6509 | E35: =+D35*1.21 -> 118.15759
A36: K-00252-0 | C36: PASTILLA FRENO STORM / YBR 125 | D36: =+VLOOKUP(A36,'LISTA NACIONAL'!A:B,2,0) -> 97.6509 | E36: =+D36*1.21 -> 118.15759
C37: PORTA PATENTE
A38: K-00415-0 | C38: PORTA PATENTE PLASTICO | D38: =+VLOOKUP(A38,'LISTA NACIONAL'!A:B,2,0) -> 619.515 | E38: =+D38*1.21 -> 749.61315
A39: K-00418-0 | C39: PORTA PATENTE PLASTICO-PROTECTOR NEGRO | D39: =+VLOOKUP(A39,'LISTA NACIONAL'!A:B,2,0) -> 1700 | E39: =+D39*1.21 -> 2057
A40: K-00418-1 | C40: PORTA PATENTE PLASTICO-PROTECTOR ROJO | D40: =+VLOOKUP(A40,'LISTA NACIONAL'!A:B,2,0) -> 1768.5 | E40: =+D40*1.21 -> 2139.885
A41: K-00418-2 | C41: PORTA PATENTE PLASTICO-PROTECTOR AZUL | D41: =+VLOOKUP(A41,'LISTA NACIONAL'!A:B,2,0) -> #N/A | E41: =+D41*1.21 -> #N/A
C42: MAZA TRASERA DAX / DEI
A43: K-00330-0 | C43: MAZA TRASERA DAX COLOR GRIS | D43: =+VLOOKUP(A43,'LISTA NACIONAL'!A:B,2,0) -> 120648.6 | E43: =+D43*1.21 -> 145984.81
A44: K-00330-1 | C44: MAZA TRASERA DAX COLOR NEGRA | D44: =+VLOOKUP(A44,'LISTA NACIONAL'!A:B,2,0) -> 120648.6 | E44: =+D44*1.21 -> 145984.81
C45: PEDAL DE FRENO
A46: K-00123-0 | C46: PEDAL DE FRENO HONDA CG TITAN 99 | D46: =+VLOOKUP(A46,'LISTA NACIONAL'!A:B,2,0) -> 6371.05 | E46: =+D46*1.21 -> 7708.9705
A47: K-00124-0 | C47: PEDAL DE FRENO YAMAHA NEW CRYPTON | D47: =+VLOOKUP(A47,'LISTA NACIONAL'!A:B,2,0) -> 8640 | E47: =+D47*1.21 -> 10454.4
A48: K-00125-0 | C48: PEDAL DE FRENO SMASH / TRIP CROMADO NACIONAL | D48: =+VLOOKUP(A48,'LISTA NACIONAL'!A:B,2,0) -> 7243.2 | E48: =+D48*1.21 -> 8764.272
A49: K-00126-0 | C49: PEDAL DE FRENO HONDA WAVE CROMADO NACIONAL | D49: =+VLOOKUP(A49,'LISTA NACIONAL'!A:B,2,0) -> 8148.6 | E49: =+D49*1.21 -> 9859.806
A50: K-00126-1 | C50: PEDAL DE FRENO HONDA WAVE PINTADO NACIONAL | D50: =+VLOOKUP(A50,'LISTA NACIONAL'!A:B,2,0) -> 6345 | E50: =+D50*1.21 -> 7677.45
A51: K-00127-0 | C51: PEDAL DE FRENO MOTOMEL / CG S2 | D51: =+VLOOKUP(A51,'LISTA NACIONAL'!A:B,2,0) -> 8215 | E51: =+D51*1.21 -> 9940.15
A52: K-00128-0 | C52: PEDAL DE FRENO ZANELLA ZB 110 / CHINAS VS | D52: =+VLOOKUP(A52,'LISTA NACIONAL'!A:B,2,0) -> 7155 | E52: =+D52*1.21 -> 8657.55
A53: K-00129-0 | C53: PEDAL DE FRENO ZANELLA RX 150 | D53: =+VLOOKUP(A53,'LISTA NACIONAL'!A:B,2,0) -> 7997.7 | E53: =+D53*1.21 -> 9677.217
C54: MANGUERAS
A55: M-00001-0 | C55: MANGUERA DE NAFTA 5 X 8 NEGRA - ROLLO X 50 MTS. NUEVO | D55: =+VLOOKUP(A55,'LISTA NACIONAL'!A:B,2,0) -> 18339.418 | E55: =+D55*1.21 -> 22190.696
A56: M-00002-0 | C56: MANGUERA DE NAFTA 5 X 8 AMARILLA - ROLLO X 50 MTS. NUEVO | D56: =+VLOOKUP(A56,'LISTA NACIONAL'!A:B,2,0) -> 18339.418 | E56: =+D56*1.21 -> 22190.696
A57: M-00003-0 | C57: MANGUERA DE NAFTA 5 X 8 AZUL - ROLLO X 50 MTS. NUEVO | D57: =+VLOOKUP(A57,'LISTA NACIONAL'!A:B,2,0) -> 18339.418 | E57: =+D57*1.21 -> 22190.696
A58: M-00005-0 | C58: MANGUERA DE NAFTA 5 X 8 DE CAUCHO - ROLLO X 20 MTS. NUEVO | D58: =+VLOOKUP(A58,'LISTA NACIONAL'!A:B,2,0) -> 61882.692 | E58: =+D58*1.21*'ERO DISTRIBUCIONES SRL'!G48 -> 0
C59: VARIOS
A60: K-C0030-0 | C60: TENSOR REFORZADO | D60: =+VLOOKUP(A60,'LISTA NACIONAL'!A:B,2,0) -> 3510 | E60: =+D60*1.21 -> 4247.1
A61: K-00409-0 | C61: TORNILLO SOPORTE MANUBRIO DAX (x unidad) | D61: =+VLOOKUP(A61,'LISTA NACIONAL'!A:B,2,0) -> 3546.172 | E61: =+D61*1.21 -> 4290.8681
A62: K-00410-E | C62: Soporte Manubrio Dax / Chinas Vs. | D62: =+VLOOKUP(A62,'LISTA NACIONAL'!A:B,2,0) -> 14416.748 | E62: =+D62*1.21 -> 17444.265
A63: K-00410-1 | C63: SOPORTE MANUBRIO DAX / CHINAS CHICO | D63: =+VLOOKUP(A63,'LISTA NACIONAL'!A:B,2,0) -> 22698 | E63: =+D63*1.21 -> 27464.58
A64: K-00413-0 | C64: BARRERITO PARA 110 CC | D64: =+VLOOKUP(A64,'LISTA NACIONAL'!A:B,2,0) -> 5644.5 | E64: =+D64*1.21 -> 6829.845
A65: K-00411-1 | C65: MANIJA ACOMPAÑANTE 110cc | D65: =+VLOOKUP(A65,'LISTA NACIONAL'!A:B,2,0) -> 6075 | E65: =+D65*1.21 -> 7350.75
A66: K-00417-0 | C66: TOPE SUSPENSION P/TRAILER VARIOS COLORES | D66: =+VLOOKUP(A66,'LISTA NACIONAL'!A:B,2,0) -> 4169.616 | E66: =+D66*1.21 -> 5045.2354
A67: K-00450-0 | C67: TAPA CORONA DISTRIBUCION 110 º72 | D67: =+VLOOKUP(A67,'LISTA NACIONAL'!A:B,2,0) -> 7739.145 | E67: =+D67*1.21 -> 9364.3655
A68: K-00451-0 | C68: TAPA CORONA DISTRIBUCION 110 º82 | D68: =+VLOOKUP(A68,'LISTA NACIONAL'!A:B,2,0) -> 8092.71 | E68: =+D68*1.21 -> 9792.1791
A69: K-00420-0 | C69: PALANCA CEBADOR 110 VARIAS GRUESA | D69: =+VLOOKUP(A69,'LISTA NACIONAL'!A:B,2,0) -> 319.8528 | E69: =+D69*1.21 -> 387.02189
A70: K-00420-1 | C70: PALANCA CEBADOR 110 VARIAS FINA | D70: =+VLOOKUP(A70,'LISTA NACIONAL'!A:B,2,0) -> 319.8528 | E70: =+D70*1.21 -> 387.02189 | F70: VOLVER
A71: K-00421-0 | C71: TAPON CARGA ACEITE SUZUKI AX 100 | D71: =+VLOOKUP(A71,'LISTA NACIONAL'!A:B,2,0) -> 1529.28 | E71: =+D71*1.21 -> 1850.4288
A72: K-00170-0 | C72: TAPON MEDIDOR ACEITE ECO | D72: =+VLOOKUP(A72,'LISTA NACIONAL'!A:B,2,0) -> 857.851 | E72: =+D72*1.21 -> 1037.9997
A73: K-00131-0 | C73: TUBO ACELERADOR | D73: =+VLOOKUP(A73,'LISTA NACIONAL'!A:B,2,0) -> 700 | E73: =+D73*1.21 -> 847
A74: K-00132-0 | C74: ACELERADOR RAPIDO GILERA SMASH 110 VS | D74: =+VLOOKUP(A74,'LISTA NACIONAL'!A:B,2,0) -> 3326.4 | E74: =+D74*1.21 -> 4024.944

Sheet RAYOS
A5: LISTA DE RAYOS 89 Importado | G5: PEDIDO | I5: LISTA DE RAYOS 89
A6: CODIGO | B6: PEDIDO | C6: DESCRIPCION | D6: MEDIDA | E6: $ x Gruesa (144 unid) S/ IVA | F6: $ C/ IVA
A7: R-C0112-0 | C7: RAYOS C/NIPLES | D7: 3,2 x 85 MLM | E7: =+VLOOKUP(A7,'LISTA IMPORTADO'!A:B,2,0) -> 16.003 | F7: =+E7*1.21*$J$13 -> 0 | I7: LISTA DE RAYOS 33
A8: R-C0084-0 | C8: RAYOS C/NIPLES | D8: 3,2 x 90 MLM | E8: =+VLOOKUP(A8,'LISTA IMPORTADO'!A:B,2,0) -> 16.003 | F8: =+E8*1.21*$J$13 -> 0
A9: R-C0086-0 | C9: RAYOS C/NIPLES | D9: 3,2 X 100 MLM | E9: =+VLOOKUP(A9,'LISTA IMPORTADO'!A:B,2,0) -> 16.003 | F9: =+E9*1.21*$J$13 -> 0 | I9: RAYOS PARA MOTOS ESPECIFICAS
A10: R-C0087-0 | C10: RAYOS C/NIPLES | D10: 3,2 X 105 MLM | E10: =+VLOOKUP(A10,'LISTA IMPORTADO'!A:B,2,0) -> 16.003 | F10: =+E10*1.21*$J$13 -> 0
A11: R-C0033-0 | C11: RAYOS C/NIPLES | D11: 3,2 X 110 MLM | E11: =+VLOOKUP(A11,'LISTA IMPORTADO'!A:B,2,0) -> 16.003 | F11: =+E11*1.21*$J$13 -> 0
A12: R-C0032-0 | C12: RAYOS C/NIPLES | D12: 3,2 X 115 MLM | E12: =+VLOOKUP(A12,'LISTA IMPORTADO'!A:B,2,0) -> 16.003 | F12: =+E12*1.21*$J$13 -> 0
A13: R-C0010-0 | C13: RAYOS C/NIPLES | D13: 3,2 X 120 MLM | E13: =+VLOOKUP(A13,'LISTA IMPORTADO'!A:B,2,0) -> 16.003 | F13: =+E13*1.21*$J$13 -> 0 | H13: TIPO DE CAMBIO | J13: =+'ERO DISTRIBUCIONES SRL'!G48 -> 0
A14: R-C0011-0 | C14: RAYOS C/NIPLES | D14: 3,2 X 125 MLM | E14: =+VLOOKUP(A14,'LISTA IMPORTADO'!A:B,2,0) -> 13.824 | F14: =+E14*1.21*$J$13 -> 0
A15: R-C0012-0 | C15: RAYOS C/NIPLES | D15: 3,2 X 130 MLM | E15: =+VLOOKUP(A15,'LISTA IMPORTADO'!A:B,2,0) -> 16.003 | F15: =+E15*1.21*$J$13 -> 0
A16: R-C0012-1 | C16: RAYOS C/NIPLES | D16: 3,2 X 135 MLM | E16: =+VLOOKUP(A16,'LISTA IMPORTADO'!A:B,2,0) -> 16.003 | F16: =+E16*1.21*$J$13 -> 0
A17: R-C0013-0 | C17: RAYOS C/NIPLES | D17: 3,2 X 140 MLM | E17: =+VLOOKUP(A17,'LISTA IMPORTADO'!A:B,2,0) -> 16.003 | F17: =+E17*1.21*$J$13 -> 0
A18: R-C0014-0 | C18: RAYOS C/NIPLES | D18: 3,2 X 145 MLM | E18: =+VLOOKUP(A18,'LISTA IMPORTADO'!A:B,2,0) -> 16.003 | F18: =+E18*1.21*$J$13 -> 0
A19: R-C0015-0 | C19: RAYOS C/NIPLES | D19: 3,2 X 150 MLM | E19: =+VLOOKUP(A19,'LISTA IMPORTADO'!A:B,2,0) -> 16.003 | F19: =+E19*1.21*$J$13 -> 0
A20: R-C0016-0 | C20: RAYOS C/NIPLES | D20: 3,2 X 155 MLM | E20: =+VLOOKUP(A20,'LISTA IMPORTADO'!A:B,2,0) -> 16.003 | F20: =+E20*1.21*$J$13 -> 0
A21: R-C0017-0 | C21: RAYOS C/NIPLES | D21: 3,2 X 160 MLM | E21: =+VLOOKUP(A21,'LISTA IMPORTADO'!A:B,2,0) -> 14.129 | F21: =+E21*1.21*$J$13 -> 0
A22: R-C0018-0 | C22: RAYOS C/NIPLES | D22: 3,2 X 165 MLM | E22: =+VLOOKUP(A22,'LISTA IMPORTADO'!A:B,2,0) -> 16.003 | F22: =+E22*1.21*$J$13 -> 0
A23: R-C0019-0 | C23: RAYOS C/NIPLES | D23: 3,2 X 170 MLM | E23: =+VLOOKUP(A23,'LISTA IMPORTADO'!A:B,2,0) -> 16.003 | F23: =+E23*1.21*$J$13 -> 0
A24: R-C0020-0 | C24: RAYOS C/NIPLES | D24: 3,2 X 175 MLM | E24: =+VLOOKUP(A24,'LISTA IMPORTADO'!A:B,2,0) -> 16.003 | F24: =+E24*1.21*$J$13 -> 0
A25: R-C0021-0 | C25: RAYOS C/NIPLES | D25: 3,2 X 180 MLM | E25: =+VLOOKUP(A25,'LISTA IMPORTADO'!A:B,2,0) -> 16.003 | F25: =+E25*1.21*$J$13 -> 0
... A80: R-C0132-0 | C80: RAYOS C/NIPLES | D80: 4 X 250 MLM | E80: =+VLOOKUP(A80,'LISTA IMPORTADO'!A:B,2,0) -> 29.916 | F80: =+E80*1.21*$J$13 -> 0
A82: LISTA DE RAYOS SEMI RECTOS PARA CROSS
A83: CODIGO | C83: DESCRIPCION | E83: PRECIO X PACK 18 | F83: PRECIO C/ IVA
A84: R-C0088-0 | C84: RAYOS C/NIPLES HONDA XR 250 DEL | E84: =+VLOOKUP(A84,'LISTA IMPORTADO'!A:B,2,0) -> 6.898 | F84: =+E84*1.21*$J$13 -> 0
A85: R-C0089-0 | C85: RAYOS C/NIPLES HONDA XR 250 TRAS | E85: =+VLOOKUP(A85,'LISTA IMPORTADO'!A:B,2,0) -> 6.898 | F85: =+E85*1.21*$J$13 -> 0
A86: R-C0092-0 | C86: RAYOS C/NIPLES SUZUKI DR 350 TRAS T2 | E86: =+VLOOKUP(A86,'LISTA IMPORTADO'!A:B,2,0) -> 6.898 | F86: =+E86*1.21*$J$13 -> 0
A87: R-C0093-0 | C87: RAYOS C/NIPLES HONDA TORNADO DEL | E87: =+VLOOKUP(A87,'LISTA IMPORTADO'!A:B,2,0) -> 6.886 | F87: =+E87*1.21*$J$13 -> 0
A88: R-C0094-0 | C88: RAYOS C/NIPLES HONDA TORNADO TRAS T1 | E88: =+VLOOKUP(A88,'LISTA IMPORTADO'!A:B,2,0) -> 6.898 | F88: =+E88*1.21*$J$13 -> 0
A89: R-C0095-0 | C89: RAYOS C/NIPLES HONDA TORNADO TRAS T2 | E89: =+VLOOKUP(A89,'LISTA IMPORTADO'!A:B,2,0) -> 6.898 | F89: =+E89*1.21*$J$13 -> 0
A90: R-C0184-0 | C90: RAYOS C/NIPLES KAWASAKI KMX 125 T2 | E90: =+VLOOKUP(A90,'LISTA IMPORTADO'!A:B,2,0) -> 6.898 | F90: =+E90*1.21*$J$13 -> 0
A93: LISTA DE RAYOS 33
A94: CODIGO | B94: PEDIDO | C94: DESCRIPCION | E94: PRECIO S/IVA | F94: PRECIO C/ IVA
A95: R-00001-0 | C95: RAYOS 2,5 DE 140 MLM. | E95: =+VLOOKUP(A95,'LISTA NACIONAL'!A:B,2,0) -> 137.376 | F95: =+E95*1.21 -> 166.22496
A96: R-00002-0 | C96: RAYOS 2,5 DE 145 MLM. | E96: =+VLOOKUP(A96,'LISTA NACIONAL'!A:B,2,0) -> 137.376 | F96: =+E96*1.21 -> 166.22496
A97: R-00003-0 | C97: RAYOS 2,5 DE 150 MLM. | E97: =+VLOOKUP(A97,'LISTA NACIONAL'!A:B,2,0) -> 137.376 | F97: =+E97*1.21 -> 166.22496
A98: R-00004-0 | C98: RAYOS 2,5 DE 155 MLM. | E98: =+VLOOKUP(A98,'LISTA NACIONAL'!A:B,2,0) -> 137.376 | F98: =+E98*1.21 -> 166.22496
A99: R-00005-0 | C99: RAYOS 2,5 DE 160 MLM. | E99: =+VLOOKUP(A99,'LISTA NACIONAL'!A:B,2,0) -> 137.376 | F99: =+E99*1.21 -> 166.22496
A100: R-00006-0 | C100: RAYOS 2,5 DE 165 MLM. | E100: =+VLOOKUP(A100,'LISTA NACIONAL'!A:B,2,0) -> 137.376 | F100: =+E100*1.21 -> 166.22496
A101: R-00007-0 | C101: RAYOS 2,5 DE 170 MLM. | E101: =+VLOOKUP(A101,'LISTA NACIONAL'!A:B,2,0) -> 137.376 | F101: =+E101*1.21 -> 166.22496
A102: R-00008-0 | C102: RAYOS 2,5 DE 175 MLM. | E102: =+VLOOKUP(A102,'LISTA NACIONAL'!A:B,2,0) -> 137.376 | F102: =+E102*1.21 -> 166.22496
A103: R-00009-0 | C103: RAYOS 2,5 DE 180 MLM. | E103: =+VLOOKUP(A103,'LISTA NACIONAL'!A:B,2,0) -> 137.376 | F103: =+E103*1.21 -> 166.22496
A104: R-00200-0 | C104: RAYOS 2,5 DE 250 MLM. | E104: =+VLOOKUP(A104,'LISTA NACIONAL'!A:B,2,0) -> 140 | F104: =+E104*1.21 -> 169.4
A105: R-00201-0 | C105: RAYOS 2,5 DE 260 MLM. | E105: =+VLOOKUP(A105,'LISTA NACIONAL'!A:B,2,0) -> 140 | F105: =+E105*1.21 -> 169.4
A106: R-00202-0 | C106: RAYOS 2,5 DE 265 MLM. | E106: =+VLOOKUP(A106,'LISTA NACIONAL'!A:B,2,0) -> 140 | F106: =+E106*1.21 -> 169.4
... A194: R-00104-0 | C194: NIPLES PARA RAYOS DE 4 MLM. | E194: =+VLOOKUP(A194,'LISTA NACIONAL'!A:B,2,0) -> 291.6569 | F194: =+E194*1.21 -> 352.90485
A196: RAYOS PARA MOTOS ESPECIFICAS | F196: =+E196*1.21 -> 0
A197: CODIGO | B197: PEDIDO | C197: DESCRIPCION | D197: MEDIDA | E197: PRECIO S/IVA | F197: PRECIO C/ IVA
A198: R-00088-0 | C198: RAYO/N X 18 HONDA XR 250 DEL. | D198: 3,5 x 250 mm | E198: =+VLOOKUP(A198,'LISTA NACIONAL'!A:B,2,0) -> 19369.062 | F198: =+E198*1.21 -> 23436.565
A199: R-00089-0 | C199: RAYO/N X 18 HONDA XR 250 TRAS. | D199: 3,5 x 220 mm | E199: =+VLOOKUP(A199,'LISTA NACIONAL'!A:B,2,0) -> 19369.062 | F199: =+E199*1.21 -> 23436.565
A200: R-00090-0 | C200: RAYO/N X 18 SUZUKI DR 350 DEL. | D200: 3,5 x 226 mm | E200: =+VLOOKUP(A200,'LISTA NACIONAL'!A:B,2,0) -> 19369.062 | F200: =+E200*1.21 -> 23436.565
A201: R-00091-0 | C201: RAYO/N X 18 SUZUKI DR 350 TRAS.T1 / XR 150 L TRAS. / BROS | D201: 3,5 x 169 mm | E201: =+VLOOKUP(A201,'LISTA NACIONAL'!A:B,2,0) -> 19369.062 | F201: =+E201*1.21 -> 23436.565
A202: R-00092-0 | C202: RAYO/N X 18 SUZUKI DR 350 TRAS.T2 / XR 150 L TRAS. / BROS | D202: 3,5 x 187 mm | E202: =+VLOOKUP(A202,'LISTA NACIONAL'!A:B,2,0) -> 19369.062 | F202: =+E202*1.21 -> 23436.565
A203: R-00093-0 | C203: RAYO/N X 18 HONDA TORNADO 250 DEL. | D203: 3,5 x 235 mm | E203: =+VLOOKUP(A203,'LISTA NACIONAL'!A:B,2,0) -> 19369.062 | F203: =+E203*1.21 -> 23436.565
A204: R-00094-0 | C204: RAYO/N X 18 TORNADO 250 TRAS T1. | D204: 3,5 x 153 mm | E204: =+VLOOKUP(A204,'LISTA NACIONAL'!A:B,2,0) -> 19369.062 | F204: =+E204*1.21 -> 23436.565
A205: R-00095-0 | C205: RAYO/N X 18 TORNADO 250 TRAS. T2 | D205: 3,5 x 204 mm | E205: =+VLOOKUP(A205,'LISTA NACIONAL'!A:B,2,0) -> 19369.062 | F205: =+E205*1.21 -> 23436.565
A206: R-00096-0 | C206: RAYO/N X 18 HONDA NX 150 DEL. | D206: 3,5 x 229 mm | E206: =+VLOOKUP(A206,'LISTA NACIONAL'!A:B,2,0) -> 19369.062 | F206: =+E206*1.21 -> 23436.565
A207: R-00097-0 | C207: RAYO/N TRASERO T1 FALCON / SKUA 150 / BROS | D207: 3,5 x 159 mm | E207: =+VLOOKUP(A207,'LISTA NACIONAL'!A:B,2,0) -> 19369.062 | F207: =+E207*1.21 -> 23436.565
A208: R-00098-0 | C208: RAYO/N X 18 FALCON TRAS. T2 | D208: 3,5 x 175 mm | E208: =+VLOOKUP(A208,'LISTA NACIONAL'!A:B,2,0) -> 19369.062 | F208: =+E208*1.21 -> 23436.565
A209: R-00099-0 | C209: RAYO YAMAHA XTZ 250 TRASERO X 18 | D209: 3,5X240 mm | E209: =+VLOOKUP(A209,'LISTA NACIONAL'!A:B,2,0) -> 19369.062 | F209: =+E209*1.21 -> 23436.565
... A221: R-00190-0 | C221: RAYOS/N X 18 HONDA BROSS / XR 200R T2 | D221: 3,5X162 mm | E221: =+VLOOKUP(A221,'LISTA NACIONAL'!A:B,2,0) -> 19368.909 | F221: =+E221*1.21 -> 23436.38

Sheet SCAR
A5: RETENES SUELTO | F5: PEDIDO | H5: RETENES SUELTOS
A6: CODIGO | B6: PEDIDO | C6: DESCRIPCION | D6: PRECIO S/ IVA | E6: PRECIO C/ IVA
A7: S-00001-0 | C7: ACOPLE CARB.A FILTRO AIRE YAMAHA 8 | D7: =+VLOOKUP(A7,'LISTA NACIONAL'!A:B,2,0) -> 7443.207 | E7: =+D7*1.21 -> 9006.2805 | H7: JUEGO MOTOR
A8: S-00002-0 | C8: BOCA ADMISION YAMAHA JOG MOD.91 | D8: =+VLOOKUP(A8,'LISTA NACIONAL'!A:B,2,0) -> 50947.433 | E8: =+D8*1.21 -> 61646.394
A9: S-00003-0 | C9: RETEN CIGUEÑAL SACHS 98 D/LABIO | D9: =+VLOOKUP(A9,'LISTA NACIONAL'!A:B,2,0) -> 2124.713 | E9: =+D9*1.21 -> 2570.9027
A10: S-00003-2 | C10: RETEN DOBLE LABIO VITON | D10: =+VLOOKUP(A10,'LISTA NACIONAL'!A:B,2,0) -> 7370.279 | E10: =+D10*1.21 -> 8918.0376
A11: S-00004-0 | C11: RETEN SALIDA DIRECTA ZLLA 125 | D11: =+VLOOKUP(A11,'LISTA NACIONAL'!A:B,2,0) -> 1838.72 | E11: =+D11*1.21 -> 2224.8512
A12: S-00005-0 | C12: RETEN CIGUEÑAL VESPA MOD.56/57 | D12: =+VLOOKUP(A12,'LISTA NACIONAL'!A:B,2,0) -> 3505.748 | E12: =+D12*1.21 -> 4241.9551
A13: S-00006-0 | C13: SOPORTE MOTOR JUHE 70 | D13: =+VLOOKUP(A13,'LISTA NACIONAL'!A:B,2,0) -> 2154.989 | E13: =+D13*1.21 -> 2607.5367
A14: S-00007-0 | C14: RETEN PIÑON HONDA C.90 | D14: =+VLOOKUP(A14,'LISTA NACIONAL'!A:B,2,0) -> 1267.793 | E14: =+D14*1.21 -> 1534.0295
A15: S-00008-0 | C15: EJE DE ARRANQUE JUKI ZLLA 50 | D15: =+VLOOKUP(A15,'LISTA NACIONAL'!A:B,2,0) -> 1838.72 | E15: =+D15*1.21 -> 2224.8512
A16: S-00009-0 | C16: RETEN RUEDA TRASERA EXTERIOR 53/57 | D16: =+VLOOKUP(A16,'LISTA NACIONAL'!A:B,2,0) -> 1870.708 | E16: =+D16*1.21 -> 2263.5567
A17: S-00010-0 | C17: RETEN DESCONPRESOR HONDA XR.250 | D17: =+VLOOKUP(A17,'LISTA NACIONAL'!A:B,2,0) -> 2649.539 | E17: =+D17*1.21 -> 3205.9422
A18: S-00011-0 | C18: RETEN CAJA SACHS 98 | D18: =+VLOOKUP(A18,'LISTA NACIONAL'!A:B,2,0) -> 1628.851 | E18: =+D18*1.21 -> 1970.9097
A19: S-00012-0 | C19: RETEN CAJA PUMA 98 | D19: =+VLOOKUP(A19,'LISTA NACIONAL'!A:B,2,0) -> 1237.592 | E19: =+D19*1.21 -> 1497.4863
... A108: S-00094-0 | C108: RETEN VARILLA EMBRAG.HONDA 250.VFR. | D108: =+VLOOKUP(A108,'LISTA NACIONAL'!A:B,2,0) -> 3397.389 | E108: =+D108*1.21 -> 4110.8407
A109: S-00095-0 | C109: BANCADA HONDA 50 C.C.M/VIEJO | D109: =+VLOOKUP(A109,'LISTA NACIONAL'!A:B,2,0) -> 1368.565
A110: S-00096-0 | C110: RETEN PUNTA CIGUEÑAL HONDA XR.600 | D110: =+VLOOKUP(A110,'LISTA NACIONAL'!A:B,2,0) -> 1655.22
A111: S-00097-0 | C111: RETEN EJE PRIMARIO SIAM 48.13X26X7 | D111: =+VLOOKUP(A111,'LISTA NACIONAL'!A:B,2,0) -> 1838.72
A112: S-00098-0 | C112: FRANQUE BIZZO 15 X 35 X 4,50. | D112: =+VLOOKUP(A112,'LISTA NACIONAL'!A:B,2,0) -> 1037.059 | E112: =+D112*1.21 -> 1254.8414
A113: S-00099-0 | C113: RETEN CIGUEÑAL HONDA 250/300 L.DIN. | D113: =+VLOOKUP(A113,'LISTA NACIONAL'!A:B,2,0) -> 4276.606 | E113: =+D113*1.21 -> 5174.6933
A114: S-00100-0 | C114: GOMA TAPA TANQUE GIL.150. | D114: =+VLOOKUP(A114,'LISTA NACIONAL'!A:B,2,0) -> 1059.718 | E114: =+D114*1.21 -> 1282.2588
A115: S-00101-0 | C115: RETEN KAWASAKI 175 CROSS 30X42X7. | D115: =+VLOOKUP(A115,'LISTA NACIONAL'!A:B,2,0) -> 2450.754 | E115: =+D115*1.21 -> 2965.4123
A116: S-00102-0 | C116: RETEN CTA VUELTAS HONDA GOLDWING | D116: =+VLOOKUP(A116,'LISTA NACIONAL'!A:B,2,0) -> 2333.939 | E116: =+D116*1.21 -> 2824.0662
A117: S-00103-0 | C117: RETEN SALIDA DE CAJA SIAM 175 TV. | D117: =+VLOOKUP(A117,'LISTA NACIONAL'!A:B,2,0) -> 2450.754 | E117: =+D117*1.21 -> 2965.4123
A118: S-00104-0 | C118: RETEN PIÑON JAWA 180. | D118: =+VLOOKUP(A118,'LISTA NACIONAL'!A:B,2,0) -> 2124.713 | E118: =+D118*1.21 -> 2570.9027
A119: S-00105-0 | C119: CAPUCHON SUSPENSION HONDA XR.250 | D119: =+VLOOKUP(A119,'LISTA NACIONAL'!A:B,2,0) -> 2803.384 | E119: =+D119*1.21 -> 3392.0946
A120: S-00106-0 | C120: RETEN VARILLA EMBRAGUE GIL.150 C.C. | D120: =+VLOOKUP(A120,'LISTA NACIONAL'!A:B,2,0) -> 741.814 | E120: =+D120*1.21 -> 897.59494
A121: S-00107-0 | C121: RETEN PIÑON HONDA 250 M/VIEJO | D121: =+VLOOKUP(A121,'LISTA NACIONAL'!A:B,2,0) -> 2333.939 | E121: =+D121*1.21 -> 2824.0662
A122: S-00108-0 | C122: RETEN CAJA SIAM MOTOFURGON | D122: =+VLOOKUP(A122,'LISTA NACIONAL'!A:B,2,0) -> 1693.382 | E122: =+D122*1.21 -> 2048.9922
A123: S-00109-0 | C123: GOMA TAPA DISTRIBUCION HONDA 125 | D123: =+VLOOKUP(A123,'LISTA NACIONAL'!A:B,2,0) -> 2355.18 | E123: =+D123*1.21 -> 2849.7678
... A3940: S-03766-0 | C3940: DIAGRAFMA DE CARB. HONDA ELITE 125 | D3940: =+VLOOKUP(A3940,'LISTA NACIONAL'!A:B,2,0) -> 5450.981 | E3940: =+D3940*1.21 -> 6595.687
C3941: LISTA JUEGO MOTOR
A3942: CODIGO | B3942: PEDIDO | C3942: DESCRIPCION | E3942: PRECIO C/ IVA
A3943: J-00001-0 | C3943: JGO.MOTOR ADLY 50 HERCHEE | D3943: =+VLOOKUP(A3943,'LISTA NACIONAL'!A:B,2,0) -> 15626.812 | E3943: =+D3943*1.21 -> 18908.443
A3944: J-00002-0 | C3944: JGO.MOTOR ADLY 100 | D3944: =+VLOOKUP(A3944,'LISTA NACIONAL'!A:B,2,0) -> 10853.116 | E3944: =+D3944*1.21 -> 13132.27
A3945: J-00003-0 | C3945: JGO.MOTOR ALPINO 75 | D3945: =+VLOOKUP(A3945,'LISTA NACIONAL'!A:B,2,0) -> 7581.983 | E3945: =+D3945*1.21 -> 9174.1994
A3946: J-00004-0 | C3946: JGO.MOTOR ALPINO 175 | D3946: =+VLOOKUP(A3946,'LISTA NACIONAL'!A:B,2,0) -> 8015.246 | E3946: =+D3946*1.21 -> 9698.4477
A3947: J-00005-0 | C3947: JGO.MOTOR BONUS 125 | D3947: =+VLOOKUP(A3947,'LISTA NACIONAL'!A:B,2,0) -> 11835.117 | E3947: =+D3947*1.21 -> 14320.492
A3948: J-00006-0 | C3948: JGO.MOTOR CAGIVA AGRALE 200 | D3948: =+VLOOKUP(A3948,'LISTA NACIONAL'!A:B,2,0) -> 17017.517 | E3948: =+D3948*1.21 -> 20591.196
A3949: J-00007-0 | C3949: JGO.MOTOR DAELIM LIBERTY | D3949: =+VLOOKUP(A3949,'LISTA NACIONAL'!A:B,2,0) -> 6232.559 | E3949: =+D3949*1.21 -> 7541.3964
A3950: J-00008-0 | C3950: JGO.MOTOR DKW 125 | D3950: =+VLOOKUP(A3950,'LISTA NACIONAL'!A:B,2,0) -> 6953.79 | E3950: =+D3950*1.21 -> 8414.0859
A3951: J-00009-0 | C3951: JGO.MOTOR DKW 200 | D3951: =+VLOOKUP(A3951,'LISTA NACIONAL'!A:B,2,0) -> 7668.599 | E3951: =+D3951*1.21 -> 9279.0048
A3952: J-00010-0 | C3952: JGO.MOTOR DEI IMX | D3952: =+VLOOKUP(A3952,'LISTA NACIONAL'!A:B,2,0) -> 6645.986 | E3952: =+D3952*1.21 -> 8041.6431
A3953: J-00011-0 | C3953: JGO.MOTOR FANTIC 50 ISSIMO | D3953: =+VLOOKUP(A3953,'LISTA NACIONAL'!A:B,2,0) -> 7137.897 | E3953: =+D3953*1.21 -> 8636.8554
A3954: J-00012-0 | C3954: JGO.MOTOR FANTIC 80 | D3954: =+VLOOKUP(A3954,'LISTA NACIONAL'!A:B,2,0) -> 6204.234 | E3954: =+D3954*1.21 -> 7507.1231
... A4181: J-00274-0 | C4181: JGO.MOTOR YAMAHA DT 175 M/NUEVO | D4181: =+VLOOKUP(A4181,'LISTA NACIONAL'!A:B,2,0) -> 18847.799 | E4181: =+D4181*1.21 -> 22805.837
A4182: J-00275-0 | C4182: JGO.MOTOR HONDA CR 80 | D4182: =+VLOOKUP(A4182,'LISTA NACIONAL'!A:B,2,0) -> 13060.108 | E4182: =+D4182*1.21 -> 15802.731 | F4182: VOLVER
A4183: J-00276-0 | C4183: JGO. MOTOR YAMAHA FZ 160 | D4183: =+VLOOKUP(A4183,'LISTA NACIONAL'!A:B,2,0) -> 16204.675 | E4183: =+D4183*1.21 -> 19607.657
C4184: LISTA ORING | D4184: =+VLOOKUP(A4184,'LISTA NACIONAL'!A:B,2,0) -> #N/A
A4185: S-22000-0 | C4185: ORING 1.60X1.80X5.20 | D4185: =+VLOOKUP(A4185,'LISTA NACIONAL'!A:B,2,0) -> 349.803 | E4185: =+D4185*1.21 -> 423.26163
A4186: S-22001-0 | C4186: ORING.3X2X7 | D4186: =+VLOOKUP(A4186,'LISTA NACIONAL'!A:B,2,0) -> 349.803 | E4186: =+D4186*1.21 -> 423.26163
A4187: S-22002-0 | C4187: ORING.4X1,5X7 | D4187: =+VLOOKUP(A4187,'LISTA NACIONAL'!A:B,2,0) -> 349.803 | E4187: =+D4187*1.21 -> 423.26163
A4188: S-22003-0 | C4188: ORING | D4188: =+VLOOKUP(A4188,'LISTA NACIONAL'!A:B,2,0) -> 372.318 | E4188: =+D4188*1.21 -> 450.50478
A4189: S-22004-0 | C4189: ORING | D4189: =+VLOOKUP(A4189,'LISTA NACIONAL'!A:B,2,0) -> 372.318 | E4189: =+D4189*1.21 -> 450.50478
A4190: S-22005-0 | C4190: ORING CARBURADOR CG.125 | D4190: =+VLOOKUP(A4190,'LISTA NACIONAL'!A:B,2,0) -> 401.757 | E4190: =+D4190*1.21 -> 486.12597
A4191: S-22005-1 | C4191: ORING CARB.CG 125 SILICONA | D4191: =+VLOOKUP(A4191,'LISTA NACIONAL'!A:B,2,0) -> 795.594 | E4191: =+D4191*1.21 -> 962.66874
A4192: S-22006-0 | C4192: ORING | D4192: =+VLOOKUP(A4192,'LISTA NACIONAL'!A:B,2,0) -> 386.164 | E4192: =+D4192*1.21 -> 467.25844
A4193: S-22007-0 | C4193: ORING | D4193: =+VLOOKUP(A4193,'LISTA NACIONAL'!A:B,2,0) -> 443.893 | E4193: =+D4193*1.21 -> 537.11053
A4194: S-22008-0 | C4194: ORING | D4194: =+VLOOKUP(A4194,'LISTA NACIONAL'!A:B,2,0) -> 430.2 | E4194: =+D4194*1.21 -> 520.542
A4195: S-22009-0 | C4195: ORING | D4195: =+VLOOKUP(A4195,'LISTA NACIONAL'!A:B,2,0) -> 430.2 | E4195: =+D4195*1.21 -> 520.542
A4196: S-22010-0 | C4196: ORING | D4196: =+VLOOKUP(A4196,'LISTA NACIONAL'!A:B,2,0) -> 418.504 | E4196: =+D4196*1.21 -> 506.38984
... A4934: S-22702-0 | C4934: ORING | D4934: =+VLOOKUP(A4934,'LISTA NACIONAL'!A:B,2,0) -> 436.172 | E4934: =+D4934*1.21 -> 527.76812
C4935: LISTA SOPAPA | D4935: =+VLOOKUP(A4935,'LISTA NACIONAL'!A:B,2,0) -> #N/A
A4936: S-05600-0 | C4936: SOPAPA | D4936: =+VLOOKUP(A4936,'LISTA NACIONAL'!A:B,2,0) -> 1037.059 | E4936: =+D4936*1.21 -> 1254.8414
A4937: S-05601-0 | C4937: SOPAPA | D4937: =+VLOOKUP(A4937,'LISTA NACIONAL'!A:B,2,0) -> 1037.059 | E4937: =+D4937*1.21 -> 1254.8414
A4938: S-05602-0 | C4938: SOPAPA | D4938: =+VLOOKUP(A4938,'LISTA NACIONAL'!A:B,2,0) -> 807.467 | E4938: =+D4938*1.21 -> 977.03507
A4939: S-05603-0 | C4939: SOPAPA | D4939: =+VLOOKUP(A4939,'LISTA NACIONAL'!A:B,2,0) -> 807.467 | E4939: =+D4939*1.21 -> 977.03507
A4940: S-05604-0 | C4940: SOPAPA | D4940: =+VLOOKUP(A4940,'LISTA NACIONAL'!A:B,2,0) -> 1214.671 | E4940: =+D4940*1.21 -> 1469.7519
A4941: S-05605-0 | C4941: SOPAPA | D4941: =+VLOOKUP(A4941,'LISTA NACIONAL'!A:B,2,0) -> 1351.272 | E4941: =+D4941*1.21 -> 1635.0391
A4942: S-05606-0 | C4942: SOPAPA | D4942: =+VLOOKUP(A4942,'LISTA NACIONAL'!A:B,2,0) -> 1930.784 | E4942: =+D4942*1.21 -> 2336.2486
A4943: S-05607-0 | C4943: SOPAPA | D4943: =+VLOOKUP(A4943,'LISTA NACIONAL'!A:B,2,0) -> 1930.784 | E4943: =+D4943*1.21 -> 2336.2486
A4944: S-05608-0 | C4944: SOPAPA | D4944: =+VLOOKUP(A4944,'LISTA NACIONAL'!A:B,2,0) -> 2487.734 | E4944: =+D4944*1.21 -> 3010.1581
A4945: S-05609-0 | C4945: SOPAPA | D4945: =+VLOOKUP(A4945,'LISTA NACIONAL'!A:B,2,0) -> 535.71 | E4945: =+D4945*1.21 -> 648.2091
A4946: S-05610-0 | C4946: SOPAPA | D4946: =+VLOOKUP(A4946,'LISTA NACIONAL'!A:B,2,0) -> 1536.85 | E4946: =+D4946*1.21 -> 1859.5885
A4947: S-05611-0 | C4947: SOPAPA | D4947: =+VLOOKUP(A4947,'LISTA NACIONAL'!A:B,2,0) -> 2038.257 | E4947: =+D4947*1.21 -> 2466.291
... A5274: S-06000-0 | C5274: SOPAPAS VARIOS | D5274: =+VLOOKUP(A5274,'LISTA NACIONAL'!A:B,2,0) -> 1072.713 | E5274: =+D5274*1.21 -> 1297.9827
C5275: LISTA ARANDELAS DE GOMAS | D5275: =+VLOOKUP(A5275,'LISTA NACIONAL'!A:B,2,0) -> #N/A
A5276: S-08000-0 | C5276: BALANCIN YAMAHA RAPTOR | D5276: =+VLOOKUP(A5276,'LISTA NACIONAL'!A:B,2,0) -> 49562.445 | E5276: =+D5276*1.21 -> 59970.558
A5277: S-08000-1 | C5277: PEDAL DE CAMBIO COMPLETO Y. RAPTOR | D5277: =+VLOOKUP(A5277,'LISTA NACIONAL'!A:B,2,0) -> 84965.491 | E5277: =+D5277*1.21 -> 102808.24
A5278: S-08090-0 | C5278: S-08090-0 SIN DESCRIPCION | D5278: =+VLOOKUP(A5278,'LISTA NACIONAL'!A:B,2,0) -> 2123.735 | E5278: =+D5278*1.21 -> 2569.7194
A5279: S-08779-0 | C5279: ARANDELA HIDROGENADA | D5279: =+VLOOKUP(A5279,'LISTA NACIONAL'!A:B,2,0) -> 6359.153 | E5279: =+D5279*1.21 -> 7694.5751
A5280: S-08801-0 | C5280: ARANDELA | D5280: =+VLOOKUP(A5280,'LISTA NACIONAL'!A:B,2,0) -> 646.72 | E5280: =+D5280*1.21 -> 782.5312
A5281: S-08807-0 | C5281: ARANDELA EJE DE CAMBIO SACHS 98 | D5281: =+VLOOKUP(A5281,'LISTA NACIONAL'!A:B,2,0) -> 492.328 | E5281: =+D5281*1.21 -> 595.71688
A5282: S-08808-0 | C5282: GOMA RUEDA DELANTERA SIAM 125 | D5282: =+VLOOKUP(A5282,'LISTA NACIONAL'!A:B,2,0) -> 517.262 | E5282: =+D5282*1.21 -> 625.88702
A5283: S-08809-0 | C5283: ARANDELA | D5283: =+VLOOKUP(A5283,'LISTA NACIONAL'!A:B,2,0) -> 591.721 | E5283: =+D5283*1.21 -> 715.98241
A5284: S-08810-0 | C5284: ARANDELA | D5284: =+VLOOKUP(A5284,'LISTA NACIONAL'!A:B,2,0) -> 591.721 | E5284: =+D5284*1.21 -> 715.98241
A5285: S-08811-0 | C5285: S-08811-0 SIN DESCRIPCION | D5285: =+VLOOKUP(A5285,'LISTA NACIONAL'!A:B,2,0) -> 782.139 | E5285: =+D5285*1.21 -> 946.38819
A5286: S-08812-0 | C5286: GOMA ARRANQUE SACHS 100/3 | D5286: =+VLOOKUP(A5286,'LISTA NACIONAL'!A:B,2,0) -> 693.725 | E5286: =+D5286*1.21 -> 839.40725
A5287: S-08813-0 | C5287: ARANDELA TAPA NAFTA VARIAS | D5287: =+VLOOKUP(A5287,'LISTA NACIONAL'!A:B,2,0) -> 739.36 | E5287: =+D5287*1.21 -> 894.6256
... A5371: S-09207-0 | C5371: S-09207-0 SIN DESCRIPCION | D5371: =+VLOOKUP(A5371,'LISTA NACIONAL'!A:B,2,0) -> 667.005 | E5371: =+D5371*1.21 -> 807.07605

Sheet TORNILLERIA
A3: CODIGO | B3: PEDIDO | C3: DESCRIPCION | D3: PRECIO S/ IVA | E3: PRECIO C/ IVA | F3: PEDIDO
A4: B-00001-0 | C4: TORNILLO 5X10 | D4: =+VLOOKUP(A4,'LISTA NACIONAL'!A:B,2,0) -> 130.276 | E4: =+D4*1.21 -> 157.63396
A5: B-00002-0 | C5: TORNILLO 5X15 | D5: =+VLOOKUP(A5,'LISTA NACIONAL'!A:B,2,0) -> 161.832 | E5: =+D5*1.21 -> 195.81672
A6: B-00003-0 | C6: TORNILLO 5X20 | D6: =+VLOOKUP(A6,'LISTA NACIONAL'!A:B,2,0) -> 179.308 | E6: =+D6*1.21 -> 216.96268
A7: B-00004-0 | C7: TORNILLO 5X25 | D7: =+VLOOKUP(A7,'LISTA NACIONAL'!A:B,2,0) -> 196.592 | E7: =+D7*1.21 -> 237.87632
A8: B-00005-0 | C8: TORNILLO 5X30 | D8: =+VLOOKUP(A8,'LISTA NACIONAL'!A:B,2,0) -> 214.16 | E8: =+D8*1.21 -> 259.1336
A9: B-00006-0 | C9: TORNILLO 5X35 | D9: =+VLOOKUP(A9,'LISTA NACIONAL'!A:B,2,0) -> 242.249 | E9: =+D9*1.21 -> 293.12129
A10: B-00007-0 | C10: TORNILLO 5X40 | D10: =+VLOOKUP(A10,'LISTA NACIONAL'!A:B,2,0) -> 288.001 | E10: =+D10*1.21 -> 348.48121
A11: B-00008-0 | C11: TORNILLO 5X45 | D11: =+VLOOKUP(A11,'LISTA NACIONAL'!A:B,2,0) -> 421.42 | E11: =+D11*1.21 -> 509.9182
A12: B-00009-0 | C12: TORNILLO 5X50 | D12: =+VLOOKUP(A12,'LISTA NACIONAL'!A:B,2,0) -> 347.582 | E12: =+D12*1.21 -> 420.57422
A13: B-00010-0 | C13: TORNILLO 5X55 | D13: =+VLOOKUP(A13,'LISTA NACIONAL'!A:B,2,0) -> 740.875 | E13: =+D13*1.21 -> 896.45875
A14: B-00011-0 | C14: TORNILLO 5X60 | D14: =+VLOOKUP(A14,'LISTA NACIONAL'!A:B,2,0) -> 832.296 | E14: =+D14*1.21 -> 1007.0782
A15: B-00012-0 | C15: TORNILLO 5X65 | D15: =+VLOOKUP(A15,'LISTA NACIONAL'!A:B,2,0) -> 884.838 | E15: =+D15*1.21 -> 1070.654
... A23: B-00021-0 | C23: BULON 5X45 | D23: =+VLOOKUP(A23,'LISTA NACIONAL'!A:B,2,0) -> 312.171 | E23: =+D23*1.21 -> 377.72691
A24: B-00022-0 | C24: BULON 5X50 | D24: =+VLOOKUP(A24,'LISTA NACIONAL'!A:B,2,0) -> 375.957
A25: B-00023-0 | C25: BULON 5X55 | D25: =+VLOOKUP(A25,'LISTA NACIONAL'!A:B,2,0) -> 439.225 | E25: =+D25*1.21 -> 531.46225
A26: B-00024-0 | C26: BULON 5X60 | D26: =+VLOOKUP(A26,'LISTA NACIONAL'!A:B,2,0) -> 481.275
A27: B-00025-0 | C27: BULON 5X65 | D27: =+VLOOKUP(A27,'LISTA NACIONAL'!A:B,2,0) -> 551.384 | E27: =+D27*1.21 -> 667.17464
A28: B-00026-0 | C28: TORNILLO 6X10 | D28: =+VLOOKUP(A28,'LISTA NACIONAL'!A:B,2,0) -> 179.308
A29: B-00027-0 | C29: TORNILLO 6X15 | D29: =+VLOOKUP(A29,'LISTA NACIONAL'!A:B,2,0) -> 200.087 | E29: =+D29*1.21 -> 242.10527
A30: B-00028-0 | C30: TORNILLO 6X18 | D30: =+VLOOKUP(A30,'LISTA NACIONAL'!A:B,2,0) -> 221.387 | E30: =+D30*1.21 -> 267.87827
A31: B-00029-0 | C31: TORNILLO 6X20 | D31: =+VLOOKUP(A31,'LISTA NACIONAL'!A:B,2,0) -> 280.968 | E31: =+D31*1.21 -> 339.97128
A32: B-00031-0 | C32: TORNILLO 6X25 | D32: =+VLOOKUP(A32,'LISTA NACIONAL'!A:B,2,0) -> 323.101 | E32: =+D32*1.21 -> 390.95221
A33: B-00032-0 | C33: TORNILLO 6X30 | D33: =+VLOOKUP(A33,'LISTA NACIONAL'!A:B,2,0) -> 358.162 | E33: =+D33*1.21 -> 433.37602
A34: B-00033-0 | C34: TORNILLO 6X35 | D34: =+VLOOKUP(A34,'LISTA NACIONAL'!A:B,2,0) -> 326.703 | E34: =+D34*1.21 -> 395.31063
A35: B-00034-0 | C35: TORNILLO 6X40 | D35: =+VLOOKUP(A35,'LISTA NACIONAL'!A:B,2,0) -> 523.395 | E35: =+D35*1.21 -> 633.30795
A36: B-00035-0 | C36: TORNILLO 6X45 | D36: =+VLOOKUP(A36,'LISTA NACIONAL'!A:B,2,0) -> 347.582 | E36: =+D36*1.21 -> 420.57422
A37: B-00036-0 | C37: TORNILLO 6X50 | D37: =+VLOOKUP(A37,'LISTA NACIONAL'!A:B,2,0) -> 389.672 | E37: =+D37*1.21 -> 471.50312
A38: B-00037-0 | C38: TORNILLO 6X55 | D38: =+VLOOKUP(A38,'LISTA NACIONAL'!A:B,2,0) -> 509.251 | E38: =+D38*1.21 -> 616.19371
A39: B-00038-0 | C39: TORNILLO 6X60 | D39: =+VLOOKUP(A39,'LISTA NACIONAL'!A:B,2,0) -> 555.129 | E39: =+D39*1.21 -> 671.70609
A40: B-00039-0 | C40: TORNILLO 6X65 | D40: =+VLOOKUP(A40,'LISTA NACIONAL'!A:B,2,0) -> 600.367 | E40: =+D40*1.21 -> 726.44407
... A71: B-00074-0 | C71: BULON 6X50 | D71: =+VLOOKUP(A71,'LISTA NACIONAL'!A:B,2,0) -> 264.825 | E71: =+D71*1.21 -> 320.43825
A72: B-00075-0 | C72: BULON 6X55 | D72: =+VLOOKUP(A72,'LISTA NACIONAL'!A:B,2,0) -> 270.71
A73: B-00076-0 | C73: BULON 6X60 | D73: =+VLOOKUP(A73,'LISTA NACIONAL'!A:B,2,0) -> 273.064 | E73: =+D73*1.21 -> 330.40744
A74: B-00077-0 | C74: BULON 6X65 TANQUE GARELLI | D74: =+VLOOKUP(A74,'LISTA NACIONAL'!A:B,2,0) -> 276.595
A75: B-00078-0 | C75: BULON 6X70 | D75: =+VLOOKUP(A75,'LISTA NACIONAL'!A:B,2,0) -> 281.038 | E75: =+D75*1.21 -> 340.05598
A76: B-00079-0 | C76: BULON 6X75 | D76: =+VLOOKUP(A76,'LISTA NACIONAL'!A:B,2,0) -> 284.834 | E76: =+D76*1.21 -> 344.64914
A77: B-00080-0 | C77: CHAVETA VOLANTE ZANELLA 50 VR | D77: =+VLOOKUP(A77,'LISTA NACIONAL'!A:B,2,0) -> 725.823 | E77: =+D77*1.21 -> 878.24583
A78: B-00081-0 | C78: BULON 7X10 | D78: =+VLOOKUP(A78,'LISTA NACIONAL'!A:B,2,0) -> 298.686 | E78: =+D78*1.21 -> 361.41006
A79: B-00082-0 | C79: BULON 7X15 | D79: =+VLOOKUP(A79,'LISTA NACIONAL'!A:B,2,0) -> 372.182 | E79: =+D79*1.21 -> 450.34022
A80: B-00083-0 | C80: BULON 7X20 | D80: =+VLOOKUP(A80,'LISTA NACIONAL'!A:B,2,0) -> 344.268 | E80: =+D80*1.21 -> 416.56428
A81: B-00084-0 | C81: BULON 7X25 CORONA CICLO | D81: =+VLOOKUP(A81,'LISTA NACIONAL'!A:B,2,0) -> 456.53 | E81: =+D81*1.21 -> 552.4013
A82: B-00085-0 | C82: BULON 7X30 | D82: =+VLOOKUP(A82,'LISTA NACIONAL'!A:B,2,0) -> 439.225 | E82: =+D82*1.21 -> 531.46225
A83: B-00086-0 | C83: BULON 7X35 | D83: =+VLOOKUP(A83,'LISTA NACIONAL'!A:B,2,0) -> 484.44 | E83: =+D83*1.21 -> 586.1724
A84: B-00087-0 | C84: BULON 7X40 | D84: =+VLOOKUP(A84,'LISTA NACIONAL'!A:B,2,0) -> 530.485 | E84: =+D84*1.21 -> 641.88685
A85: B-00088-0 | C85: BULON 7X45 | D85: =+VLOOKUP(A85,'LISTA NACIONAL'!A:B,2,0) -> 607.344 | E85: =+D85*1.21 -> 734.88624
A86: B-00089-0 | C86: BULON 7X50 | D86: =+VLOOKUP(A86,'LISTA NACIONAL'!A:B,2,0) -> 705.629 | E86: =+D86*1.21 -> 853.81109
... A139: B-00131-0 | C139: BULON TAPA VALVULA GIL.150.S.T.D. | D139: =+VLOOKUP(A139,'LISTA NACIONAL'!A:B,2,0) -> 1379.027 | E139: =+D139*1.21 -> 1668.6227
A140: B-00132-0 | C140: BULON TAPA VALVULA GIL.150.S/M | D140: =+VLOOKUP(A140,'LISTA NACIONAL'!A:B,2,0) -> 1506.164
A141: B-00133-0 | C141: BULON SOPORTE MOTOR CG VARIAS 10 X 115 | D141: =+VLOOKUP(A141,'LISTA NACIONAL'!A:B,2,0) -> 1873.979
A142: B-00134-0 | C142: BULON TAPA VALVULA GIL.200.S/M | D142: =+VLOOKUP(A142,'LISTA NACIONAL'!A:B,2,0) -> 1471.974
A143: B-00135-0 | C143: BULON BRIDA CARB.DELLORTO 5X080 | D143: =+VLOOKUP(A143,'LISTA NACIONAL'!A:B,2,0) -> 2047.045 | E143: =+D143*1.21 -> 2476.9244
A144: B-00136-0 | C144: BULON BRIDA CARB.DELLORTO 6X100 | D144: =+VLOOKUP(A144,'LISTA NACIONAL'!A:B,2,0) -> 2047.045 | E144: =+D144*1.21 -> 2476.9244
A145: B-00141-0 | C145: TORNILLO EMBRAGUE GIL.150.C.C. | D145: =+VLOOKUP(A145,'LISTA NACIONAL'!A:B,2,0) -> 3283.162 | E145: =+D145*1.21 -> 3972.626
A146: B-00142-0 | C146: TORNILLO TANQUE GIL.200(DELANT) | D146: =+VLOOKUP(A146,'LISTA NACIONAL'!A:B,2,0) -> 2159.555 | E146: =+D146*1.21 -> 2613.0615
A147: B-00143-0 | C147: TORNILLO TANQUE TRASERO GIL.200 | D147: =+VLOOKUP(A147,'LISTA NACIONAL'!A:B,2,0) -> 4498.26 | E147: =+D147*1.21 -> 5442.8946
A148: B-00144-0 | C148: TORNILLO MANILLAR GIL.200 | D148: =+VLOOKUP(A148,'LISTA NACIONAL'!A:B,2,0) -> 1056.944 | E148: =+D148*1.21 -> 1278.9022
A149: B-00145-0 | C149: TORNILLO 4X10 BASE PLATINO GIL.200 | D149: =+VLOOKUP(A149,'LISTA NACIONAL'!A:B,2,0) -> 358.162 | E149: =+D149*1.21 -> 433.37602
A150: B-00146-0 | C150: TORNILLO 4X20 LLAVE LUZ GIL.200 | D150: =+VLOOKUP(A150,'LISTA NACIONAL'!A:B,2,0) -> 235.008 | E150: =+D150*1.21 -> 284.35968
A151: B-00147-0 | C151: TORNILLO TAPA PLATINO GIL.200 | D151: =+VLOOKUP(A151,'LISTA NACIONAL'!A:B,2,0) -> 558.232 | E151: =+D151*1.21 -> 675.46072
A152: B-00148-0 | C152: BULON TAPA CUBA PUMA(5X10) | D152: =+VLOOKUP(A152,'LISTA NACIONAL'!A:B,2,0) -> 1264.467 | E152: =+D152*1.21 -> 1530.0051
A153: B-00149-0 | C153: BULON REGULADOR DE AIRE(5X20) | D153: =+VLOOKUP(A153,'LISTA NACIONAL'!A:B,2,0) -> 1460.705 | E153: =+D153*1.21 -> 1767.453
A154: B-00150-0 | C154: BULON CABALLETE PUMA | D154: =+VLOOKUP(A154,'LISTA NACIONAL'!A:B,2,0) -> 2949.458 | E154: =+D154*1.21 -> 3568.8442
... A1617: B-02486-0 | C1617: LLAVE TUERCA CIGUEÑAL KTM 390 | D1617: =+VLOOKUP(A1617,'LISTA NACIONAL'!A:B,2,0) -> 7396.446 | E1617: =+D1617*1.21 -> 8949.6997

Sheet VILLSO
A6: QUILLAS TUNING PARA MOTOS | G6: PEDIDO | I6: QUILLAS
A8: CODiGO | B8: CODIGO | C8: PEDIDO | D8: DESCRIPCION | E8: PRECIO S/ IVA | F8: PRECIO C/ IVA | I8: DEFLECTORES
A9: BAJAJ ROUSER 135 | B9: V-00127-0 | D9: QUILLA BAJAJ ROUSER 135 NEGRA | E9: =+VLOOKUP(B9,'LISTA NACIONAL'!A:B,2,0) -> 135359.5 | F9: =+E9*1.21 -> 163784.99
B10: V-00127-1 | D10: QUILLA BAJAJ ROUSER 135 ROJA | E10: =+VLOOKUP(B10,'LISTA NACIONAL'!A:B,2,0) -> 135359.5 | F10: =+E10*1.21 -> 163784.99
B11: V-00127-2 | D11: QUILLA BAJAJ ROUSER 135 AZUL | E11: =+VLOOKUP(B11,'LISTA NACIONAL'!A:B,2,0) -> 135359.5 | F11: =+E11*1.21 -> 163784.99
A12: BAJAJ ROUSER 180 | B12: V-00128-0 | D12: QUILLA BAJAJ ROUSER 180 NEGRA | E12: =+VLOOKUP(B12,'LISTA NACIONAL'!A:B,2,0) -> 135359.5 | F12: =+E12*1.21 -> 163784.99
B13: V-00128-1 | D13: QUILLA BAJAJ ROUSER 180 ROJO | E13: =+VLOOKUP(B13,'LISTA NACIONAL'!A:B,2,0) -> 135359.5 | F13: =+E13*1.21 -> 163784.99
B14: V-00128-2 | D14: QUILLA BAJAJ ROUSER 180 AZUL | E14: =+VLOOKUP(B14,'LISTA NACIONAL'!A:B,2,0) -> 135359.5 | F14: =+E14*1.21 -> 163784.99
B15: V-00128-6 | D15: QUILLA BAJAJ ROUSER 180 CELESTE | E15: =+VLOOKUP(B15,'LISTA NACIONAL'!A:B,2,0) -> 135359.5 | F15: =+E15*1.21 -> 163784.99
B16: V-00128-7 | D16: QUILLA BAJAJ ROUSER 180 BORDO | E16: =+VLOOKUP(B16,'LISTA NACIONAL'!A:B,2,0) -> 135359.5 | F16: =+E16*1.21 -> 163784.99
B17: V-00128-8 | D17: QUILLA BAJAJ ROUSER 180 GRIS GRAFITO | E17: =+VLOOKUP(B17,'LISTA NACIONAL'!A:B,2,0) -> 135359.5 | F17: =+E17*1.21 -> 163784.99
A18: BAJAJ ROUSER 200-225 | B18: V-00130-0 | D18: QUILLA BAJAJ ROUSER Negra | E18: =+VLOOKUP(B18,'LISTA NACIONAL'!A:B,2,0) -> 135359.5 | F18: =E18*1.21 -> 163784.99
B19: V-00130-1 | D19: QUILLA BAJAJ ROUSER Roja | E19: =+VLOOKUP(B19,'LISTA NACIONAL'!A:B,2,0) -> 135359.5 | F19: =E19*1.21 -> 163784.99 | I19: CUBRE ASIENTO/ CUBRE CARTER
B20: V-00130-2 | D20: QUILLA BAJAJ ROUSER Azul | E20: =+VLOOKUP(B20,'LISTA NACIONAL'!A:B,2,0) -> 135359.5 | F20: =E20*1.21 -> 163784.99
B21: V-00130-3 | D21: QUILLA BAJAJ ROUSER Gris | E21: =+VLOOKUP(B21,'LISTA NACIONAL'!A:B,2,0) -> 135359.5 | F21: =E21*1.21 -> 163784.99
A22: BAJA ROUSER NS 200 | B22: V-00131-0 | D22: QUILLA BAJAJ ROUSER Negra | E22: =+VLOOKUP(B22,'LISTA NACIONAL'!A:B,2,0) -> 135359.5 | F22: =E22*1.21 -> 163784.99
B23: V-00131-1 | D23: QUILLA BAJAJ ROUSER Roja | E23: =+VLOOKUP(B23,'LISTA NACIONAL'!A:B,2,0) -> 135359.5 | F23: =E23*1.21 -> 163784.99
B24: V-00131-2 | D24: QUILLA BAJAJ ROUSER Azul | E24: =+VLOOKUP(B24,'LISTA NACIONAL'!A:B,2,0) -> 135359.5 | F24: =+E24*1.21 -> 163784.99
B25: V-00131-4 | D25: QUILLA BAJAJ ROUSER Blanca | E25: =+VLOOKUP(B25,'LISTA NACIONAL'!A:B,2,0) -> 135359.5 | F25: =+E25*1.21 -> 163784.99
B26: V-00131-6 | D26: QUILLA BAJAJ ROUSER Amarillo | E26: =+VLOOKUP(B26,'LISTA NACIONAL'!A:B,2,0) -> 135359.5 | F26: =E26*1.21 -> 163784.99
B27: V-00131-7 | D27: QUILLA BAJAJ ROUSER Amarillo 2018 | E27: =+VLOOKUP(B27,'LISTA NACIONAL'!A:B,2,0) -> 135359.5 | F27: =E27*1.21 -> 163784.99
A28: BAJAJ ROUSER AS | B28: V-00132-0 | D28: QUILLA BAJAJ ROUSER AS Negra | E28: =+VLOOKUP(B28,'LISTA NACIONAL'!A:B,2,0) -> 135359.5 | F28: =E28*1.21 -> 163784.99
B29: V-00132-1 | D29: QUILLA BAJAJ ROUSER AS Roja | E29: =+VLOOKUP(B29,'LISTA NACIONAL'!A:B,2,0) -> 135359.5 | F29: =E29*1.21 -> 163784.99
A30: HONDA CG 125 FAN | B30: V-00100-0 | D30: QUILLA CG 125 Negra | E30: =+VLOOKUP(B30,'LISTA NACIONAL'!A:B,2,0) -> 79019.73 | F30: =E30*1.21 -> 95613.873
B31: V-00100-1 | D31: QUILLA CG 125 Roja | E31: =+VLOOKUP(B31,'LISTA NACIONAL'!A:B,2,0) -> 79019.73 | F31: =E31*1.21 -> 95613.873
B32: V-00100-2 | D32: QUILLA CG 125 Azul | E32: =+VLOOKUP(B32,'LISTA NACIONAL'!A:B,2,0) -> 79019.73 | F32: =E32*1.21 -> 95613.873
B33: V-00100-3 | D33: QUILLA CG 125 Gris | E33: =+VLOOKUP(B33,'LISTA NACIONAL'!A:B,2,0) -> 79019.73 | F33: =E33*1.21 -> 95613.873
B34: V-00100-4 | D34: QUILLA CG 125 Blanca | E34: =+VLOOKUP(B34,'LISTA NACIONAL'!A:B,2,0) -> 79019.73 | F34: =E34*1.21 -> 95613.873
A35: HONDA STORM | B35: V-00101-0 | D35: QUILLA STORM Negra | E35: =+VLOOKUP(B35,'LISTA NACIONAL'!A:B,2,0) -> 79019.73 | F35: =E35*1.21 -> 95613.873
B36: V-00101-1 | D36: QUILLA STORM Roja | E36: =+VLOOKUP(B36,'LISTA NACIONAL'!A:B,2,0) -> 79019.73 | F36: =E36*1.21 -> 95613.873
B37: V-00101-2 | D37: QUILLA STORM Azul | E37: =+VLOOKUP(B37,'LISTA NACIONAL'!A:B,2,0) -> 79019.73 | F37: =E37*1.21 -> 95613.873
B38: V-00101-3 | D38: QUILLA STORM Gris | E38: =+VLOOKUP(B38,'LISTA NACIONAL'!A:B,2,0) -> 79019.73 | F38: =E38*1.21 -> 95613.873
B39: V-00101-4 | D39: QUILLA STORM Blanca | E39: =+VLOOKUP(B39,'LISTA NACIONAL'!A:B,2,0) -> 79019.73 | F39: =E39*1.21 -> 95613.873
A40: HONDA CB1 125 | B40: V-00103-0 | D40: QUILLA CB1 Negra | E40: =+VLOOKUP(B40,'LISTA NACIONAL'!A:B,2,0) -> 88488.747 | F40: =E40*1.21 -> 107071.38
B41: V-00103-1 | D41: QUILLA CB1 Roja
A43: HONDA CG 150 | B43: V-00104-0 | D43: QUILLA CG 150 Negra | E43: =+VLOOKUP(B43,'LISTA NACIONAL'!A:B,2,0) -> 91512.84 | F43: =E43*1.21 -> 110730.54
B44: V-00104-1 | D44: QUILLA CG 150 Roja | E44: =+VLOOKUP(B44,'LISTA NACIONAL'!A:B,2,0) -> 91512.84 | F44: =E44*1.21 -> 110730.54
B45: V-00104-2 | D45: QUILLA CG 150 Azul | E45: =+VLOOKUP(B45,'LISTA NACIONAL'!A:B,2,0) -> 91512.84 | F45: =E45*1.21 -> 110730.54
A46: HONDA CBX 250 TWISTER | B46: V-00105-0 | D46: QUILLA CBX 250 Negra | E46: =+VLOOKUP(B46,'LISTA NACIONAL'!A:B,2,0) -> 135359.5 | F46: =E46*1.21 -> 163784.99
B47: V-00105-1 | D47: QUILLA CBX 250 Roja | E47: =+VLOOKUP(B47,'LISTA NACIONAL'!A:B,2,0) -> 135359.5 | F47: =E47*1.21 -> 163784.99
B48: V-00105-2 | D48: QUILLA CBX 250 Azul | E48: =+VLOOKUP(B48,'LISTA NACIONAL'!A:B,2,0) -> 135359.5 | F48: =E48*1.21 -> 163784.99
B49: V-00105-3 | D49: QUILLA CBX 250 Gris | E49: =+VLOOKUP(B49,'LISTA NACIONAL'!A:B,2,0) -> 135359.5 | F49: =E49*1.21 -> 163784.99
B50: V-00105-4 | D50: QUILLA CBX 250 Blanca | E50: =+VLOOKUP(B50,'LISTA NACIONAL'!A:B,2,0) -> 135359.5 | F50: =E50*1.21 -> 163784.99
B51: V-00105-6 | D51: QUILLA CBX 250 Amarilla | E51: =+VLOOKUP(B51,'LISTA NACIONAL'!A:B,2,0) -> 135359.5 | F51: =E51*1.21 -> 163784.99
A52: HONDA CBX 250 TWISTER CARENERA | B52: V-00106-0 | D52: QUILLA CBX 250 Negra | E52: =+VLOOKUP(B52,'LISTA NACIONAL'!A:B,2,0) -> 171355.14 | F52: =E52*1.21 -> 207339.72
B53: V-00106-1 | D53: QUILLA CBX 250 Roja | E53: =+VLOOKUP(B53,'LISTA NACIONAL'!A:B,2,0) -> 171355.14 | F53: =E53*1.21 -> 207339.72
B54: V-00106-2 | D54: QUILLA CBX 250 Azul | E54: =+VLOOKUP(B54,'LISTA NACIONAL'!A:B,2,0) -> 171355.14 | F54: =E54*1.21 -> 207339.72
B55: V-00106-3 | D55: QUILLA CBX 250 Gris | E55: =+VLOOKUP(B55,'LISTA NACIONAL'!A:B,2,0) -> 171355.14 | F55: =E55*1.21 -> 207339.72
B56: V-00106-4 | D56: QUILLA CBX 250 Blanca | E56: =+VLOOKUP(B56,'LISTA NACIONAL'!A:B,2,0) -> 171355.14 | F56: =E56*1.21 -> 207339.72
B57: V-00106-5 | D57: QUILLA CBX 250 Azul/ Blanca | E57: =+VLOOKUP(B57,'LISTA NACIONAL'!A:B,2,0) -> 171355.14 | F57: =E57*1.21 -> 207339.72
A58: HONDA CB 250 2018 | B58: V-00107-0 | D58: QUILLA CB 250 Negra / Roja | E58: =+VLOOKUP(B58,'LISTA NACIONAL'!A:B,2,0) -> 135359.48 | F58: =E58*1.21 -> 163784.97
B59: V-00107-1 | D59: QUILLA CB 250 Roja / Blanca | E59: =+VLOOKUP(B59,'LISTA NACIONAL'!A:B,2,0) -> 135359.5 | F59: =E59*1.21 -> 163784.99
B60: V-00107-4 | D60: QUILLA CB 250 Blanca / Negra | E60: =+VLOOKUP(B60,'LISTA NACIONAL'!A:B,2,0) -> 135359.5 | F60: =E60*1.21 -> 163784.99
B61: V-00107-5 | D61: QUILLA CB 250 Naranja / Blanco | E61: =+VLOOKUP(B61,'LISTA NACIONAL'!A:B,2,0) -> 135359.5 | F61: =E61*1.21 -> 163784.99
A62: HONDA INVICTA CB 150 | B62: V-00102-0 | D62: QUILLA INVICTA Negra | E62: =+VLOOKUP(B62,'LISTA NACIONAL'!A:B,2,0) -> 135359.5 | F62: =E62*1.21 -> 163784.99
B63: V-00102-1 | D63: QUILLA INVICTA Roja | E63: =+VLOOKUP(B63,'LISTA NACIONAL'!A:B,2,0) -> 135359.5 | F63: =E63*1.21 -> 163784.99
B64: V-00102-2 | D64: QUILLA INVICTA Azul | E64: =+VLOOKUP(B64,'LISTA NACIONAL'!A:B,2,0) -> 135359.5 | F64: =E64*1.21 -> 163784.99
A65: HONDA CB 190 | B65: V-00109-0 | D65: QUILLA CB 190 Negra | E65: =+VLOOKUP(B65,'LISTA NACIONAL'!A:B,2,0) -> 135359.5 | F65: =E65*1.21 -> 163784.99
B66: V-00109-1 | D66: QUILLA CB 190 Roja | E66: =+VLOOKUP(B66,'LISTA NACIONAL'!A:B,2,0) -> 135359.5 | F66: =E66*1.21 -> 163784.99
B67: V-00109-5 | D67: QUILLA CB 190 BLANCA Y NARANJA | E67: =+VLOOKUP(B67,'LISTA NACIONAL'!A:B,2,0) -> 146772.68 | F67: =E67*1.21 -> 177594.94
A68: YAMAHA YBR 125 | B68: V-00110-0 | D68: QUILLA YBR 125 Negra | E68: =+VLOOKUP(B68,'LISTA NACIONAL'!A:B,2,0) -> 88488.747 | F68: =E68*1.21 -> 107071.38
B69: V-00110-1 | D69: QUILLA YBR 125 Roja | E69: =+VLOOKUP(B69,'LISTA NACIONAL'!A:B,2,0) -> 88488.747 | F69: =E69*1.21 -> 107071.38
B70: V-00110-2 | D70: QUILLA YBR 125 Azul | E70: =+VLOOKUP(B70,'LISTA NACIONAL'!A:B,2,0) -> 88488.747 | F70: =E70*1.21 -> 107071.38
B71: V-00110-3 | D71: QUILLA YBR 125 Gris | E71: =+VLOOKUP(B71,'LISTA NACIONAL'!A:B,2,0) -> 88488.747 | F71: =E71*1.21 -> 107071.38
B72: V-00110-4 | D72: QUILLA YBR 125 Blanca | E72: =+VLOOKUP(B72,'LISTA NACIONAL'!A:B,2,0) -> 88488.747 | F72: =E72*1.21 -> 107071.38
B73: V-00110-6 | D73: QUILLA YBR 125 Celeste | E73: =+VLOOKUP(B73,'LISTA NACIONAL'!A:B,2,0) -> 88488.747 | F73: =E73*1.21 -> 107071.38
B74: V-00110-7 | D74: QUILLA YBR 125 Bordo | E74: =+VLOOKUP(B74,'LISTA NACIONAL'!A:B,2,0) -> 88488.747 | F74: =E74*1.21 -> 107071.38
B75: V-00110-8 | D75: QUILLA YBR 125 Gris Oscuro New | E75: =+VLOOKUP(B75,'LISTA NACIONAL'!A:B,2,0) -> 88488.747 | F75: =E75*1.21 -> 107071.38
A76: YAMAHA YBR 125 CARENERA | B76: V-00111-0 | D76: QUILLA YBR 125 CARENERA Negra | E76: =+VLOOKUP(B76,'LISTA NACIONAL'!A:B,2,0) -> 135359.5 | F76: =E76*1.21 -> 163784.99
B77: V-00111-1 | D77: QUILLA YBR 125 CARENERA Roja | E77: =+VLOOKUP(B77,'LISTA NACIONAL'!A:B,2,0) -> 135359.5 | F77: =E77*1.21 -> 163784.99
B78: V-00111-4 | D78: QUILLA YBR 125 CARENERA Blanca | E78: =+VLOOKUP(B78,'LISTA NACIONAL'!A:B,2,0) -> 135359.5 | F78: =E78*1.21 -> 163784.99
B79: V-00111-6 | D79: QUILLA YBR 125 CARENERA Celeste | E79: =+VLOOKUP(B79,'LISTA NACIONAL'!A:B,2,0) -> 135359.5 | F79: =E79*1.21 -> 163784.99
B80: V-00111-8 | D80: QUILLA YBR 125 CARENERA Gris noche | E80: =+VLOOKUP(B80,'LISTA NACIONAL'!A:B,2,0) -> 135359.5 | F80: =E80*1.21 -> 163784.99
A81: YAMAHA FZ 16 | B81: V-00120-0 | D81: QUILLA FZ 16 Negra | E81: =+VLOOKUP(B81,'LISTA NACIONAL'!A:B,2,0) -> 98604.841 | F81: =E81*1.21 -> 119311.86
B82: V-00120-1 | D82: QUILLA FZ 16 Bordo | E82: =+VLOOKUP(B82,'LISTA NACIONAL'!A:B,2,0) -> 98604.841 | F82: =E82*1.21 -> 119311.86
B83: V-00120-2 | D83: QUILLA FZ 16 Azul | E83: =+VLOOKUP(B83,'LISTA NACIONAL'!A:B,2,0) -> 98604.841 | F83: =E83*1.21 -> 119311.86
B84: V-00120-4 | D84: QUILLA FZ 16 Blanca | E84: =+VLOOKUP(B84,'LISTA NACIONAL'!A:B,2,0) -> 98604.841 | F84: =E84*1.21 -> 119311.86
B85: V-00120-5 | D85: QUILLA FZ 16 Naranja | E85: =+VLOOKUP(B85,'LISTA NACIONAL'!A:B,2,0) -> 98604.841 | F85: =E85*1.21 -> 119311.86
B86: V-00120-6 | D86: QUILLA FZ 16 Celeste | E86: =+VLOOKUP(B86,'LISTA NACIONAL'!A:B,2,0) -> 98604.841 | F86: =E86*1.21 -> 119311.86
A87: YAMAHA FZ 16 CARENERA | B87: V-00121-0 | D87: QUILLA FZ 16 CARENERA Negra | E87: =+VLOOKUP(B87,'LISTA NACIONAL'!A:B,2,0) -> 135359.5 | F87: =E87*1.21 -> 163784.99
B88: V-00121-1 | D88: QUILLA FZ 16 CARENERA Bordo | E88: =+VLOOKUP(B88,'LISTA NACIONAL'!A:B,2,0) -> 135359.5 | F88: =E88*1.21 -> 163784.99
B89: V-00121-2 | D89: QUILLA FZ 16 CARENERA Azul | E89: =+VLOOKUP(B89,'LISTA NACIONAL'!A:B,2,0) -> 135359.5 | F89: =E89*1.21 -> 163784.99
B90: V-00121-4 | D90: QUILLA FZ 16 CARENERA Blanca | E90: =+VLOOKUP(B90,'LISTA NACIONAL'!A:B,2,0) -> 135359.5 | F90: =E90*1.21 -> 163784.99
B91: V-00121-5 | D91: QUILLA FZ 16 CARENERA Naranja | E91: =+VLOOKUP(B91,'LISTA NACIONAL'!A:B,2,0) -> 135359.5 | F91: =E91*1.21 -> 163784.99
B92: V-00121-6 | D92: QUILLA FZ 16 CARENERA Celeste | E92: =+VLOOKUP(B92,'LISTA NACIONAL'!A:B,2,0) -> 135359.5 | F92: =E92*1.21 -> 163784.99
A93: YAMAHA FZS 2.0 CARENERA 2015 | B93: V-00122-0 | D93: QUILLA FZS 2.0 CARENERA Negra | E93: =+VLOOKUP(B93,'LISTA NACIONAL'!A:B,2,0) -> 172782.6 | F93: =+E93*1.21 -> 209066.95
B94: V-00122-1 | D94: QUILLA FZS 2.0 CARENERA Bordo | E94: =+VLOOKUP(B94,'LISTA NACIONAL'!A:B,2,0) -> 172782.6 | F94: =+E94*1.21 -> 209066.95
B95: V-00122-4 | D95: QUILLA FZS 2.0 CARENERA Blanca | E95: =+VLOOKUP(B95,'LISTA NACIONAL'!A:B,2,0) -> 172782.6 | F95: =+E95*1.21 -> 209066.95
B96: V-00122-5 | D96: QUILLA FZS 2.0 CARENERA Naranja | E96: =+VLOOKUP(B96,'LISTA NACIONAL'!A:B,2,0) -> 172782.6 | F96: =+E96*1.21 -> 209066.95
B97: V-00122-7 | D97: QUILLA FZS 2.0 CARENERA Satinado Gris | E97: =+VLOOKUP(B97,'LISTA NACIONAL'!A:B,2,0) -> 172782.6 | F97: =+E97*1.21 -> 209066.95
B98: V-00122-8 | D98: QUILLA FZS 2.0 CARENERA Satinado | E98: =+VLOOKUP(B98,'LISTA NACIONAL'!A:B,2,0) -> 172782.6 | F98: =+E98*1.21 -> 209066.95
B99: V-00122-9 | D99: QUILLA FZS 2.0 CARENERA Verde | E99: =+VLOOKUP(B99,'LISTA NACIONAL'!A:B,2,0) -> 172782.6 | F99: =+E99*1.21 -> 209066.95
A100: YAMAHA YBR 250 | B100: V-00115-0 | D100: QUILLA YBR 250 Negra | E100: =+VLOOKUP(B100,'LISTA NACIONAL'!A:B,2,0) -> 135359.5 | F100: =E100*1.21 -> 163784.99
B101: V-00115-1 | D101: QUILLA YBR 250 Roja | E101: =+VLOOKUP(B101,'LISTA NACIONAL'!A:B,2,0) -> 135359.5 | F101: =E101*1.21 -> 163784.99
B102: V-00115-2 | D102: QUILLA YBR 250 Azul | E102: =+VLOOKUP(B102,'LISTA NACIONAL'!A:B,2,0) -> 135359.5 | F102: =E102*1.21 -> 163784.99
B103: V-00115-3 | D103: QUILLA YBR 250 Gris | E103: =+VLOOKUP(B103,'LISTA NACIONAL'!A:B,2,0) -> 135359.5 | F103: =E103*1.21 -> 163784.99
B104: V-00115-4 | D104: QUILLA YBR 250 Blanca | E104: =+VLOOKUP(B104,'LISTA NACIONAL'!A:B,2,0) -> 135359.5 | F104: =E104*1.21 -> 163784.99
A105: YAMAHA FZ 25 | B105: V-00123-0 | D105: QUILLA FZ 25 Negra | E105: =+VLOOKUP(B105,'LISTA NACIONAL'!A:B,2,0) -> 172782.6 | F105: =E105*1.21 -> 209066.95
B106: V-00123-4 | D106: QUILLA FZ 25 Blanca | E106: =+VLOOKUP(B106,'LISTA NACIONAL'!A:B,2,0) -> 172782.6 | F106: =E106*1.21 -> 209066.95
B107: V-00123-8 | D107: QUILLA FZ 25 Negra Satinada | E107: =+VLOOKUP(B107,'LISTA NACIONAL'!A:B,2,0) -> 172782.6 | F107: =E107*1.21 -> 209066.95
...

Sheet POSAPIE- GOMAS
A4: PEDALINES DELANTEROS
A5: CODIGO | B5: PEDIDO | C5: DESCRIPCION | E5: PRECIO S/ IVA | F5: PRECIO C/ IVA
A6: K-S0450-0 | C6: JGO. POSAPIE DELANTERO SMASH- TIPO ORIGINAL | E6: =+VLOOKUP(A6,'LISTA NACIONAL'!A:B,2,0) -> 6973.345 | F6: =+E6*1.21 -> 8437.7475 | H6: PEDIDO
A7: K-S0451-0 | C7: JGO. POSAPIE DELANTERO GILERA SMASH / TRIP (Redondo) | E7: =+VLOOKUP(A7,'LISTA NACIONAL'!A:B,2,0) -> 1674 | F7: =+E7*1.21 -> 2025.54
A8: K-S0452-0 | C8: JGO. POSAPIE DELANTERO GILETA SMASH / TRIP (Tipo T) | E8: =+VLOOKUP(A8,'LISTA NACIONAL'!A:B,2,0) -> 1485 | F8: =+E8*1.21 -> 1796.85
A9: K-S0453-0 | C9: JGO. POSAPIE DELANTERO HONDA BIZ | E9: =+VLOOKUP(A9,'LISTA NACIONAL'!A:B,2,0) -> 4294.145 | F9: =+E9*1.21 -> 5195.9155
A10: K-S0454-0 | C10: JGO. POSAPIE DELANTERO HONDA WAVE M/N | E10: =+VLOOKUP(A10,'LISTA NACIONAL'!A:B,2,0) -> 1908 | F10: =+E10*1.21 -> 2308.68
A11: K-S0455-0 | C11: JGO.POSAPIE DELANTERO HONDA BIZ / WAVE TIPO ORIGINAL | E11: =+VLOOKUP(A11,'LISTA NACIONAL'!A:B,2,0) -> 4294.145 | F11: =+E11*1.21 -> 5195.9155
A12: K-S0456-0 | C12: JGO.POSAPIE DELANTERO YAMAHA CRYPTON | E12: =+VLOOKUP(A12,'LISTA NACIONAL'!A:B,2,0) -> 2257.2 | F12: =+E12*1.21 -> 2731.212
A13: K-S0458-0 | C13: JGO.POSAPIE DELANTERO YAMAHA NEW CRYPTON | E13: =+VLOOKUP(A13,'LISTA NACIONAL'!A:B,2,0) -> 2970 | F13: =+E13*1.21 -> 3593.7
A14: K-S0460-0 | C14: JGO. PEDALIN DEL. STORM 125 | E14: =+VLOOKUP(A14,'LISTA NACIONAL'!A:B,2,0) -> 4936.881 | F14: =+E14*1.21 -> 5973.626
A15: K-S0461-0 | C15: JGO. PEDALIN DEL. YAMAHA YBR 125 | E15: =+VLOOKUP(A15,'LISTA NACIONAL'!A:B,2,0) -> 1810 | F15: =+E15*1.21 -> 2190.1
A16: K-S0462-0 | C16: JGO. PEDALIN DEL. SUZUKI AX 100 | E16: =+VLOOKUP(A16,'LISTA NACIONAL'!A:B,2,0) -> 4151.808 | F16: =+E16*1.21 -> 5023.6877
C17: POSAPIE TRASERO
A18: K-S0415-0 | C18: JGO. POSAPIE TRASERO UNIVERSAL | E18: =+VLOOKUP(A18,'LISTA NACIONAL'!A:B,2,0) -> 7564.596 | F18: =+E18*1.21 -> 9153.1612
A19: K-S0416-0 | C19: JGO. POSAPIE TRASERO CRUZADO | E19: =+VLOOKUP(A19,'LISTA NACIONAL'!A:B,2,0) -> 8380.508 | F19: =+E19*1.21 -> 10140.415
A20: K-S0417-0 | C20: JGO. POSAPIE TRASERO VECTRA /VS | E20: =+VLOOKUP(A20,'LISTA NACIONAL'!A:B,2,0) -> 8228.136 | F20: =+E20*1.21 -> 9956.0446
A21: K-S0420-0 | C21: JGO. POSAPIE TRASERO STORM / VS | E21: =+VLOOKUP(A21,'LISTA NACIONAL'!A:B,2,0) -> 10312.788 | F21: =+E21*1.21 -> 12478.473
A22: K-S0457-0 | C22: JGO POSAPIE TRASERO TORNADO | E22: =+VLOOKUP(A22,'LISTA NACIONAL'!A:B,2,0) -> 10598.304 | F22: =+E22*1.21 -> 12823.948
A23: K-S0459-0 | C23: JGO POSAPIE TRASERO YAMAHA FZ 16 | E23: =+VLOOKUP(A23,'LISTA NACIONAL'!A:B,2,0) -> 8036.496 | F23: =+E23*1.21 -> 9724.1602
C24: PROMO
A25: K-S0451-1 | C25: JGO. POSAPUIE DELANTERO 110 VS RED x 10 UNID | E25: =+VLOOKUP(A25,'LISTA NACIONAL'!A:B,2,0) -> 15314 | F25: =+E25 -> 15314
A26: K-S0452-1 | C26: JGO. POSAPIE DELANTERO 110 VS "T" x 10 UNID. | E26: =+VLOOKUP(A26,'LISTA NACIONAL'!A:B,2,0) -> 13750 | F26: =+E26 -> 13750
C27: ARCO POSAPIE
A28: K-00121-0 | C28: ARCO POSAPIE COMPLETO NACIONAL | E28: =+VLOOKUP(A28,'LISTA NACIONAL'!A:B,2,0) -> 17635.8 | F28: =+E28*1.21 -> 21339.318
A29: K-00122-0 | C29: ARCO POSAPIE CG COMPLETO NACIONAL | E29: =+VLOOKUP(A29,'LISTA NACIONAL'!A:B,2,0) -> 17635.8 | F29: =+E29*1.21 -> 21339.318
C30: PUÑO TIPO ORIGINAL
A31: K-00130-0 | C31: JGO. PUÑO TIPO ORIGINAL 110cc | E31: =+VLOOKUP(A31,'LISTA NACIONAL'!A:B,2,0) -> 1485 | F31: =+E31 -> 1485
A32: K-00130-1 | C32: JGO. PUÑO TIPO ORIGINAL 110cc COLORES ROJO AZUL | E32: =+VLOOKUP(A32,'LISTA NACIONAL'!A:B,2,0) -> 1892.8 | F32: =+E32 -> 1892.8
A33: K-00130-4 | C33: JGO. PUÑO TIPO ORIGINAL 110cc COLORES (VERDE, ROSA, AMARILLO, VIOLETA) | E33: =+VLOOKUP(A33,'LISTA NACIONAL'!A:B,2,0) -> 2154.88 | F33: =+E33 -> 2154.88
C34: GOMAS VARIAS
A35: K-S0025-0 | C35: TAPON ESTIRA CADENA DISTR. C 90 | E35: =+VLOOKUP(A35,'LISTA NACIONAL'!A:B,2,0) -> 64.015 | F35: =+E35*1.21 -> 77.45815
A36: K-S2186-0 | C36: ACOPLE CARBURADOR A FILTRO WAVE / SMASH / TRIP | E36: =+VLOOKUP(A36,'LISTA NACIONAL'!A:B,2,0) -> 5812.198 | F36: =+E36*1.21 -> 7032.7596
A37: K-S2186-1 | C37: ACOPLE CARBURADOR A FILTRO SMASH | E37: =+VLOOKUP(A37,'LISTA NACIONAL'!A:B,2,0) -> 1218 | F37: =+E37*1.21 -> 1473.78
A38: K-S9166-0 | C38: ARAND.GOMA TORNILLO CACHAS 110 | E38: =+VLOOKUP(A38,'LISTA NACIONAL'!A:B,2,0) -> 57.853 | F38: =+E38*1.21 -> 70.00213
A39: K-S0577-0 | C39: JGO TACO MAZA YAMAHA CRYPTON / YBR 125 | E39: =+VLOOKUP(A39,'LISTA NACIONAL'!A:B,2,0) -> 1417.5 | F39: =+E39*1.21 -> 1715.175
A40: K-S0865-0 | C40: JGO TOPE MAZA SMASH | E40: =+VLOOKUP(A40,'LISTA NACIONAL'!A:B,2,0) -> 840 | F40: =+E40*1.21 -> 1016.4
A41: K-S2234-0 | C41: JGO TOPE MAZA HONDA WAVE | E41: =+VLOOKUP(A41,'LISTA NACIONAL'!A:B,2,0) -> 936 | F41: =+E41*1.21 -> 1132.56
A42: K-S0445-0 | C42: JGO TOPE MAZA SKUA 150 / CHINAS VS | E42: =+VLOOKUP(A42,'LISTA NACIONAL'!A:B,2,0) -> 1620 | F42: =+E42*1.21 -> 1960.2
A43: K-S3283-0 | C43: JGO. TOPE MAZA HONDA BIZ 125 ¡NUEVO! | E43: =+VLOOKUP(A43,'LISTA NACIONAL'!A:B,2,0) -> 1755 | F43: =+E43*1.21 -> 2123.55
A44: K-S3107-0 | C44: JGO. TOPE MAZA HONDA CG 150 ¡NUEVO! | E44: =+VLOOKUP(A44,'LISTA NACIONAL'!A:B,2,0) -> 1755 | F44: =+E44*1.21 -> 2123.55
A45: K-S2211-0 | C45: GOMA PATADA ARRANQUE 110 Vs | E45: =+VLOOKUP(A45,'LISTA NACIONAL'!A:B,2,0) -> 773.366 | F45: =+E45*1.21 -> 935.77286
A46: K-S3561-0 | C46: GOMA AMORTIGUADOR 110 VS | E46: =+VLOOKUP(A46,'LISTA NACIONAL'!A:B,2,0) -> 458.687 | F46: =+E46*1.21 -> 555.01127
... A48: K-S9143-0 | C48: KIT ORING TAPA CILINDRO (3PZAS) ¡NUEVO! MINIMO 10 JGOS | E48: =+VLOOKUP(A48,'LISTA NACIONAL'!A:B,2,0) -> 61.906 | F48: =+E48*1.21 -> 74.90626

Sheet PROMOCION
A7: GOMA POSAPIE
A8: CODIGO | B8: PEDIDOS | C8: DESCRIPCION | D8: PRECIO S/IVA
A9: B-02433-P | C9: RESORTE MULETA BLISTER X 50 | D9: =+VLOOKUP(A9,'PEDIDO-LISTAS COMPLETAS '!A:C,3,0) -> 45144
A10: B-02434-P | C10: RESORTE PEDAL DE FRENO CORTO X 100unidades | D10: =+VLOOKUP(A10,'PEDIDO-LISTAS COMPLETAS '!A:C,3,0) -> 55809.6
A11: B-02435-P | C11: RESORTE PEDAL DE FRENO LARGO X 100unidades | D11: =+VLOOKUP(A11,'PEDIDO-LISTAS COMPLETAS '!A:C,3,0) -> 62040
A12: K-S0865-1 | C12: JUEGO GOMA MAZA SMASH X 50 unidades | D12: =+VLOOKUP(A12,'PEDIDO-LISTAS COMPLETAS '!A:C,3,0) -> 38500
A13: K-S2186-1 | C13: ACOPLE CARBURADOR A FILTRO 110 GOMA X 10 unidades | D13: =+VLOOKUP(A13,'PEDIDO-LISTAS COMPLETAS '!A:C,3,0)*10 -> 12180
A15: S-T0215-0 | C15: BOBINA DE LUZ ZLLA.GAR.-12.35W | D15: =+VLOOKUP(A15,'PEDIDO-LISTAS COMPLETAS '!A:C,3,0) -> #N/A
A16: S-T0221-0 | C16: BOBINA DE LUZ DAX70/90 MOD92 VOL . | D16: =+VLOOKUP(A16,'PEDIDO-LISTAS COMPLETAS '!A:C,3,0) -> #N/A
A17: S-T0224-0 | C17: BOBINA DE LUZ MAGIC G70/50 VOL. EL | D17: =+VLOOKUP(A17,'PEDIDO-LISTAS COMPLETAS '!A:C,3,0) -> #N/A
A18: S-T0226-0 | C18: BOBINA DE LUZ C-90 VOL.A PLATINO | D18: =+VLOOKUP(A18,'PEDIDO-LISTAS COMPLETAS '!A:C,3,0) -> #N/A
A19: S-T0230-0 | C19: BOBINA DE LUZ C110/BIT110 VOL.ELEC | D19: =+VLOOKUP(A19,'PEDIDO-LISTAS COMPLETAS '!A:C,3,0) -> #N/A
A20: S-T0241-0 | C20: BOBINA DE LUZ H.BIZ VOL. ELEC | D20: =+VLOOKUP(A20,'PEDIDO-LISTAS COMPLETAS '!A:C,3,0) -> #N/A
A21: S-T0252-0 | C21: BOBINA DE LUZ APPIA CITIPLUS Vol.E | D21: =+VLOOKUP(A21,'PEDIDO-LISTAS COMPLETAS '!A:C,3,0) -> #N/A
A22: S-T0254-0 | C22: BOBINA DE LUZ APPIA VECTRA Vol.Ele | D22: =+VLOOKUP(A22,'PEDIDO-LISTAS COMPLETAS '!A:C,3,0) -> #N/A
A23: S-T0255-0 | C23: BOBINA DE LUZ GIL. SMASH Enc. Bate | D23: =+VLOOKUP(A23,'PEDIDO-LISTAS COMPLETAS '!A:C,3,0) -> #N/A
A24: S-T0313-0 | C24: BOBINA ALIMENT. GAR-ZLLA SIN SENSOR | D24: =+VLOOKUP(A24,'PEDIDO-LISTAS COMPLETAS '!A:C,3,0) -> #N/A
A25: S-T0320-0 | C25: BOBINA ALIMENT. DAX 70/90 MOD.92 VO | D25: =+VLOOKUP(A25,'PEDIDO-LISTAS COMPLETAS '!A:C,3,0) -> #N/A
A26: S-T0323-0 | C26: BOBINA ALIMENT. MAGIC70/50 VOL. ELE | D26: =+VLOOKUP(A26,'PEDIDO-LISTAS COMPLETAS '!A:C,3,0) -> #N/A
... A106: S-T0887-0 | C106: REGULADOR Y. CRYPTON 105CC | D106: =+VLOOKUP(A106,'PEDIDO-LISTAS COMPLETAS '!A:C,3,0) -> #N/A

Sheet LISTA NACIONAL
A1: COD. ARTI | B1: PRECIO | C1: DESCRIPCION
A2: B-00001-0 | B2: 130.276 | C2: TORNILLO 5x10
A3: B-00002-0 | B3: 161.832 | C3: TORNILLO 5x15 | G3: lista ero en pesos
A4: B-00003-0 | B4: 179.308 | C4: TORNILLO 5X20
A5: B-00004-0 | B5: 196.592 | C5: TORNILLO 5X25
A6: B-00005-0 | B6: 214.16 | C6: TORNILLO 5X30
A7: B-00006-0 | B7: 242.249 | C7: TORNILLO 5X35 *
A8: B-00007-0 | B8: 288.001 | C8: TORNILLO 5X40
A9: B-00008-0 | B9: 421.42 | C9: TORNILLO 5X45
A10: B-00009-0 | B10: 347.582 | C10: TORNILLO 5X50
A11: B-00010-0 | B11: 740.875 | C11: TORNILLO 5X55 *
A12: B-00011-0 | B12: 832.296 | C12: TORNILLO 5X60 *
A13: B-00012-0 | B13: 884.838 | C13: TORNILLO 5X65 *
A14: B-00013-0 | B14: 154.897 | C14: BULON ENGRANAJE ARBOL DE LEVAS 110 VS *
A15: B-00014-0 | B15: 186.154 | C15: BULON 5X15 *
... A90: B-00095-0 | B90: 315.924 | C90: BULON 8x15 *
A91: B-00095-1 | B91: 323.494
A92: B-00096-0 | B92: 157.505 | C92: BULON POSAPIE 8x20 *
A93: B-00096-1 | B93: 365.948
A94: B-00097-0 | B94: 153.01 | C94: BULON 8x25 SOPORTE MANUBRIO 110 *
A95: B-00098-0 | B95: 194.179 | C95: BULON 8x30 *
A96: B-00099-0 | B96: 212.444 | C96: BULON 8x35 PORTACORONA *
A97: B-00099-1 | B97: 1504.729 | C97: KIT SEGURO Y BULON CORONA 110 *
A98: B-00099-2 | B98: 1902.45 | C98: KIT SEGURO - BULON - TUERCA CORONA YAMAHA YBR 125/ HONDA STORM *
A99: B-00099-3 | B99: 1970 | C99: KIT SEGURO - BULON - TUERCA CORONA 110 *
A100: B-00099-4 | B100: 1716 | C100: KIT BULON CORONA MOTOMEL SKUA / SERIE 2 / CHINAS VS *
A101: B-00100-0 | B101: 347.95 | C101: BULON 8x40 *
A102: B-00100-1 | B102: 2782.46 | C102: KIT BULON 8x40 + SEGURO CORONA *
A103: B-00101-0 | B103: 581.559 | C103: BULON 8x45 *
A104: B-00102-0 | B104: 420.992 | C104: BULON 8x50 *
A105: B-00103-0 | B105: 683.696 | C105: BULON 8x55 *
... A205: B-00209-0 | B205: 123 | C205: TUERCA DOBLE 7X100*
A206: B-00209-1 | B206: 347.215
A207: B-00210-0 | B207: 132 | C207: TUERCAS DOBLE 8X1,25 *
A208: B-00210-1 | B208: 429.605
A209: B-00211-0 | B209: 1338.13 | C209: TUERCA DOBLE 9X1,25*
A210: B-00212-0 | B210: 1173.062 | C210: TUERCA CIEGA LLANTA SIAM 8X1,25 *
A211: B-00213-0 | B211: 1383.641 | C211: TUERCA VOLANTE GARELLI 9x100 Ø 12*
A212: B-00214-0 | B212: 1338.13 | C212: TUERCA 8X100 *
A213: B-00215-0 | B213: 4515.843 | C213: TUERCAS ENTRE DOS ROSCADO PUMA *
A214: B-00216-0 | B214: 2672.308 | C214: TUERCA RUEDA VESPA 8X1.25 *
A215: B-00217-0 | B215: 2788.337 | C215: TUERCA RUEDA ISO 150 8X1,25 *
A216: B-00218-0 | B216: 1355.31 | C216: TUERCA 10X100 DERECHA *
A217: B-00219-0 | B217: 790.134 | C217: TUERCA 10X100 IZQUIERDA
A218: B-00220-0 | B218: 217.509 | C218: TUERCA 10X1,5 AMORTIGUADOR CICLOMOTOR *
A219: B-00221-0 | B219: 2082.156 | C219: TUERCA VOLANTE PUMA 2DA 10X100 *
A220: B-00222-0 | B220: 2549.516 | C220: TUERCA VOLANTE SIAM 125/150 *
... A499: B-00496-0 | B499: 5605.981 | C499: EJE DELANTERO ZANELLA DUE *
A500: B-00496-1 | B500: 6088.181
A501: B-00497-0 | B501: 3337.431 | C501: EJE TRASERO ZANELLA DUE *
A502: B-00497-1 | B502: 4953.188
A503: B-00498-0 | B503: 5030.801 | C503: EJE DELANTERO JUKI 50 C.C (10x150) *
A504: B-00499-0 | B504: 5656.844 | C504: EJE TRASERO JUKI 50 C.C (10x170) *
A505: B-00500-0 | B505: 2597.928 | C505: EJE DELANTERO PUMITA (10x145) *
A506: B-00501-0 | B506: 4494.811 | C506: EJE TRASERO PUMITA (10x190) *
A507: B-00502-0 | B507: 1690.047 | C507: TAPON BARRAL ZANELLA DUE (12X1.25X30) *
A508: B-00503-0 | B508: 437.88 | C508: ESPARRAGO ESCAPE PUMITA (A:5 R:0.80 L:33) *
A509: B-00504-0 | B509: 766.609 | C509: ESPARRAGO CARBURADOR PUMITA (6X100X34) *
A510: B-00505-0 | B510: 719.925 | C510: ESPARRAGO ESCAPE ZANELLA 50 (A:6 L:23) *
A511: B-00506-0 | B511: 1847.632 | C511: REGISTRO FRENO Y EMBRAGUE 8X1,25 *
A512: B-00506-1 | B512: 3901.429 | C512: REGISTRO DE FRENO Y EMBRAGUE N.T.
A513: B-00508-0 | B513: 2028.951 | C513: TUERCA EJE RUEDA ALTA CICLOMOTOR (11X100) *
A514: B-00508-1 | B514: 1624.525 | C514: TUERCA EJE JUKI DRIBLING (11X1,25)*
... A747: B-00744-0 | B747: 886.873 | C747: TORNILLO FIJACION OPTICA *
A748: B-00744-1 | B748: 1347.595
A749: B-00745-0 | B749: 271.561 | C749: TUERCA VOLANTE GILERA SMASH CON ARANDELA 10X1,25 *
A750: B-00747-0 | B750: 986.071 | C750: BULON TAPA CILINDRO DAELIM *
A751: B-00748-0 | B751: 2308.395 | C751: BULON DESCARGA ACEITE CONICO Ø12/12.5 (TIPO MACHO) CON ARANDELA *
A752: B-00748-1 | B752: 2118.388 | C752: BULON DESCARGA ACEITE CONICO SUPER MEDIDA Ø12/13 (TIPO MACHO) CON ARANDELA *
A753: B-00749-0 | B753: 20028.604 | C753: PERNO HORADADO DAELIM CITY PLUS *
A754: B-00750-0 | B754: 435.454 | C754: TORNILLO PEDANA ZANELLA SOL *
A755: B-00751-0 | B755: 8012.312 | C755: PERNO HORADADO YAMAHA CRYPTON *
A756: B-00752-0 | B756: 2462.106 | C756: TUERCA EMBRAGUE GARELLI BIMATIC *
A757: B-00753-0 | B757: 1557.171 | C757: TAPON DESCARGA ACEITE HONDA C-90 *
A758: B-00753-1 | B758: 1716.066 | C758: TAPÓN DESCARGA ACEITE 110cc SUPER MEDIDA (14x1,5) *
A759: B-00753-2 | B759: 275.188 | C759: ARANDELA TAPON DESCARGA DE ALUMINIO Ø12*
A760: B-00753-3 | B760: 314.199 | C760: ARANDELA TAPON DESCARGA DE ALUMINIO Ø14*
... A838: B-00813-0 | B838: 1598.645 | C838: TORNILLO FIJACION CUBRE TABLERO HONDA WAVE *
A839: B-00814-0 | B839: 46.353
A840: B-00815-0 | B840: 1360.649 | C840: REGISTRO VALVULA GILERA SMASH 110/ HONDA C.90 (5mm)
A841: B-00816-0 | B841: 1482.491 | C841: REGISTRO VALVULA HONDA CG 125/ CG 150 6mm *
A842: B-00817-0 | B842: 2180.09 | C842: REGISTRO VALVULA HONDA XR 250 7mm *
A843: B-00818-0 | B843: 2837.239 | C843: TUERCA PERNO HORADADO HONDA XR.100 *
A844: B-00819-0 | B844: 4743.847 | C844: TUERCA PIÑON MOTOMEL RD 175 *
A845: B-00820-0 | B845: 1430.055 | C845: BULON SOPORTE MOTOR INFERIOR HONDA C-90 *
A846: B-00821-0 | B846: 4958.032 | C846: BULON SOPORTE MOTOR SUPERIOR HONDA C.90 *
A847: B-00822-0 | B847: 3684.289 | C847: SEPARADOR RUEDA DELANTERO MOTOMEL XMM 250
A848: B-00823-0 | B848: 2933.011 | C848: SEPARADOR PORTA CORONA HONDA SMASH (interior 12mm/largo 25,5mm)
A849: B-00824-0 | B849: 391.04 | C849: TUERCA TAPA DE CILINDRO GILERA SMASH *
A850: B-00825-0 | B850: 3111.397 | C850: EJE BOMBA ACEITE HONDA C 90 *
A851: B-00826-0 | B851: 3722.91 | C851: SEPARADOR PORTA CORONA MOTOTMEL SKUA 150 (int.15mm, ext.19,5mm, largo 32mm) *
... A863: B-00835-1 | B863: 1155.34 | C863: TORNILLO CUBREPIERNA BIZ CROMADO
A864: B-00835-2 | B864: 484.149
A865: B-00836-0 | B865: 389.051 | C865: BULON CON ARANDELA 8 X 10 CABEZA DE 10 *
A866: B-00836-1 | B866: 389.051 | C866: BULON CON ARANDELA 8 X 10 CABEZA DE 10 NEGRO *
A867: B-00837-0 | B867: 7660.726 | C867: EJE CABALLETE ZANELLA RX 150*
A868: B-00838-0 | B868: 2785.435 | C868: TUERCA REMACHABLE 6X100
A869: B-00839-0 | B869: 2803.354 | C869: TUERCA REMACHABLE 8X1,25
A870: B-00840-0 | B870: 1411.344 | C870: BULON GUIA CADENA DISTRIBUCION HONDA C-90/DAX/BIT *
A871: B-00841-0 | B871: 3057.912 | C871: TORNILLO DISCO DE FRENO BAJAJ NS 200*
...

Sheet LISTA IMPORTADO
B1: DÓLAR
A2: COD. ARTI | B2: PRECIO | C2: DESCRIPCION
A3: K-C0001-0 | B3: 7.63 | C3: BARRAL SUSPENSION SMASH / 100cc vs RAMVE
A4: K-C0002-0 | B4: 13.343 | C4: BARRAL SUSPENSION HONDA BIZ 125 RAMVEL
A5: K-C0005-0 | B5: 3.14 | C5: LUZ DE TRABAJO MINI LINTERNA PORTATIL
A6: K-C0006-0 | B6: 2.35 | C6: CEPILLO LIMPIA CADENA
A7: K-C0008-0 | B7: 5.86 | C7: CAJA FILTRO DE AIRE SMASH / TRIP
A8: K-C0010-0 | B8: 14.684 | C8: FAROL DELANTERO 6 LED DOBLE
A9: K-C0011-0 | B9: 7.06 | C9: FAROL DELANTERO 6 LED PLANO
A10: K-C0012-0 | B10: 20.16 | C10: LUZ TRASERA LED BICICLETA PROYECTA PISO TIPO ROMBO
A11: K-C0013-0 | B11: 16.24 | C11: LUZ TRASERA LED BICICLETA ROMBO PROYECTA PISO TIPO LINEA
A12: K-C0014-0 | B12: 35.05 | C12: LED OJO ANIMADO
A13: K-C0015-0 | B13: 0.541 | C13: PRECINTO PLASTICO 2.5 x 100 PRENSA CABLE (X 100 unidades)
A14: K-C0016-0 | B14: 1.186 | C14: PRECINTO PLASTICO 3.5 x 150 PRENSA CABLE (x100 unidades)
... A76: K-C0112-0 | B76: 10.15 | C76: OPTICA HONDA BIZ / GUERRERO TRIP
A77: K-C0112-P | B77: 9352
A78: K-C0113-0 | B78: 10.3 | C78: OPTICA DELANTERA HONDA WAVE AFS 110
A79: K-C0114-0 | B79: 13.474 | C79: FARO TRASERO HONDA C-90 LUXE/ GUERRERO MAGIC 70
A80: K-C0115-0 | B80: 7.413 | C80: FARO TRASERO GUERRERO TRIP
A81: K-C0115-1 | B81: 8.94 | C81: FARO TRASERO HONDA BIZ TIPO ORIGINAL
A82: K-C0116-0 | B82: 22.668 | C82: FARO TRASERO GUERRERO 110 DL
A83: K-C0117-0 | B83: 7.1 | C83: FARO TRASERO GILERA SMASH / OTRAS
A84: K-C0117-1 | B84: 7.1 | C84: FARO TRASERO GILERA SMASH TIPO ORIGINAL
A85: K-C0118-0 | B85: 9.89 | C85: FARO TRASERO HONDA STORM / OTRAS
A86: K-C0119-0 | B86: 11.589 | C86: FARO TRASERO HONDA WAVE MODELO NUEVO
A87: K-C0120-0 | B87: 4.166 | C87: PALANCA DE CAMBIO ESTRIA LARGA GILERA SMASH - HONDA WAVE 46mm
A88: K-C0121-1 | B88: 9.421 | C88: ARCO POSAPIE COMPLETO GILERA SMASH/ GUERRERO TRIP
A89: K-C0122-0 | B89: 18.283 | C89: ARCO POSAPIE MOTOMEL S2/ HONDA CG 150 / CHINA VS
... A321: K-C0532-0 | B321: 7.06 | C321: GUIÑO LED TRIANGULO (SET x 2)
A322: K-C0532-3 | B322: 0.307
A323: K-C0533-0 | B323: 26.168 | C323: SET GUIÑO LED REDONDO (4 unid.)
A324: K-C0534-0 | B324: 4.79 | C324: GUIÑO LED UNIVERSAL TRIANGULO (SET x 2)
A325: K-C0535-0 | B325: 5.55 | C325: GUIÑO LED UNIVERSAL FLECHA (SET x 2)
A326: K-C0550-0 | B326: 6.1 | C326: FARO TRASERO ZANELLA RX 150 /HONDA TITAN 2000
A327: K-C0551-0 | B327: 11.813 | C327: FAROL TRASERO YBR 125
A328: K-C0551-1 | B328: 8.603 | C328: FARO TRASERO YAMAHA YBR 125 MODELO NUEVO
A329: K-C0552-0 | B329: 6.74 | C329: FARO TRASERO HONDA BROSS / MOTOMEL SKUA 150
A330: K-C0553-0 | B330: 7.428 | C330: FARO TRASERO HONDA CG 150 LED
A331: K-C0553-1 | B331: 7.428 | C331: FAROL TRASERO CG 150
A332: K-C0554-0 | B332: 11.306 | C332: FARO TRASERO YAMAHA NEW CRYPTON
A333: K-C0556-0 | B333: 17.719 | C333: FAROL TRASERO HONDA WAVE S110
A334: K-C0557-0 | B334: 8.09 | C334: FARO TRASERO HONDA DAX / DEI
... A697: K-CU19300A70 | B697: 28.09 | C697: CUBIERTA ENDURO 90/90 19 6PR BENTON
A698: K-CUPROMO-0 | B698: 23.7
A699: L-C14140-0 | B699: 18.5 | C699: ARO DE LLANTA 14 X 140 DRN
A700: L-C14160-0 | B700: 18.7 | C700: ARO DE LLANTA 14 X 160 DRN
A701: L-C17140-0 | B701: 16.95 | C701: ARO DE LLANTA 17 X 140 DRN
A702: L-C17160-0 | B702: 18.45 | C702: ARO DE LLANTA 17 X 160 DRN
A703: L-C17185-0 | B703: 23.42 | C703: ARO DE LLANTA 17 X 185 DRN
A704: L-C17215-0 | B704: 27.12 | C704: ARO DE LLANTA 17 X 215 DRN
A705: L-C18160-0 | B705: 19.3 | C705: ARO DE LLANTA 18 X 160 DRN
A706: L-C18185-0 | B706: 23.6 | C706: ARO DE LLANTA 18 X 185 DRN
A707: L-C18215-0 | B707: 27.5 | C707: ARO DE LLANTA 18 X 215 DRN
A708: L-C19160-0 | B708: 22.5 | C708: ARO DE LLANTA 19 X 160 DRN
A709: L-C19185-0 | B709: 24.1 | C709: ARO DE LLANTA 19 X 185 DRN
A710: L-C21160-0 | B710: 22.7 | C710: ARO DE LLANTA 21 X 160 DRN
... A835: T-73614-C | B835: 4.8 | C835: CORONA Y PIÑON GILERA SMASH /HONDA WAVE DRN Z36-T14
A836: T-73715-0 | B836: 185.365
A837: T-73715-C | B837: 9.566 | C837: CORONA Y PIÑON YAMAHA CRYPTON Z37 T15
A838: T-73814-0 | B838: 329.532 | C838: CORONA Y PIÑON SMASH/ WAVE Z38 / 14
A839: T-73815-C | B839: 7.112 | C839: CORONA Y PIÑON HONDA CG 125 / ZANELLA RX 150 Z38 T15
A840: T-74014-0 | B840: 272.195 | C840: KIT CORONA/PIÑON STORM BOMBE
A841: T-74014-1 | B841: 242.208 | C841: CORONA Y PIÑON HONDA STORM PLANA Z4
A842: T-74015-0 | B842: 272.195 | C842: KIT CORONA/PIÑON STORM BOMBE
A843: T-74015-1 | B843: 242.208 | C843: CORONA Y PIÑON HONDA STORM PLANA Z4
A844: T-74214-0 | B844: 12.109 | C844: CORONA Y PIÑON AX 100 42T 14
A845: T-74314-0 | B845: 242.208 | C845: CORONA Y PIÑON YAMAHA YBR 125 Z43 T14
A846: T-74314-C | B846: 6.97 | C846: CORONA Y PIÑON YAMAHA YBR 125 Z43 T1 DRN
A847: T-74316-C | B847: 7.64 | C847: CORONA Y PIÑON HONDA CG 150 Z43 T16
A848: T-74414-0 | B848: 12.109 | C848: CORONA Y PIÑON HONDA CG 44 T14
... A853: T-BIZ02-C | B853: 8.386 | C853: CORONA Y PIÑON HONDA BIZ 125
A854: T-BIZ02-P | B854: 19.929
A855: T-C0001-0 | B855: 6.61 | C855: CADENA 415 H 1/2x3/16 102 TEC
A856: T-C0002-0 | B856: 8.325 | C856: CADENA 420 1/2x1/4 112 TEC
A857: T-C0002-C | B857: 5.013 | C857: CADENA TRANSMISION 420 x 112L "ELC"
A858: T-C0005-0 | B858: 6.725 | C858: CADENA 428 1/2x5/16 108 TEC
A859: T-C0005-C | B859: 4.29 | C859: CADENA TRANSMISION 428 x 110L "ELC"
A860: T-C0006-0 | B860: 7.49 | C860: CADENA TRANSMISION 428H x 108 TEC
A861: T-C0006-1 | B861: 8.926 | C861: CADENA TEC 428H 1/2x5/16x110
A862: T-C0006-C | B862: 5.463 | C862: CADENA TRANSMISION 428H x 110L "ELC"
A863: T-C0007-0 | B863: 5.346 | C863: CADENA 428 118 (1/2x5/16) TEC
A864: T-C0007-C | B864: 5.346 | C864: CADENA TRANSMISION 428 x 118L "ELC"
A865: T-C0008-0 | B865: 5.859 | C865: CADENA TRANSMISION 428H x 118L "TEC"
A866: T-C0008-C | B866: 5.859 | C866: CADENA TRANSMISION 428H x 118L "ELC"
... A898: T-SK001-C | B898: 10.221 | C898: CORONA Y PIÑON MOTOMEL SKUA 150 Z46 T17 DRN
